Workbook

Sheet MembrosCPI
A1: MembroCPI_Id | B1: MembroCPI_Nome | C1: MembroCPI_Partido | D1: MembroCPI_UF | E1: MembroCPI_Cargo | F1: PosicaoGoverno | G1: Ideologia
A2: 1 | B2: Omar Aziz | C2: PSD | D2: AM | E2: Presidente | F2: Oposição | G2: Direita
A3: 2 | B3: Randolfe Rodrigues | C3: REDE | D3: AP | E3: Vice-Presidente | F3: Oposição | G3: Esquerda
A4: 3 | B4: Renan Calheiros | C4: MDB | D4: AL | E4: Relator | F4: Oposição | G4: Centro
A5: 4 | B5: Eduardo Braga | C5: MDB | D5: AM | E5: Titular | F5: Oposição | G5: Centro
A6: 5 | B6: Luis Carlos Heinze | C6: PP | D6: RS | E6: Titular | F6: Governo | G6: Direita
A7: 6 | B7: Eduardo Girão | C7: PODEMOS | D7: CE | E7: Titular | F7: Governo | G7: Direita
A8: 7 | B8: Tasso Jereissati | C8: PSDB | D8: CE | E8: Titular | F8: Oposição | G8: Centro
A9: 8 | B9: Otto Alencar | C9: PSD | D9: BA | E9: Titular | F9: Oposição | G9: Direita
A10: 9 | B10: Marcos Rogério | C10: DEM | D10: RO | E10: Titular | F10: Governo | G10: Direita
A11: 10 | B11: Jorginho Mello | C11: PL | D11: SC | E11: Titular | F11: Governo | G11: Direita
A12: 11 | B12: Humberto Costa | C12: PT | D12: PE | E12: Titular | F12: Oposição | G12: Esquerda
A13: 12 | B13: Jader Barbalho | C13: MDB | D13: PA | E13: Suplente | F13: Oposição | G13: Centro
... A19: 18 | B19: Alessandro Vieira | C19: CIDADANIA | D19: SE | E19: Suplente | F19: Oposição | G19: Esquerda

Sheet SessoesCPI
A1: SessaoCPI_Id | B1: SessaoCPI_Numero | C1: SessaoCPI_Sitacao | D1: SessaoCPI_Modalidade | E1: SessaoCPI_Data | F1: SessaoCPI_HoraInicio | G1: SessaoCPI_HoraFim | H1: SessaoCPI_Duracao
A2: 1 | B2: 1 | C2: Realizada | D2: Semipresencial | E2: 44313 | F2: 0.41736111 | G2: 0.59236111 | H2: =G2-F2 -> 0.175
A3: 2 | B3: 2 | C3: Realizada | D3: Semipresencial | E3: 44315 | F3: 0.39375 | G3: 0.48680556 | H3: =G3-F3 -> 0.093055556
A4: 3 | B4: 3 | C4: Realizada | D4: Semipresencial | E4: 44320 | F4: 0.43125 | G4: 0.76805556 | H4: =G4-F4 -> 0.33680556 | L4: Sessão mais curta: | M4: =MIN(H:H) -> 0.0041666667
A5: 4 | B5: 4 | C5: Realizada | D5: Semipresencial | E5: 44321 | F5: 0.43125 | G5: 0.69305556 | H5: =G5-F5 -> 0.26180556 | L5: Sessão mais longa: | M5: =MAX(H:H) -> 0.43194444
A6: 5 | B6: 5 | C6: Realizada | D6: Normal | E6: 44322 | F6: 0.42361111 | G6: 0.85555556 | H6: =G6-F6 -> 0.43194444 | L6: Média das sessões: | M6: =MEDIAN(H:H) -> 0.27534722
A7: 6 | B7: 6 | C7: Realizada | D7: Semipresencial | E7: 44327 | F7: 0.43125 | G7: 0.61041667 | H7: =G7-F7 -> 0.17916667
A8: 7 | B8: 7 | C8: Realizada | D8: Semipresencial | E8: 44328 | F8: 0.39166667 | G8: 0.82361111 | H8: =G8-F8 -> 0.43194444
A9: 8 | B9: 8 | C9: Realizada | D9: Semipresencial | E9: 44329 | F9: 0.40416667 | G9: 0.66805556 | H9: =G9-F9 -> 0.26388889
A10: 9 | B10: 9 | C10: Realizada | D10: Semipresencial | E10: 44334 | F10: 0.39027778 | G10: 0.70138889 | H10: =G10-F10 -> 0.31111111
A11: 10 | B11: 10 | C11: Realizada | D11: Semipresencial | E11: 44335 | F11: 0.38402778 | G11: 0.71666667 | H11: =G11-F11 -> 0.33263889
A12: 11 | B12: 11 | C12: Adiada | D12: Semipresencial | E12: 44336 | F12: NA | G12: NA | H12: NA
A13: 12 | B13: 10 | C13: Realizada | D13: Semipresencial | E13: 44336 | F13: 0.40694444 | G13: 0.7125 | H13: =G13-F13 -> 0.30555556
A14: 13 | B14: 11 | C14: Realizada | D14: Semipresencial | E14: 44341 | F14: 0.40486111 | G14: 0.62430556 | H14: =G14-F14 -> 0.21944444
A15: 14 | B15: 12 | C15: Realizada | D15: Semipresencial | E15: 44342 | F15: 0.42569444 | G15: 0.53125 | H15: =G15-F15 -> 0.10555556
A16: 15 | B16: 13 | C16: Realizada | D16: Semipresencial | E16: 44343 | F16: 0.41111111 | G16: 0.69652778 | H16: =G16-F16 -> 0.28541667
A17: 16 | B17: 14 | C17: Realizada | D17: Semipresencial | E17: 44348 | F17: 0.40277778 | G17: 0.72430556 | H17: =G17-F17 -> 0.32152778
A18: 17 | B18: 15 | C18: Adiada | D18: Normal | E18: 44349 | F18: NA | G18: NA | H18: NA
A19: 18 | B19: 15 | C19: Realizada | D19: Semipresencial | E19: 44349 | F19: 0.40277778 | G19: 0.70972222 | H19: =G19-F19 -> 0.30694444
A20: 19 | B20: 16 | C20: Realizada | D20: Semipresencial | E20: 44355 | F20: 0.39513889 | G20: 0.75069444 | H20: =G20-F20 -> 0.35555556
A21: 20 | B21: 17 | C21: Realizada | D21: Semipresencial | E21: 44356 | F21: 0.40277778 | G21: 0.78819444 | H21: =G21-F21 -> 0.38541667
A22: 21 | B22: 18 | C22: Realizada | D22: Semipresencial | E22: 44357 | F22: 0.42430556 | G22: 0.47916667 | H22: =G22-F22 -> 0.054861111
A23: 22 | B23: 19 | C23: Realizada | D23: Semipresencial | E23: 44358 | F23: 0.40555556 | G23: 0.74375 | H23: =G23-F23 -> 0.33819444
A24: 23 | B24: 20 | C24: Realizada | D24: Semipresencial | E24: 44362 | F24: 0.40833333 | G24: 0.72916667 | H24: =G24-F24 -> 0.32083333
A25: 24 | B25: 21 | C25: Realizada | D25: Semipresencial | E25: 44363 | F25: 0.40347222 | G25: 0.59097222 | H25: =G25-F25 -> 0.1875
A26: 25 | B26: 22 | C26: Realizada | D26: Semipresencial | E26: 44364 | F26: 0.40902778 | G26: 0.41666667 | H26: =G26-F26 -> 0.0076388889
A27: 26 | B27: 23 | C27: Realizada | D27: Semipresencial | E27: 44365 | F27: 0.39305556 | G27: 0.72986111 | H27: =G27-F27 -> 0.33680556
A28: 27 | B28: 24 | C28: Realizada | D28: Semipresencial | E28: 44369 | F28: 0.39791667 | G28: 0.77847222 | H28: =G28-F28 -> 0.38055556
A29: 28 | B29: 25 | C29: Realizada | D29: Semipresencial | E29: 44370 | F29: 0.41875 | G29: 0.46458333 | H29: =G29-F29 -> 0.045833333
A30: 29 | B30: 26 | C30: Realizada | D30: Semipresencial | E30: 44371 | F30: 0.41597222 | G30: 0.73541667 | H30: =G30-F30 -> 0.31944444
... A34: 33 | B34: 30 | C34: Realizada | D34: Semipresencial | E34: 44378 | F34: 0.42361111 | G34: 0.71736111 | H34: =G34-F34 -> 0.29375
A35: 34 | B35: 31 | C35: Cancelada | D35: Semipresencial | E35: 44379 | F35: NA | G35: NA | H35: NA
A36: 35 | B36: 31 | C36: Realizada | D36: Semipresencial | E36: 44383 | F36: 0.4125 | G36: 0.71388889 | H36: =G36-F36 -> 0.30138889
A37: 36 | B37: 32 | C37: Realizada | D37: Semipresencial | E37: 44384 | F37: 0.40694444 | G37: 0.74375 | H37: =G37-F37 -> 0.33680556
A38: 37 | B38: 33 | C38: Realizada | D38: Semipresencial | E38: 44385 | F38: 0.425 | G38: 0.68472222 | H38: =G38-F38 -> 0.25972222
A39: 38 | B39: 34 | C39: Realizada | D39: Semipresencial | E39: 44386 | F39: 0.43055556 | G39: 0.63194444 | H39: =G39-F39 -> 0.20138889
A40: 39 | B40: 35 | C40: Realizada | D40: Semipresencial | E40: 44390 | F40: 0.43333333 | G40: 0.83680556 | H40: =G40-F40 -> 0.40347222
A41: 40 | B41: 36 | C41: Realizada | D41: Semipresencial | E41: 44391 | F41: 0.41875 | G41: 0.69861111 | H41: =G41-F41 -> 0.27986111
A42: 41 | B42: 37 | C42: Realizada | D42: Semipresencial | E42: 44392 | F42: 0.41944444 | G42: 0.69861111 | H42: =G42-F42 -> 0.27916667
A43: 42 | B43: 38 | C43: Realizada | D43: Semipresencial | E43: 44411 | F43: 0.40833333 | G43: 0.78055556 | H43: =G43-F43 -> 0.37222222
A44: 43 | B44: 39 | C44: Realizada | D44: Semipresencial | E44: 44412 | F44: 0.42847222 | G44: 0.74513889 | H44: =G44-F44 -> 0.31666667
A45: 44 | B45: 40 | C45: Realizada | D45: Semipresencial | E45: 44413 | F45: 0.43541667 | G45: 0.69722222 | H45: =G45-F45 -> 0.26180556
A46: 45 | B46: 41 | C46: Realizada | D46: Semipresencial | E46: 44418 | F46: 0.41319444 | G46: 0.70069444 | H46: =G46-F46 -> 0.2875
A47: 46 | B47: 42 | C47: Realizada | D47: Semipresencial | E47: 44419 | F47: 0.42777778 | G47: 0.66597222 | H47: =G47-F47 -> 0.23819444
... A57: 56 | B57: 52 | C57: Realizada | D57: Semipresencial | E57: 44441 | F57: 0.44930556 | G57: 0.69930556 | H57: =G57-F57 -> 0.25
A58: 57 | B58: 53 | C58: Não Realizada | D58: Semipresencial | E58: 44442 | F58: NA | G58: NA | H58: NA
A59: 58 | B59: 53 | C59: Realizada | D59: Semipresencial | E59: 44453 | F59: 0.44236111 | G59: 0.72152778 | H59: =G59-F59 -> 0.27916667
A60: 59 | B60: 54 | C60: Realizada | D60: Semipresencial | E60: 44454 | F60: 0.43194444 | G60: 0.69583333 | H60: =G60-F60 -> 0.26388889
A61: 60 | B61: 55 | C61: Realizada | D61: Normal | E61: 44455 | F61: 0.43541667 | G61: 0.47430556 | H61: =G61-F61 -> 0.038888889
A62: 61 | B62: 56 | C62: Realizada | D62: Semipresencial | E62: 44460 | F62: 0.46180556 | G62: 0.69166667 | H62: =G62-F62 -> 0.22986111
A63: 62 | B63: 57 | C63: Realizada | D63: Semipresencial | E63: 44461 | F63: 0.425 | G63: 0.73611111 | H63: =G63-F63 -> 0.31111111
A64: 63 | B64: 58 | C64: Realizada | D64: Semipresencial | E64: 44462 | F64: 0.42708333 | G64: 0.68819444 | H64: =G64-F64 -> 0.26111111
A65: 64 | B65: 59 | C65: Realizada | D65: Semipresencial | E65: 44467 | F65: 0.43263889 | G65: 0.75902778 | H65: =G65-F65 -> 0.32638889
A66: 65 | B66: 60 | C66: Realizada | D66: Semipresencial | E66: 44468 | F66: 0.43819444 | G66: 0.71944444 | H66: =G66-F66 -> 0.28125
A67: 66 | B67: 61 | C67: Realizada | D67: Semipresencial | E67: 44469 | F67: 0.43888889 | G67: 0.72291667 | H67: =G67-F67 -> 0.28402778
A68: 67 | B68: 62 | C68: Realizada | D68: Semipresencial | E68: 44474 | F68: 0.43333333 | G68: 0.72708333 | H68: =G68-F68 -> 0.29375
A69: 68 | B69: 63 | C69: Realizada | D69: Semipresencial | E69: 44475 | F69: 0.44513889 | G69: 0.70555556 | H69: =G69-F69 -> 0.26041667
A70: 69 | B70: 64 | C70: Realizada | D70: Semipresencial | E70: 44476 | F70: 0.44513889 | G70: 0.76111111 | H70: =G70-F70 -> 0.31597222
A71: 70 | B71: 65 | C71: Realizada | D71: Remota | E71: 44484 | F71: 0.41736111 | G71: 0.42152778 | H71: =G71-F71 -> 0.0041666667
A72: 71 | B72: 66 | C72: Cancelada | D72: Semipresencial | E72: 44487 | F72: NA | G72: NA | H72: NA
A73: 72 | B73: 66 | C73: Realizada | D73: Semipresencial | E73: 44487 | F73: 0.46944444 | G73: 0.62361111 | H73: =G73-F73 -> 0.15416667
A74: 73 | B74: 68 | C74: Adiada | D74: Semipresencial | E74: 44488 | F74: NA | G74: NA | H74: NA
A75: 74 | B75: 67 | C75: Realizada | D75: Normal | E75: 44488 | F75: 0.47638889 | G75: 0.60069444 | H75: =G75-F75 -> 0.12430556
A76: 75 | B76: 68 | C76: Realizada | D76: Normal | E76: 44489 | F76: 0.4625 | G76: 0.57430556 | H76: =G76-F76 -> 0.11180556
A77: 76 | B77: 69 | C77: Realizada | D77: Semipresencial | E77: 44495 | F77: 0.43472222 | G77: 0.85555556 | H77: =G77-F77 -> 0.42083333

Sheet DocumentosCPI
A1: DocCPI_Id | B1: DocCPI_Data | C1: DocCPI_Nome | D1: DocCPI_Ementa | E1: DocCPI_FormatoMaterial | F1: DocCPI_Tipo | G1: DocCPI_Arquivo | H1: DocCPI_Pasta | I1: DocCPI_Link | J1: DocCPI_ParentLink | K1: DocCPI_LinkAcessDate
A2: 1 | B2: 44211 | C2: Requerimento N° 1371, DE 2021 | D2: Criação de CPI para apurar as ações e omissões do Governo Federal no enfrentamento da pandemia da Covid-19 no Brasil e, em especial, no agravamento da crise sanitária no Amazonas com a ausência de oxigênio para os pacientes internados. | E2: Texto | F2: Requerimento | G2: 2021-01-15 - DOC-RQS 13712021-20210118.pdf | I2: https://legis.senado.leg.br/sdleg-getter/documento?dm=8951652&ts=1637089412690&disposition=inline | J2: https://www25.senado.leg.br/web/atividade/materias/-/materia/148070 | K2: 44858
A3: 2 | B3: 44211 | C3: Requerimento N° 1371, DE 2021 (avulso inicial da Matéria) | D3: Criação de CPI para apurar as ações e omissões do Governo Federal no enfrentamento da pandemia da Covid-19 no Brasil e, em especial, no agravamento da crise sanitária no Amazonas com a ausência de oxigênio para os pacientes internados. | E3: Texto | F3: Requerimento | G3: 2021-01-15 - DOC-RQS _ Avulso inicial da matéria.pdf | H3: Documentos/Requerimentos/ | I3: https://legis.senado.leg.br/sdleg-getter/documento?dm=8951652&ts=1637089412690&disposition=inline | J3: https://www25.senado.leg.br/web/atividade/materias/-/materia/148070 | K3: 44858
A4: 3 | B4: 44495 | C4: Relatório Final - Comissão Parlamentar de Inquérito da Pandemia (Instituída pelos Requerimentos nos 1.371 e 1.372, de 2021) | D4: Instituída pelos Requerimentos nos 1.371 e 1.372, de 2021, com a finalidade de apurar, no prazo de 90 dias, as ações e omissões do Governo Federal no enfrentamento da Pandemia da Covid-19 no Brasil e, em especial, no agravamento da crise sanitária no Amazonas com a ausência de oxigênio para os pacientes internados; e as possíveis irregularidades em contratos, fraudes em licitações, superfaturamentos, desvio de recursos públicos, assinatura de contratos com empresas de fachada para prestação de serviços genéricos ou fictícios, entre outros ilícitos, se valendo para isso de recursos originados da União Federal, bem como outras ações ou omissões cometidas por administradores públicos federais, estaduais e municipais, no trato com a coisa pública, durante a vigência da calamidade originada pela Pandemia do Coronavírus "SARS-CoV-2", limitado apenas quanto à fiscalização dos recursos da União repassados aos demais entes federados para as ações de prevenção e combate à Pandemia da Covid-19, e excluindo as matérias de competência constitucional atribuídas aos Estados, Distrito Federal e Municípios. Relatório votado em 26 de outubro de 2021. | E4: Texto | F4: Relatório | G4: 2021-10-26 - Relatorio_Final 26102021 III.pdf | H4: Documentos/Relatórios/ | I4: https://legis.senado.leg.br/sdleg-getter/documento/download/fc73ab53-3220-4779-850c-f53408ecd592 | J4: https://legis.senado.leg.br/comissoes/mnas?codcol=2441&tp=4 | K4: 44858
A5: 4 | B5: 44313 | C5: RESULTADO 1ª Reunião - Semipresencial CPI DA PANDEMIA - CPIPANDEMIA | D5: Resultado: Realizada instalação e eleição do Presidente, Senador Omar Aziz, do Vice- Presidente, Senador Randolfe Rodrigues e designado relator, Senador Renan Calheiros. Endereço na Internet: http://www.senado.leg.br/atividade/comissoes/default.asp?origem=SF Informações: Secretaria-Geral da Mesa - Secretaria de Comissões Documento gerado | E5: Texto | F5: Resultado | G5: 2021-04-27 - CPIPANDEMIA Resultado.pdf | H5: Documentos/DocsSessoes/2021-04-27_1aReuniao/ | I5: https://legis.senado.leg.br/sdleg-getter/documento/download/1ce15620-c5a9-4e89-a896-8632e73235b1 | J5: https://legis.senado.leg.br/comissoes/comissao?codcol=2441&data1=2021-01-01&data2=2022-11-24 | K5: 44858
A6: 5 | B6: 44313 | C6: ATA DA 1ª REUNIÃO DA CPI DA PANDEMIA | D6: ATA DA 1ª REUNIÃO DA CPI DA PANDEMIA DA 3ª SESSÃO LEGISLATIVA ORDINÁRIA DA 56ª LEGISLATURA, REALIZADA EM 27 DE ABRIL DE 2021, TERÇA-FEIRA, NO SENADO FEDERAL, ANEXO II, ALA SENADOR ALEXANDRE COSTA, PLENÁRIO Nº 3. | E6: Texto | F6: Ata e Notas Taquigráficas | G6: 2021-04-27 - KComissaoCPIComissaoCPIPANDEMIAAta20210427REU001.docx | H6: Documentos/DocsSessoes/2021-04-27_1aReuniao/ | I6: https://legis.senado.leg.br/sdleg-getter/documento/download/b9f300b9-3243-4713-b41a-967c9e27e2bc | J6: https://legis.senado.leg.br/comissoes/comissao?codcol=2441&data1=2021-01-01&data2=2022-11-24 | K6: 44858
A7: 6 | B7: 44313 | C7: PAUTA 1ª Reunião - Semipresencial CPI DA PANDEMIA - CPIPANDEMIA | D7: Assunto / Finalidade: Instalação e eleição para os cargos de Presidente e Vice-Presidente. | E7: Texto | F7: Convocação | G7: 2021-04-27 - KComissaoCPIComissaoCPIPANDEMIAConvocao20210427REU001.pdf | H7: Documentos/DocsSessoes/2021-04-27_1aReuniao/ | I7: https://legis.senado.leg.br/sdleg-getter/documento/download/b975a0a6-d0df-43f6-9729-2227eb9572f7 | J7: https://legis.senado.leg.br/comissoes/comissao?codcol=2441&data1=2021-01-01&data2=2022-11-24 | K7: 44858
A8: 7 | B8: 44313 | C8: PAUTA 1ª Reunião - Semipresencial CPI DA PANDEMIA - CPIPANDEMIA | D8: Assunto / Finalidade: Instalação e eleição para os cargos de Presidente e Vice-Presidente. | E8: Texto | F8: Pauta Cheia | G8: 2021-04-27 - Pauta_Cheia_2021_001_Reunio_CPIPANDEMIA_9956.pdf | H8: Documentos/DocsSessoes/2021-04-27_1aReuniao/ | I8: https://legis.senado.leg.br/sdleg-getter/documento/download/7b7e7654-7ef9-4941-82cb-f309ad5b6d52 | J8: https://legis.senado.leg.br/comissoes/comissao?codcol=2441&data1=2021-01-01&data2=2022-11-24 | K8: 44858
A9: 8 | B9: 44315 | C9: ATA DA 2ª REUNIÃO DA CPI DA PANDEMIA | D9: ATA DA 2ª REUNIÃO DA CPI DA PANDEMIA DA 3ª SESSÃO LEGISLATIVA ORDINÁRIA DA 56ª LEGISLATURA, REALIZADA EM 29 DE ABRIL DE 2021, QUINTA-FEIRA, NO SENADO FEDERAL, ANEXO II, ALA SENADOR ALEXANDRE COSTA, PLENÁRIO Nº 3. | E9: Texto | F9: Ata e Notas Taquigráficas | G9: 2021-04-29 - KComissaoCPIComissaoCPIPANDEMIAAta20210429REU002.docx | H9: Documentos/DocsSessoes/2021-04-29_2aReuniao/ | I9: https://legis.senado.leg.br/sdleg-getter/documento/download/c4ba6d20-1390-4c92-8c2b-01c0b7c759c9 | J9: https://legis.senado.leg.br/comissoes/comissao?codcol=2441&data1=2021-01-01&data2=2022-11-24 | K9: 44858
A10: 9 | B10: 44315 | C10: PAUTA 2ª Reunião | D10: Finalidade: Apreciação do Plano de Trabalho e Requerimentos. Endereço na | E10: Texto | F10: Convocação | G10: 2021-04-29 - KComissaoCPIComissaoCPIPANDEMIAConvocao20210429REU002.pdf | H10: Documentos/DocsSessoes/2021-04-29_2aReuniao/ | I10: https://legis.senado.leg.br/sdleg-getter/documento/download/b8bbb867-e36a-490d-a8a7-5dc8c9ac7071 | J10: https://legis.senado.leg.br/comissoes/comissao?codcol=2441&data1=2021-01-01&data2=2022-11-24 | K10: 44858
A11: 10 | B11: 44315 | C11: RESULTADO 2ª Reunião | D11: NA | E11: Texto | F11: Resultado | G11: 2021-04-29 - KComissaoCPIComissaoCPIPANDEMIARelatriodeComissotemporriaSubcomisso20210429REU002.pdf | H11: Documentos/DocsSessoes/2021-04-29_2aReuniao/ | I11: https://legis.senado.leg.br/sdleg-getter/documento/download/9f42ac7f-50ac-405f-9609-0705daf1defb | J11: https://legis.senado.leg.br/comissoes/comissao?codcol=2441&data1=2021-01-01&data2=2022-11-24 | K11: 44858
A12: 11 | B12: 44315 | C12: Notas Taquigráficas - Comissões 29/04/2021 - 2ª - CPI da Pandemia | D12: NA | E12: Texto | F12: Ata e Notas Taquigráficas | G12: 2021-05-04 - KComissaoCPIComissaoCPIPANDEMIAAta20210504REU003.docx | H12: Documentos/DocsSessoes/ | I12: https://legis.senado.leg.br/sdleg-getter/documento/download/c4ba6d20-1390-4c92-8c2b-01c0b7c759c9 | J12: https://legis.senado.leg.br/comissoes/comissao?codcol=2441&data1=2021-01-01&data2=2022-11-24 | K12: 44858
A13: 12 | B13: 44315 | C13: PAUTA 2ª Reunião - Semipresencial | D13: NA | E13: Texto | F13: Convocação | G13: 2021-05-04 - KComissaoCPIComissaoCPIPANDEMIAConvocao20210504REU003.pdf | H13: Documentos/DocsSessoes/ | I13: https://legis.senado.leg.br/sdleg-getter/documento/download/b8bbb867-e36a-490d-a8a7-5dc8c9ac7071 | J13: https://legis.senado.leg.br/comissoes/comissao?codcol=2441&data1=2021-01-01&data2=2022-11-24 | K13: 44858
A14: 13 | B14: 44320 | C14: ATA DA 3ª REUNIÃO DA CPI DA PANDEMIA | D14: NA | E14: Texto | F14: Ata e Notas Taquigráficas | G14: 2021-05-04 - KComissaoCPIComissaoCPIPANDEMIAAta20210504REU003.docx | H14: Documentos/DocsSessoes/2021-05-04_3aReuniao/ | I14: https://legis.senado.leg.br/sdleg-getter/documento/download/17f9aa5c-c1e5-40bf-9b7d-0845cf39980d | J14: https://legis.senado.leg.br/comissoes/comissao?codcol=2441&data1=2021-01-01&data2=2022-11-24 | K14: 44858
... A397: 396 | B397: 44272 | C397: RQS 1372/2021 | D397: NA | E397: Texto | F397: Requerimento | G397: 2021-03-17 - DSF 2021-04-13, pgs 343-344 - RQS n1372-2021.pdf | H397: Documentos/Requerimentos/ | I397: https://legis.senado.leg.br/diarios/ver/106430?sequencia=343 | J397: https://www25.senado.leg.br/web/atividade/materias/-/materia/148071 | K397: 44858
A398: 397 | B398: 44272 | C398: RQS 1069/2021 | D398: NA | E398: Texto | F398: Requerimento | G398: 2021-03-17 - DSF 2021-04-13, pgs 345-346 - RQS n1069-2021.pdf | I398: https://legis.senado.leg.br/diarios/ver/106430?sequencia=345
A399: 398 | B399: 44271 | C399: RQS 1076/2021 | G399: 2021-03-16 - DSF 2021-04-13, pgs 347-348 - RQS n1076-2021.pdf

Sheet SessoesCPI_DocumentosCPI
A1: DocCPI_Id | B1: SessaoCPI_Id | C1: SessaoCPI_Data | D1: SessaoCPI_Numero | E1: DocCPI_Tipo
A2: 4 | B2: 1 | C2: =VLOOKUP(B2,SessoesCPI!A:E,5) -> 44313 | D2: =VLOOKUP(B2,SessoesCPI!A:E,2) -> 1 | E2: =VLOOKUP(A2,DocumentosCPI!A:F,6) -> Resultado
A3: 5 | B3: 1 | C3: =VLOOKUP(B3,SessoesCPI!A:E,5) -> 44313 | D3: =VLOOKUP(B3,SessoesCPI!A:E,2) -> 1 | E3: =VLOOKUP(A3,DocumentosCPI!A:F,6) -> Ata e Notas Taquigráficas
A4: 6 | B4: 1 | C4: =VLOOKUP(B4,SessoesCPI!A:E,5) -> 44313 | D4: =VLOOKUP(B4,SessoesCPI!A:E,2) -> 1 | E4: =VLOOKUP(A4,DocumentosCPI!A:F,6) -> Convocação
A5: 7 | B5: 1 | C5: =VLOOKUP(B5,SessoesCPI!A:E,5) -> 44313 | D5: =VLOOKUP(B5,SessoesCPI!A:E,2) -> 1 | E5: =VLOOKUP(A5,DocumentosCPI!A:F,6) -> Pauta Cheia
A6: 8 | B6: 2 | C6: =VLOOKUP(B6,SessoesCPI!A:E,5) -> 44315 | D6: =VLOOKUP(B6,SessoesCPI!A:E,2) -> 2 | E6: =VLOOKUP(A6,DocumentosCPI!A:F,6) -> Ata e Notas Taquigráficas
A7: 9 | B7: 2 | C7: =VLOOKUP(B7,SessoesCPI!A:E,5) -> 44315 | D7: =VLOOKUP(B7,SessoesCPI!A:E,2) -> 2 | E7: =VLOOKUP(A7,DocumentosCPI!A:F,6) -> Convocação
A8: 10 | B8: 2 | C8: =VLOOKUP(B8,SessoesCPI!A:E,5) -> 44315 | D8: =VLOOKUP(B8,SessoesCPI!A:E,2) -> 2 | E8: =VLOOKUP(A8,DocumentosCPI!A:F,6) -> Resultado
A9: 11 | B9: 2 | C9: =VLOOKUP(B9,SessoesCPI!A:E,5) -> 44315 | D9: =VLOOKUP(B9,SessoesCPI!A:E,2) -> 2 | E9: =VLOOKUP(A9,DocumentosCPI!A:F,6) -> Ata e Notas Taquigráficas
A10: 12 | B10: 2 | C10: =VLOOKUP(B10,SessoesCPI!A:E,5) -> 44315 | D10: =VLOOKUP(B10,SessoesCPI!A:E,2) -> 2 | E10: =VLOOKUP(A10,DocumentosCPI!A:F,6) -> Convocação
A11: 13 | B11: 3 | C11: =VLOOKUP(B11,SessoesCPI!A:E,5) -> 44320 | D11: =VLOOKUP(B11,SessoesCPI!A:E,2) -> 3 | E11: =VLOOKUP(A11,DocumentosCPI!A:F,6) -> Ata e Notas Taquigráficas
A12: 14 | B12: 3 | C12: =VLOOKUP(B12,SessoesCPI!A:E,5) -> 44320 | D12: =VLOOKUP(B12,SessoesCPI!A:E,2) -> 3 | E12: =VLOOKUP(A12,DocumentosCPI!A:F,6) -> Convocação
A13: 15 | B13: 3 | C13: =VLOOKUP(B13,SessoesCPI!A:E,5) -> 44320 | D13: =VLOOKUP(B13,SessoesCPI!A:E,2) -> 3 | E13: =VLOOKUP(A13,DocumentosCPI!A:F,6) -> Resultado
... A433: 435 | B433: 76 | C433: =VLOOKUP(B433,SessoesCPI!A:E,5) -> 44495 | D433: =VLOOKUP(B433,SessoesCPI!A:E,2) -> 69 | E433: =VLOOKUP(A433,DocumentosCPI!A:F,6) -> 0

Sheet MateriasJornais
A1: Jor_Id | B1: Jor_Data | C1: Jor_Titulo | D1: Jor_Jornal | E1: Jor_Link | F1: Jor_Desc | G1: Jor_Autores | H1: Jor_DataUp | I1: Jor_FileName | J1: JorDescricao
A2: 31 | B2: 44212.535 | C2: Randolfe Rodrigues apresenta CPI para investigar crise do oxigênio no AM | D2: Congresso em Foco | E2: https://congressoemfoco.uol.com.br/area/governo/randolfe-cpi-oxigenio-am/ | F2: NA | G2: Guilherme Mendes | H2: 44212.54 | I2: 2021-01-16_12h51 - Congresso em Foco - Randolfe Rodrigues apresenta CPI para investi.pdf | J2: =Tb_MateriasJornais[[#This Row],[Jor_Jornal]]&" - "&Tb_MateriasJornais[[#This Row],[Jor_Titulo]]&" - "&TEXT(Tb_MateriasJornais[[#This Row],[Jor_Data]],"dd/mm/aaaa") -> Congresso em Foco - Randolfe Rodrigues apresenta CPI para investigar crise do oxigênio no AM - 16/01/2021
A3: 1101 | B3: 44214.429 | C3: Maia diz que coragem de Bolsonaro não é tão grande para negar Coronavac e que Pazuello fez papelão | D3: FolhaSP | E3: https://www1.folha.uol.com.br/equilibrioesaude/2021/01/maia-diz-que-coragem-de-bolsonaro-nao-e-tao-grande-para-negar-coronavac-e-que-pazuello-fez-papelao.shtml | F3: Presidente da Câmara diz que é inevitável abertura de CPI para investigar a atuação do Ministério da Saúde na pandemia | G3: Gustavo Uribe | I3: 2021-01-18_10h18 - FolhaSP - Maia diz que coragem de Bolsonaro não é tão g.pdf | J3: =Tb_MateriasJornais[[#This Row],[Jor_Jornal]]&" - "&Tb_MateriasJornais[[#This Row],[Jor_Titulo]]&" - "&TEXT(Tb_MateriasJornais[[#This Row],[Jor_Data]],"dd/mm/aaaa") -> FolhaSP - Maia diz que coragem de Bolsonaro não é tão grande para negar Coronavac e que Pazuello fez papelão - 18/01/2021
A4: 866 | B4: 44215.882 | C4: Pedido coletivo de impeachment vai incluir colapso por falta de oxigênio no Pará | D4: Estadão | E4: https://politica.estadao.com.br/noticias/geral,pedido-coletivo-de-impeachment-vai-incluir-colapso-por-falta-de-oxigenio-no-para,70003587170 | F4: Formulada por Rede, PSB, PT, PCdoB e PDT, peça deverá ser entregue ainda essa semana | G4: Paula Reverbel | H4: 44216.943 | I4: 2021-01-19_21h10 - Estadão - Pedido coletivo de impeachment vai incluir co.pdf | J4: =Tb_MateriasJornais[[#This Row],[Jor_Jornal]]&" - "&Tb_MateriasJornais[[#This Row],[Jor_Titulo]]&" - "&TEXT(Tb_MateriasJornais[[#This Row],[Jor_Data]],"dd/mm/aaaa") -> Estadão - Pedido coletivo de impeachment vai incluir colapso por falta de oxigênio no Pará - 19/01/2021
A5: 1100 | B5: 44222.475 | C5: Movimentos de oposição convocam megacarreata contra Bolsonaro e decidem apoiar CPI da pandemia | D5: FolhaSP | E5: https://www1.folha.uol.com.br/colunas/painel/2021/01/movimentos-de-oposicao-convocam-megacarreata-contra-bolsonaro-e-decidem-apoiar-cpi-da-pandemia.shtml | F5: Ideia é fazer manifestações em 21 de fevereiro; MST, MTST e centrais sindicais participaram de deliberação | G5: Folha de S.Paulo | H5: 44222.8 | I5: 2021-01-26_11h24 - FolhaSP - Movimentos de oposição convocam megacarreata .pdf | J5: =Tb_MateriasJornais[[#This Row],[Jor_Jornal]]&" - "&Tb_MateriasJornais[[#This Row],[Jor_Titulo]]&" - "&TEXT(Tb_MateriasJornais[[#This Row],[Jor_Data]],"dd/mm/aaaa") -> FolhaSP - Movimentos de oposição convocam megacarreata contra Bolsonaro e decidem apoiar CPI da pandemia - 26/01/2021
A6: 1099 | B6: 44222.708 | C6: Centrão vira fiel da balança sobre permanência de Pazuello na Saúde | D6: FolhaSP | E6: https://www1.folha.uol.com.br/equilibrioesaude/2021/01/centrao-vira-fiel-da-balanca-sobre-permanencia-de-pazuello-na-saude.shtml | F6: No Planalto, ganha força defesa de que Bolsonaro sacrifique ministro para evitar ser culpado por atraso nas vacinas e colapso em Manaus | G6: Gustavo Uribe|Julia Chaib | I6: 2021-01-26_17h00 - FolhaSP - Centrão vira fiel da balança sobre permanênci.pdf | J6: =Tb_MateriasJornais[[#This Row],[Jor_Jornal]]&" - "&Tb_MateriasJornais[[#This Row],[Jor_Titulo]]&" - "&TEXT(Tb_MateriasJornais[[#This Row],[Jor_Data]],"dd/mm/aaaa") -> FolhaSP - Centrão vira fiel da balança sobre permanência de Pazuello na Saúde - 26/01/2021
A7: 1098 | B7: 44223.401 | C7: Lira resiste a criar CPI da Covid e diz que pandemia não pode ser motivo de embate político | D7: FolhaSP | E7: https://www1.folha.uol.com.br/poder/2021/01/lira-resiste-a-criar-cpi-da-covid-e-diz-que-pandemia-nao-pode-ser-motivo-de-embate-politico.shtml | F7: Candidato de Bolsonaro ao comando da Câmara critica ainda politização da vacina e 'dos remédios' | G7: Danielle Brant | H7: 44223.426 | I7: 2021-01-27_09h37 - FolhaSP - Lira resiste a criar CPI da Covid e diz que p.pdf | J7: =Tb_MateriasJornais[[#This Row],[Jor_Jornal]]&" - "&Tb_MateriasJornais[[#This Row],[Jor_Titulo]]&" - "&TEXT(Tb_MateriasJornais[[#This Row],[Jor_Data]],"dd/mm/aaaa") -> FolhaSP - Lira resiste a criar CPI da Covid e diz que pandemia não pode ser motivo de embate político - 27/01/2021
A8: 867 | B8: 44224.208 | C8: Candidatos governistas, Arthur Lira e Rodrigo Pacheco prometem barrar CPIs que ameacem Bolsonaro | D8: Estadão | E8: https://politica.estadao.com.br/noticias/geral,candidatos-governistas-lira-e-pacheco-prometem-barrar-cpis,70003596603 | F8: Na Câmara e no Senado, apoiados pelo presidente devem atuar contra comissões com potencial de atingir o Palácio do Planalto, como a que apura o inquérito das Fake News | G8: Vinícius Valfré | H8: 44224.622 | I8: 2021-01-28_05h00 - Estadão - Candidatos governistas, Arthur Lira e Rodrigo.pdf | J8: =Tb_MateriasJornais[[#This Row],[Jor_Jornal]]&" - "&Tb_MateriasJornais[[#This Row],[Jor_Titulo]]&" - "&TEXT(Tb_MateriasJornais[[#This Row],[Jor_Data]],"dd/mm/aaaa") -> Estadão - Candidatos governistas, Arthur Lira e Rodrigo Pacheco prometem barrar CPIs que ameacem Bolsonaro - 28/01/2021
A9: 1102 | B9: 44224.584 | C9: Governista, Lira contradiz Bolsonaro e afirma que ninguém interfere na presidência da Câmara | D9: FolhaSP | E9: https://www1.folha.uol.com.br/poder/2021/01/governista-lira-contradiz-bolsonaro-e-afirma-que-ninguem-interfere-na-presidencia-da-camara.shtml | F9: Deputado do PP tem o apoio do Planalto na disputa; nesta quarta (27), presidente afirmou que, 'se Deus quiser', vai influir na eleição | G9: Danielle Brant | I9: 2021-01-28_14h01 - FolhaSP - Governista, Lira contradiz Bolsonaro e afirma.pdf | J9: =Tb_MateriasJornais[[#This Row],[Jor_Jornal]]&" - "&Tb_MateriasJornais[[#This Row],[Jor_Titulo]]&" - "&TEXT(Tb_MateriasJornais[[#This Row],[Jor_Data]],"dd/mm/aaaa") -> FolhaSP - Governista, Lira contradiz Bolsonaro e afirma que ninguém interfere na presidência da Câmara - 28/01/2021
A10: 868 | B10: 44225.688 | C10: Partidos fazem mutirão na Câmara para criar CPI da Pandemia | D10: Estadão | E10: https://politica.estadao.com.br/noticias/geral,partidos-fazem-mutirao-na-camara-para-criar-cpi-da-pandemia,70003598767 | F10: Se 171 assinaturas forem coletadas, Maia pode autorizar comissão na segunda-feira | G10: Camila Turtelli e Vinícius Valfré | H10: 44225.689 | I10: 2021-01-29_16h30 - Estadão - Partidos fazem mutirão na Câmara para criar C.pdf | J10: =Tb_MateriasJornais[[#This Row],[Jor_Jornal]]&" - "&Tb_MateriasJornais[[#This Row],[Jor_Titulo]]&" - "&TEXT(Tb_MateriasJornais[[#This Row],[Jor_Data]],"dd/mm/aaaa") -> Estadão - Partidos fazem mutirão na Câmara para criar CPI da Pandemia - 29/01/2021
A11: 1111 | B11: 44228.833 | C11: Líder do centrão, Lira é eleito presidente da Câmara após interferência de Bolsonaro | D11: FolhaSP | E11: https://www1.folha.uol.com.br/poder/2021/02/lider-do-centrao-lira-e-eleito-presidente-da-camara-apos-interferencia-de-bolsonaro.shtml | F11: Deputado do PP derrota grupo de Rodrigo Maia; alagoano já mostrou resistência a aceitar processo de impeachment e abrir CPI da Covid | G11: Danielle Brant|Ranier Bragon|Julia Chaib|Gustavo Uribe|Raquel Lopes | H11: 44228.903 | I11: 2021-02-01_19h59 - FolhaSP - Líder do centrão, Lira é eleito presidente da.pdf | J11: =Tb_MateriasJornais[[#This Row],[Jor_Jornal]]&" - "&Tb_MateriasJornais[[#This Row],[Jor_Titulo]]&" - "&TEXT(Tb_MateriasJornais[[#This Row],[Jor_Data]],"dd/mm/aaaa") -> FolhaSP - Líder do centrão, Lira é eleito presidente da Câmara após interferência de Bolsonaro - 01/02/2021
A12: 869 | B12: 44228.96 | C12: Com apoio de Bolsonaro, Arthur Lira é eleito presidente da Câmara | D12: Estadão | E12: https://politica.estadao.com.br/noticias/geral,com-apoio-de-bolsonaro-arthur-lira-e-eleito-presidente-da-camara,70003602220 | F12: Líder do Centrão obtém 302 votos e derrota candidato de Rodrigo Maia, Baleia Rossi | G12: Vinícius Valfré, Felipe Frazão, Camila Turtelli e Vera Rosa | H12: 44228.97 | I12: 2021-02-01_23h03 - Estadão - Com apoio de Bolsonaro, Arthur Lira é eleito .pdf | J12: =Tb_MateriasJornais[[#This Row],[Jor_Jornal]]&" - "&Tb_MateriasJornais[[#This Row],[Jor_Titulo]]&" - "&TEXT(Tb_MateriasJornais[[#This Row],[Jor_Data]],"dd/mm/aaaa") -> Estadão - Com apoio de Bolsonaro, Arthur Lira é eleito presidente da Câmara - 01/02/2021
A13: 870 | B13: 44228.983 | C13: Quem é Arthur Lira, novo presidente da Câmara dos Deputados | D13: Estadão | E13: https://politica.estadao.com.br/noticias/geral,quem-e-arthur-lira-novo-presidente-da-camara-dos-deputados,70003602249 | F13: Apoiado por Bolsonaro, deputado é líder do Centrão e era amigo de Eduardo Cunha | G13: Redação | H13: 44229.485 | I13: 2021-02-01_23h36 - Estadão - Quem é Arthur Lira, novo presidente da Câmara.pdf | J13: =Tb_MateriasJornais[[#This Row],[Jor_Jornal]]&" - "&Tb_MateriasJornais[[#This Row],[Jor_Titulo]]&" - "&TEXT(Tb_MateriasJornais[[#This Row],[Jor_Data]],"dd/mm/aaaa") -> Estadão - Quem é Arthur Lira, novo presidente da Câmara dos Deputados - 01/02/2021
A14: 871 | B14: 44229.034 | C14: Apoiados por Bolsonaro, Lira e Pacheco vão comandar o Congresso | D14: Estadão | E14: https://politica.estadao.com.br/noticias/geral,apoiados-por-bolsonaro-lira-e-pacheco-vao-comandar-o-congresso,70003602285 | F14: Em disputas marcadas pela forte interferência do Planalto, Arthur Lira é eleito para a presidência da Câmara dos Deputados e Rodrigo Pacheco para o comando do Senado | G14: Felipe Frazão, Vinicius Valfré, Camila Turtelli, Daniel Weterman, Anne Warth e Vera Rosa | H14: 44229.512 | I14: 2021-02-02_00h49 - Estadão - Apoiados por Bolsonaro, Lira e Pacheco vão co.pdf | J14: =Tb_MateriasJornais[[#This Row],[Jor_Jornal]]&" - "&Tb_MateriasJornais[[#This Row],[Jor_Titulo]]&" - "&TEXT(Tb_MateriasJornais[[#This Row],[Jor_Data]],"dd/mm/aaaa") -> Estadão - Apoiados por Bolsonaro, Lira e Pacheco vão comandar o Congresso - 02/02/2021
A15: 1110 | B15: 44229.844 | C15: Após quase perder cargo, MDB do Senado ameaça retaliar ex-aliados na formação de comissões da Casa | D15: FolhaSP | E15: https://www1.folha.uol.com.br/colunas/painel/2021/02/apos-perder-na-camara-e-no-senado-e-travar-duelo-com-psd-mdb-do-senado-ameaca-retaliar-ex-aliados-em-comissoes.shtml | F15: Na Câmara, partido deve ficar sem lugar na Mesa Diretora; no Senado, mesmo com maior bancada, sigla quase perdeu vice-presidência | G15: Folha de S.Paulo | I15: 2021-02-02_20h15 - FolhaSP - Após quase perder cargo, MDB do Senado ameaça.pdf | J15: =Tb_MateriasJornais[[#This Row],[Jor_Jornal]]&" - "&Tb_MateriasJornais[[#This Row],[Jor_Titulo]]&" - "&TEXT(Tb_MateriasJornais[[#This Row],[Jor_Data]],"dd/mm/aaaa") -> FolhaSP - Após quase perder cargo, MDB do Senado ameaça retaliar ex-aliados na formação de comissões da Casa - 02/02/2021
A16: 1109 | B16: 44230.312 | C16: Lira e Pacheco definem pauta econômica como prioridade e cobram vacinação ágil; Bolsonaro fala em harmonia | D16: FolhaSP | E16: https://www1.folha.uol.com.br/poder/2021/02/lira-e-pacheco-definem-pauta-economica-como-prioridade-e-cobram-agilidade-na-vacinacao.shtml | F16: Presidentes concordaram em definir prazos para entrega de relatórios da reforma tributária e da PEC Emergencial | G16: Renato Machado|Danielle Brant|Daniel Carvalho | H16: 44230.37 | I16: 2021-02-03_07h29 - FolhaSP - Lira e Pacheco definem pauta econômica como p.pdf | J16: =Tb_MateriasJornais[[#This Row],[Jor_Jornal]]&" - "&Tb_MateriasJornais[[#This Row],[Jor_Titulo]]&" - "&TEXT(Tb_MateriasJornais[[#This Row],[Jor_Data]],"dd/mm/aaaa") -> FolhaSP - Lira e Pacheco definem pauta econômica como prioridade e cobram vacinação ágil; Bolsonaro fala em harmonia - 03/02/2021
A17: 872 | B17: 44230.595 | C17: Senador Randolfe Rodrigues diz já ter assinaturas para criar CPI da covid-19 | D17: Estadão | E17: https://politica.estadao.com.br/noticias/geral,senador-randolfe-rodrigues-diz-ja-ter-assinaturas-para-criar-cpi-da-covid-19,70003604013 | F17: Requerimento para abrir comissão de inquérito teve 27 assinaturas, segundo a assessoria do parlamentar; objetivo é apurar omissões do governo no enfrentamento da pandemia e crise no Amazonas | G17: Sofia Aguiar e Daniel Weterman | H17: 44230.857 | I17: 2021-02-03_14h17 - Estadão - Senador Randolfe Rodrigues diz já ter assinat.pdf | J17: =Tb_MateriasJornais[[#This Row],[Jor_Jornal]]&" - "&Tb_MateriasJornais[[#This Row],[Jor_Titulo]]&" - "&TEXT(Tb_MateriasJornais[[#This Row],[Jor_Data]],"dd/mm/aaaa") -> Estadão - Senador Randolfe Rodrigues diz já ter assinaturas para criar CPI da covid-19 - 03/02/2021
A18: 288 | B18: 44230.678 | C18: Senadores conseguem assinaturas para pedir criação de CPI da covid-19 | D18: Congresso em Foco | E18: https://congressoemfoco.uol.com.br/temas/saude/senadores-conseguem-assinaturas-para-pedir-criacao-de-cpi-da-covid-19/ | F18: NA | G18: Larissa Calixto | H18: 44230.678 | I18: 2021-02-03_16h16 - Congresso em Foco - Senadores conseguem assinaturas para pedir cr.pdf | J18: =Tb_MateriasJornais[[#This Row],[Jor_Jornal]]&" - "&Tb_MateriasJornais[[#This Row],[Jor_Titulo]]&" - "&TEXT(Tb_MateriasJornais[[#This Row],[Jor_Data]],"dd/mm/aaaa") -> Congresso em Foco - Senadores conseguem assinaturas para pedir criação de CPI da covid-19 - 03/02/2021
A19: 1108 | B19: 44231.478 | C19: Senadores reúnem assinaturas para criar CPI da Covid-19 | D19: FolhaSP | E19: https://www1.folha.uol.com.br/equilibrioesaude/2021/02/senadores-reunem-assinaturas-para-criar-cpi-da-covid-19.shtml | F19: Instalação da comissão agora depende do presidente da Casa, Rodrigo Pacheco (DEM-MG) | G19: Renato Machado | I19: 2021-02-04_11h29 - FolhaSP - Senadores reúnem assinaturas para criar CPI d.pdf | J19: =Tb_MateriasJornais[[#This Row],[Jor_Jornal]]&" - "&Tb_MateriasJornais[[#This Row],[Jor_Titulo]]&" - "&TEXT(Tb_MateriasJornais[[#This Row],[Jor_Data]],"dd/mm/aaaa") -> FolhaSP - Senadores reúnem assinaturas para criar CPI da Covid-19 - 04/02/2021
A20: 873 | B20: 44231.544 | C20: Oposição reúne as 27 assinaturas para abrir CPI da Covid no Senado | D20: Estadão | E20: https://politica.estadao.com.br/blogs/fausto-macedo/cpi-covid-19-senado-randolfe-rodrigues-jair-bolsonaro-eduardo-pazuello-ministerio-saude-governo-federal/ | F20: Documento já foi entregue à Secretaria-Geral da Mesa diretora da Casa nesta quinta (04) e vai ser apreciado por Rodrigo Pacheco | G20: Fausto Macedo | H20: 44231.593 | I20: 2021-02-04_13h03 - Estadão - Oposição reúne as 27 assinaturas para abrir C.pdf | J20: =Tb_MateriasJornais[[#This Row],[Jor_Jornal]]&" - "&Tb_MateriasJornais[[#This Row],[Jor_Titulo]]&" - "&TEXT(Tb_MateriasJornais[[#This Row],[Jor_Data]],"dd/mm/aaaa") -> Estadão - Oposição reúne as 27 assinaturas para abrir CPI da Covid no Senado - 04/02/2021
A21: 874 | B21: 44231.651 | C21: Senadores protocolam pedido de CPI da covid-19 para investigar omissão do governo | D21: Estadão | E21: https://politica.estadao.com.br/noticias/geral,senadores-protocolam-pedido-de-cpi-da-covid-19-para-investigar-omissao-do-governo,70003605300 | F21: Autor do pedido de CPI, Randolfe Rodrigues responsabiliza gestão Bolsonaro por colapso da Saúde no Amazonas; Pacheco diz que irá avaliar caso | G21: Sofia Aguiar | H21: 44231.745 | I21: =YEAR(B21)&"-"&TEXT(MONTH(B22),"00")&"-"&TEXT(DAY(B21),"00")&"_"&TEXT(HOUR(B21),"00")&"h"&TEXT(MINUTE(B21),"00")&" - "&D21&" - "&LEFT(C21,45)&".pdf" -> 2021-02-04_15h37 - Estadão - Senadores protocolam pedido de CPI da covid-1.pdf | J21: =Tb_MateriasJornais[[#This Row],[Jor_Jornal]]&" - "&Tb_MateriasJornais[[#This Row],[Jor_Titulo]]&" - "&TEXT(Tb_MateriasJornais[[#This Row],[Jor_Data]],"dd/mm/aaaa") -> Estadão - Senadores protocolam pedido de CPI da covid-19 para investigar omissão do governo - 04/02/2021
A22: 875 | B22: 44232.412 | C22: Governo tenta barrar CPI da Covid-19 no Senado | D22: Estadão | E22: https://politica.estadao.com.br/blogs/coluna-do-estadao/governo-tenta-barrar-cpi-da-covid-19-no-senado/ | G22: Coluna do Estadão | H22: 44232.473 | I22: =YEAR(B22)&"-"&TEXT(MONTH(B23),"00")&"-"&TEXT(DAY(B22),"00")&"_"&TEXT(HOUR(B22),"00")&"h"&TEXT(MINUTE(B22),"00")&" - "&D22&" - "&LEFT(C22,45)&".pdf" -> 2021-02-05_09h54 - Estadão - Governo tenta barrar CPI da Covid-19 no Senad.pdf | J22: =Tb_MateriasJornais[[#This Row],[Jor_Jornal]]&" - "&Tb_MateriasJornais[[#This Row],[Jor_Titulo]]&" - "&TEXT(Tb_MateriasJornais[[#This Row],[Jor_Data]],"dd/mm/aaaa") -> Estadão - Governo tenta barrar CPI da Covid-19 no Senado - 05/02/2021
A23: 876 | B23: 44233.167 | C23: É do presidente do Senado o protagonismo na coordenação da pauta prioritária | D23: Estadão | E23: https://economia.estadao.com.br/noticias/geral,e-do-presidente-do-senado-o-protagonismo-na-coordenacao-da-pauta-prioritaria,70003607092 | F23: Mineiramente, Rodrigo Pacheco cobrou a prorrogação do auxílio, organizou um acordo para a reforma tributária e prometeu rapidez para votar o Orçamento | G23: Adriana Fernandes* | H23: 44233.929 | I23: =YEAR(B23)&"-"&TEXT(MONTH(B24),"00")&"-"&TEXT(DAY(B23),"00")&"_"&TEXT(HOUR(B23),"00")&"h"&TEXT(MINUTE(B23),"00")&" - "&D23&" - "&LEFT(C23,45)&".pdf" -> 2021-02-06_04h00 - Estadão - É do presidente do Senado o protagonismo na c.pdf | J23: =Tb_MateriasJornais[[#This Row],[Jor_Jornal]]&" - "&Tb_MateriasJornais[[#This Row],[Jor_Titulo]]&" - "&TEXT(Tb_MateriasJornais[[#This Row],[Jor_Data]],"dd/mm/aaaa") -> Estadão - É do presidente do Senado o protagonismo na coordenação da pauta prioritária - 06/02/2021
A24: 1107 | B24: 44233.844 | C24: Eleição na Câmara e no Senado deixou Bolsonaro com centenas de dívidas | D24: FolhaSP | E24: https://www1.folha.uol.com.br/colunas/janiodefreitas/2021/02/eleicao-na-camara-e-no-senado-deixou-bolsonaro-com-centenas-de-dividas.shtml | F24: Não sendo vitória política, dívida é igual a cobrança, e cobrança em política é incerteza e instabilidade | G24: Folha de S.Paulo | I24: 2021-02-06_20h15 - FolhaSP - Eleição na Câmara e no Senado deixou Bolsonar.pdf | J24: =Tb_MateriasJornais[[#This Row],[Jor_Jornal]]&" - "&Tb_MateriasJornais[[#This Row],[Jor_Titulo]]&" - "&TEXT(Tb_MateriasJornais[[#This Row],[Jor_Data]],"dd/mm/aaaa") -> FolhaSP - Eleição na Câmara e no Senado deixou Bolsonaro com centenas de dívidas - 06/02/2021
A25: 1106 | B25: 44234.844 | C25: O dilema entre governabilidade e responsabilização | D25: FolhaSP | E25: https://www1.folha.uol.com.br/colunas/marcus-melo/2021/02/o-dilema-entre-governabilidade-e-responsabilizacao.shtml | F25: Alinhamento de casas legislativas ao Executivo facilita reformas, mas produz deficit de accountability | G25: Folha de S.Paulo | I25: 2021-02-07_20h15 - FolhaSP - O dilema entre governabilidade e responsabili.pdf | J25: =Tb_MateriasJornais[[#This Row],[Jor_Jornal]]&" - "&Tb_MateriasJornais[[#This Row],[Jor_Titulo]]&" - "&TEXT(Tb_MateriasJornais[[#This Row],[Jor_Data]],"dd/mm/aaaa") -> FolhaSP - O dilema entre governabilidade e responsabilização - 07/02/2021
A26: 12 | B26: 44238.38 | C26: Pazuello vai ao Senado para tentar barrar CPI da Covid-19 | D26: Congresso em Foco | E26: https://congressoemfoco.uol.com.br/area/governo/pazuello-vai-ao-senado-para-tentar-barrar-cpi-da-covid-19/ | F26: NA | G26: Congresso em Foco | H26: 44238.38 | I26: 2021-02-11_09h07 - Congresso em Foco - Pazuello vai ao Senado para tentar barrar CPI.pdf | J26: =Tb_MateriasJornais[[#This Row],[Jor_Jornal]]&" - "&Tb_MateriasJornais[[#This Row],[Jor_Titulo]]&" - "&TEXT(Tb_MateriasJornais[[#This Row],[Jor_Data]],"dd/mm/aaaa") -> Congresso em Foco - Pazuello vai ao Senado para tentar barrar CPI da Covid-19 - 11/02/2021
A27: 1105 | B27: 44238.587 | C27: Com vacinas em falta, Pazuello promete imunização geral contra Covid em 2021 | D27: FolhaSP | E27: https://www1.folha.uol.com.br/equilibrioesaude/2021/02/pazuello-diz-que-nao-tem-vacina-para-todos-mas-mesmo-assim-promete-imunizacao-geral-em-2021.shtml | F27: Segundo ministro, expectativa é vacinar 50% da população até junho e o restante até o fim do ano | G27: Natália Cancian|Renato Machado | H27: 44238.739 | I27: 2021-02-11_14h05 - FolhaSP - Com vacinas em falta, Pazuello promete imuniz.pdf | J27: =Tb_MateriasJornais[[#This Row],[Jor_Jornal]]&" - "&Tb_MateriasJornais[[#This Row],[Jor_Titulo]]&" - "&TEXT(Tb_MateriasJornais[[#This Row],[Jor_Data]],"dd/mm/aaaa") -> FolhaSP - Com vacinas em falta, Pazuello promete imunização geral contra Covid em 2021 - 11/02/2021
A28: 1104 | B28: 44238.657 | C28: Pazuello lembra derrotas da Alemanha em guerras e pede para não se abrir CPI como 'frente política' contra Covid | D28: FolhaSP | E28: https://www1.folha.uol.com.br/equilibrioesaude/2021/02/pazuello-lembra-derrotas-da-alemanha-em-guerras-e-pede-para-nao-se-abrir-cpi-como-frente-politica-contra-covid.shtml | F28: Segundo ministro da Saúde, abertura de comissão de inquérito poderia ocasionar mais mortes | G28: Renato Machado|Natália Cancian | H28: 44238.787 | I28: 2021-02-11_15h46 - FolhaSP - Pazuello lembra derrotas da Alemanha em guerr.pdf | J28: =Tb_MateriasJornais[[#This Row],[Jor_Jornal]]&" - "&Tb_MateriasJornais[[#This Row],[Jor_Titulo]]&" - "&TEXT(Tb_MateriasJornais[[#This Row],[Jor_Data]],"dd/mm/aaaa") -> FolhaSP - Pazuello lembra derrotas da Alemanha em guerras e pede para não se abrir CPI como 'frente política' contra Covid - 11/02/2021
A29: 877 | B29: 44238.678 | C29: Pressionado por ameaça de CPI, Pazuello diz ao Senado que toda a população será vacinada em 2021 | D29: Estadão | E29: https://saude.estadao.com.br/noticias/geral,pressionado-por-ameaca-de-cpi-pazuello-diz-ao-senado-que-toda-a-populacao-sera-vacinada-em-2021,70003613414 | F29: Ministro da Saúde participa de audiência com senadores nesta quinta-feira; versão mais recente do plano nacional de imunização não aponta um prazo para a vacinação da população | G29: Mateus Vargas | H29: 44238.878 | I29: =YEAR(B29)&"-"&TEXT(MONTH(B30),"00")&"-"&TEXT(DAY(B29),"00")&"_"&TEXT(HOUR(B29),"00")&"h"&TEXT(MINUTE(B29),"00")&" - "&D29&" - "&LEFT(C29,45)&".pdf" -> 2021-02-11_16h17 - Estadão - Pressionado por ameaça de CPI, Pazuello diz a.pdf | J29: =Tb_MateriasJornais[[#This Row],[Jor_Jornal]]&" - "&Tb_MateriasJornais[[#This Row],[Jor_Titulo]]&" - "&TEXT(Tb_MateriasJornais[[#This Row],[Jor_Data]],"dd/mm/aaaa") -> Estadão - Pressionado por ameaça de CPI, Pazuello diz ao Senado que toda a população será vacinada em 2021 - 11/02/2021
A30: 878 | B30: 44239.208 | C30: Pazuello derrapa e dá força à CPI da Covid-19 | D30: Estadão | E30: https://politica.estadao.com.br/blogs/coluna-do-estadao/pazuello-derrapa-e-da-forca-a-cpi-da-covid-19/ | G30: Coluna do Estadão | H30: 44239.432 | I30: =YEAR(B30)&"-"&TEXT(MONTH(B31),"00")&"-"&TEXT(DAY(B30),"00")&"_"&TEXT(HOUR(B30),"00")&"h"&TEXT(MINUTE(B30),"00")&" - "&D30&" - "&LEFT(C30,45)&".pdf" -> 2021-02-12_05h00 - Estadão - Pazuello derrapa e dá força à CPI da Covid-19.pdf | J30: =Tb_MateriasJornais[[#This Row],[Jor_Jornal]]&" - "&Tb_MateriasJornais[[#This Row],[Jor_Titulo]]&" - "&TEXT(Tb_MateriasJornais[[#This Row],[Jor_Data]],"dd/mm/aaaa") -> Estadão - Pazuello derrapa e dá força à CPI da Covid-19 - 12/02/2021
A31: 879 | B31: 44242.797 | C31: Com doses se esgotando, governadores e Congresso cobram Pazuello por mais vacinas | D31: Estadão | E31: https://saude.estadao.com.br/noticias/geral,com-doses-se-esgotando-governadores-e-congresso-cobram-pazuello-por-mais-vacinas,70003617537 | F31: Fórum dos Governadores se reúne com Pazuello na quarta-feira, 17; chefes dos Estados e do Distrito Federal vão cobrar, novamente, um cronograma para a entrega das doses | G31: Mateus Vargas | H31: 44242.804 | I31: =YEAR(B31)&"-"&TEXT(MONTH(B32),"00")&"-"&TEXT(DAY(B31),"00")&"_"&TEXT(HOUR(B31),"00")&"h"&TEXT(MINUTE(B31),"00")&" - "&D31&" - "&LEFT(C31,45)&".pdf" -> 2021-02-15_19h07 - Estadão - Com doses se esgotando, governadores e Congre.pdf | J31: =Tb_MateriasJornais[[#This Row],[Jor_Jornal]]&" - "&Tb_MateriasJornais[[#This Row],[Jor_Titulo]]&" - "&TEXT(Tb_MateriasJornais[[#This Row],[Jor_Data]],"dd/mm/aaaa") -> Estadão - Com doses se esgotando, governadores e Congresso cobram Pazuello por mais vacinas - 15/02/2021
A32: 1103 | B32: 44243.913 | C32: Com a corda no pescoço, general Pesadello tenta provar que vai trazer vacina | D32: FolhaSP | E32: https://www1.folha.uol.com.br/colunas/viniciustorres/2021/02/com-a-corda-no-pescoco-general-pesadello-tenta-provar-que-vai-trazer-vacina.shtml | F32: Prefeitos pedem a cabeça de Pazuello, governadores cobram vacinas e UTIs | G32: Vinicius Torres Freire | I32: 2021-02-11_21h55 - FolhaSP - Prefeitos pedem a cabeça de Pazuello, governadores.pdf | J32: =Tb_MateriasJornais[[#This Row],[Jor_Jornal]]&" - "&Tb_MateriasJornais[[#This Row],[Jor_Titulo]]&" - "&TEXT(Tb_MateriasJornais[[#This Row],[Jor_Data]],"dd/mm/aaaa") -> FolhaSP - Com a corda no pescoço, general Pesadello tenta provar que vai trazer vacina - 16/02/2021
A33: 880 | B33: 44245.76 | C33: Governo Bolsonaro age para barrar CPI da covid-19 no Senado | D33: Estadão | E33: https://politica.estadao.com.br/noticias/geral,governo-bolsonaro-age-para-barrar-cpi-da-covid-19-no-senado,70003620360 | F33: Líderes partidários concordaram em abrir comissão de acompanhamento, modalidade que teria menos poder do que órgão de investigação | G33: Daniel Weterman | H33: 44245.76 | I33: =YEAR(B33)&"-"&TEXT(MONTH(B34),"00")&"-"&TEXT(DAY(B33),"00")&"_"&TEXT(HOUR(B33),"00")&"h"&TEXT(MINUTE(B33),"00")&" - "&D33&" - "&LEFT(C33,45)&".pdf" -> 2021-02-18_18h15 - Estadão - Governo Bolsonaro age para barrar CPI da covi.pdf | J33: =Tb_MateriasJornais[[#This Row],[Jor_Jornal]]&" - "&Tb_MateriasJornais[[#This Row],[Jor_Titulo]]&" - "&TEXT(Tb_MateriasJornais[[#This Row],[Jor_Data]],"dd/mm/aaaa") -> Estadão - Governo Bolsonaro age para barrar CPI da covid-19 no Senado - 18/02/2021
A34: 881 | B34: 44249.208 | C34: De luto, Senado define futuro da CPI da Covid-19 | D34: Estadão | E34: https://politica.estadao.com.br/blogs/coluna-do-estadao/de-luto-senado-define-futuro-da-cpi-da-covid-19/ | G34: Mariana Carneiro | H34: 44249.465 | I34: =YEAR(B34)&"-"&TEXT(MONTH(B35),"00")&"-"&TEXT(DAY(B34),"00")&"_"&TEXT(HOUR(B34),"00")&"h"&TEXT(MINUTE(B34),"00")&" - "&D34&" - "&LEFT(C34,45)&".pdf" -> 2021-02-22_05h00 - Estadão - De luto, Senado define futuro da CPI da Covid.pdf | J34: =Tb_MateriasJornais[[#This Row],[Jor_Jornal]]&" - "&Tb_MateriasJornais[[#This Row],[Jor_Titulo]]&" - "&TEXT(Tb_MateriasJornais[[#This Row],[Jor_Data]],"dd/mm/aaaa") -> Estadão - De luto, Senado define futuro da CPI da Covid-19 - 22/02/2021
A35: 882 | B35: 44250.609 | C35: Maia defende CPI da Covid contra Bolsonaro e afirma que impeachment 'não tinha chance' | D35: Estadão | E35: https://politica.estadao.com.br/noticias/geral,maia-defende-cpi-da-covid-contra-bolsonaro-e-afirma-que-impeachment-nao-tinha-chance,70003625411 | F35: Segundo o ex-presidente da Câmara, eleição de Lira mostrou que não havia 'perna política' para abertura do processo | G35: Cássia Miranda | H35: 44250.635 | I35: =YEAR(B35)&"-"&TEXT(MONTH(B36),"00")&"-"&TEXT(DAY(B35),"00")&"_"&TEXT(HOUR(B35),"00")&"h"&TEXT(MINUTE(B35),"00")&" - "&D35&" - "&LEFT(C35,45)&".pdf" -> 2021-02-23_14h37 - Estadão - Maia defende CPI da Covid contra Bolsonaro e .pdf | J35: =Tb_MateriasJornais[[#This Row],[Jor_Jornal]]&" - "&Tb_MateriasJornais[[#This Row],[Jor_Titulo]]&" - "&TEXT(Tb_MateriasJornais[[#This Row],[Jor_Data]],"dd/mm/aaaa") -> Estadão - Maia defende CPI da Covid contra Bolsonaro e afirma que impeachment 'não tinha chance' - 23/02/2021
A36: 883 | B36: 44254.125 | C36: A urgência da CPI da pandemia | D36: Estadão | E36: https://opiniao.estadao.com.br/noticias/notas-e-informacoes,a-urgencia-da-cpi-da-pandemia,70003629746 | F36: Chamar às falas os responsáveis pelo desastre sanitário pode ser um lenitivo para o patológico descaso com a vida dos brasileiros | G36: Notas &amp; Informações | H36: 44254.125 | I36: =YEAR(B36)&"-"&TEXT(MONTH(B37),"00")&"-"&TEXT(DAY(B36),"00")&"_"&TEXT(HOUR(B36),"00")&"h"&TEXT(MINUTE(B36),"00")&" - "&D36&" - "&LEFT(C36,45)&".pdf" -> 2021-03-27_03h00 - Estadão - A urgência da CPI da pandemia.pdf | J36: =Tb_MateriasJornais[[#This Row],[Jor_Jornal]]&" - "&Tb_MateriasJornais[[#This Row],[Jor_Titulo]]&" - "&TEXT(Tb_MateriasJornais[[#This Row],[Jor_Data]],"dd/mm/aaaa") -> Estadão - A urgência da CPI da pandemia - 27/02/2021
A37: 884 | B37: 44256.208 | C37: É preciso parar esse cara', diz Tasso Jereissati ao defender CPI da Covid | D37: Estadão | E37: https://politica.estadao.com.br/noticias/geral,para-tasso-jereissati-cpi-e-teste-da-autonomia-de-pacheco,70003631618 | F37: Senador tucano cobra do presidente da Casa a instalação de comissão para apurar a conduta do governo na pandemia | G37: Daniel Weterman | H37: 44256.424 | I37: 2021-03-01_05h00 - Estadão - 'É preciso parar esse cara', diz Tasso Jereis.pdf | J37: =Tb_MateriasJornais[[#This Row],[Jor_Jornal]]&" - "&Tb_MateriasJornais[[#This Row],[Jor_Titulo]]&" - "&TEXT(Tb_MateriasJornais[[#This Row],[Jor_Data]],"dd/mm/aaaa") -> Estadão - É preciso parar esse cara', diz Tasso Jereissati ao defender CPI da Covid - 01/03/2021
A38: 1112 | B38: 44256.403 | C38: Lira descarta CPI de Covid agora e diz que não é hora de apontar culpados por erros | D38: FolhaSP | E38: https://www1.folha.uol.com.br/equilibrioesaude/2021/03/lira-descarta-cpi-de-covid-agora-e-diz-que-nao-e-hora-de-apontar-culpados-por-erros.shtml | F38: Líder do centrão defendeu que a prioridade deve ser imunizar a população e citou expectativa de compra de 140 milhões de doses de vacina até maio | G38: Danielle Brant | I38: 2021-03-01_09h40 - FolhaSP - Lira descarta CPI de Covid agora e diz que nã.pdf | J38: =Tb_MateriasJornais[[#This Row],[Jor_Jornal]]&" - "&Tb_MateriasJornais[[#This Row],[Jor_Titulo]]&" - "&TEXT(Tb_MateriasJornais[[#This Row],[Jor_Data]],"dd/mm/aaaa") -> FolhaSP - Lira descarta CPI de Covid agora e diz que não é hora de apontar culpados por erros - 01/03/2021
A39: 885 | B39: 44256.835 | C39: Rodrigo Pacheco: 'Instalar a CPI da Saúde agora seria contraproducente’ | D39: Estadão | E39: https://politica.estadao.com.br/noticias/geral,rodrigo-pacheco-instalar-a-cpi-da-saude-agora-seria-contraproducente,70003632601 | F39: Eleito com apoio do Planalto, presidente do Senado diz que comissão para apurar atuação do governo no combate à pandemia não teria como funcionar | G39: Pedro Venceslau | H39: 44256.912 | I39: 2021-03-01_20h02 - Estadão - Rodrigo Pacheco: 'Instalar a CPI da Saúde ago.pdf | J39: =Tb_MateriasJornais[[#This Row],[Jor_Jornal]]&" - "&Tb_MateriasJornais[[#This Row],[Jor_Titulo]]&" - "&TEXT(Tb_MateriasJornais[[#This Row],[Jor_Data]],"dd/mm/aaaa") -> Estadão - Rodrigo Pacheco: 'Instalar a CPI da Saúde agora seria contraproducente’ - 01/03/2021
A40: 13 | B40: 44256.933 | C40: Pressionado a instalar CPI da covid, Pacheco minimiza erros de Bolsonaro na pandemia | D40: Congresso em Foco | E40: https://congressoemfoco.uol.com.br/area/governo/entrevista-pacheco-sobre-bolsonaro/ | F40: NA | G40: Congresso em Foco | H40: 44256.936 | I40: 2021-03-01_22h23 - Congresso em Foco - Pressionado a instalar CPI da covid, Pacheco .pdf | J40: =Tb_MateriasJornais[[#This Row],[Jor_Jornal]]&" - "&Tb_MateriasJornais[[#This Row],[Jor_Titulo]]&" - "&TEXT(Tb_MateriasJornais[[#This Row],[Jor_Data]],"dd/mm/aaaa") -> Congresso em Foco - Pressionado a instalar CPI da covid, Pacheco minimiza erros de Bolsonaro na pandemia - 01/03/2021
A41: 1113 | B41: 44257.52 | C41: Levante de governadores pressiona Bolsonaro no auge da crise da Covid-19 | D41: FolhaSP | E41: https://www1.folha.uol.com.br/equilibrioesaude/2021/03/levante-de-governadores-pressiona-bolsonaro-no-auge-da-crise-da-covid-19.shtml | F41: Mundo político acorda para a tragédia em curso no país, mas Congresso ainda não embarcou | G41: Igor Gielow | I41: 2021-03-02_12h29 - FolhaSP - Levante de governadores pressiona Bolsonaro n.pdf | J41: =Tb_MateriasJornais[[#This Row],[Jor_Jornal]]&" - "&Tb_MateriasJornais[[#This Row],[Jor_Titulo]]&" - "&TEXT(Tb_MateriasJornais[[#This Row],[Jor_Data]],"dd/mm/aaaa") -> FolhaSP - Levante de governadores pressiona Bolsonaro no auge da crise da Covid-19 - 02/03/2021
A42: 886 | B42: 44257.562 | C42: Moderação e covardia | D42: Estadão | E42: https://politica.estadao.com.br/blogs/marco-aurelio-nogueira/moderacao-e-covardia/ | F42: Presidente do Senado engaveta CPI da Saúde e mostra que não tem independência | G42: Marco Aurélio Nogueira | H42: 44257.562 | I42: 2021-03-02_13h29 - Estadão - Moderação e covardia.pdf | J42: =Tb_MateriasJornais[[#This Row],[Jor_Jornal]]&" - "&Tb_MateriasJornais[[#This Row],[Jor_Titulo]]&" - "&TEXT(Tb_MateriasJornais[[#This Row],[Jor_Data]],"dd/mm/aaaa") -> Estadão - Moderação e covardia - 02/03/2021
A43: 30 | B43: 44259.409 | C43: Movimentos e organizações sociais se mobilizam por CPI da pandemia | D43: Congresso em Foco | E43: https://congressoemfoco.uol.com.br/temas/saude/movimentos-e-organizacoes-sociais-se-mobilizam-por-cpi-da-pandemia/ | F43: NA | G43: Marina Oliveira | H43: 44259.409 | I43: 2021-03-04_09h49 - Congresso em Foco - Movimentos e organizações sociais se mobiliza.pdf | J43: =Tb_MateriasJornais[[#This Row],[Jor_Jornal]]&" - "&Tb_MateriasJornais[[#This Row],[Jor_Titulo]]&" - "&TEXT(Tb_MateriasJornais[[#This Row],[Jor_Data]],"dd/mm/aaaa") -> Congresso em Foco - Movimentos e organizações sociais se mobilizam por CPI da pandemia - 04/03/2021
A44: 887 | B44: 44259.719 | C44: Campanha pró-CPI da pandemia une grupos de renovação e movimentos que pediram saída de Dilma | D44: Estadão | E44: https://politica.estadao.com.br/noticias/geral,campanha-pro-cpi-da-pandemia-une-grupos-de-renovacao-e-movimentos-que-pediram-saida-de-dilma,70003636400 | F44: Acredito, Agora, Livres e Vem Pra Rua estão entre grupos que fazem pressão para que Rodrigo Pacheco instale comissão | G44: Matheus Lara | H44: 44295.353 | I44: 2021-03-04_17h15 - Estadão - Campanha pró-CPI da pandemia une grupos de re.pdf | J44: =Tb_MateriasJornais[[#This Row],[Jor_Jornal]]&" - "&Tb_MateriasJornais[[#This Row],[Jor_Titulo]]&" - "&TEXT(Tb_MateriasJornais[[#This Row],[Jor_Data]],"dd/mm/aaaa") -> Estadão - Campanha pró-CPI da pandemia une grupos de renovação e movimentos que pediram saída de Dilma - 04/03/2021
A45: 1114 | B45: 44259.799 | C45: Pacheco diz esperar exemplo dos homens públicos e cobra da Saúde prova de que não é negacionista | D45: FolhaSP | E45: https://www1.folha.uol.com.br/equilibrioesaude/2021/03/pacheco-diz-esperar-exemplo-dos-homens-publicos-e-cobra-da-saude-prova-de-que-nao-e-negacionista.shtml | F45: Sessão no Senado discutiu a vacinação contra a Covid, com a presença de autoridades do ministério e da Anvisa | G45: Renato Machado|Raquel Lopes | I45: 2021-03-04_19h10 - FolhaSP - Pacheco diz esperar exemplo dos homens públic.pdf | J45: =Tb_MateriasJornais[[#This Row],[Jor_Jornal]]&" - "&Tb_MateriasJornais[[#This Row],[Jor_Titulo]]&" - "&TEXT(Tb_MateriasJornais[[#This Row],[Jor_Data]],"dd/mm/aaaa") -> FolhaSP - Pacheco diz esperar exemplo dos homens públicos e cobra da Saúde prova de que não é negacionista - 04/03/2021
A46: 1115 | B46: 44261.844 | C46: Tibieza parlamentar | D46: FolhaSP | E46: https://www1.folha.uol.com.br/opiniao/2021/03/tibieza-parlamentar.shtml | F46: Congresso precisa se pôr à altura da gravidade da crise piorada por Bolsonaro | G46: Folha de S.Paulo | I46: 2021-03-06_20h15 - FolhaSP - Tibieza parlamentar.pdf | J46: =Tb_MateriasJornais[[#This Row],[Jor_Jornal]]&" - "&Tb_MateriasJornais[[#This Row],[Jor_Titulo]]&" - "&TEXT(Tb_MateriasJornais[[#This Row],[Jor_Data]],"dd/mm/aaaa") -> FolhaSP - Tibieza parlamentar - 06/03/2021
A47: 1116 | B47: 44261.844 | C47: Filhos de Bolsonaro saem das sombras e negociam no Congresso em nome do governo | D47: FolhaSP | E47: https://www1.folha.uol.com.br/poder/2021/03/filhos-de-bolsonaro-saem-das-sombras-e-negociam-no-congresso-em-nome-do-governo.shtml | F47: Para parlamentares, eleição de Lira (Câmara) e Pacheco (Senado) deixou Flávio e Eduardo mais à vontade nas articulações pelo Planalto | G47: Danielle Brant|Renato Machado | H47: 44262.273 | I47: 2021-03-06_20h15 - FolhaSP - Filhos de Bolsonaro saem das sombras e negoci.pdf | J47: =Tb_MateriasJornais[[#This Row],[Jor_Jornal]]&" - "&Tb_MateriasJornais[[#This Row],[Jor_Titulo]]&" - "&TEXT(Tb_MateriasJornais[[#This Row],[Jor_Data]],"dd/mm/aaaa") -> FolhaSP - Filhos de Bolsonaro saem das sombras e negociam no Congresso em nome do governo - 06/03/2021
A48: 14 | B48: 44263.631 | C48: Renan diz que Pacheco "enfraquece o Legislativo" ao não instalar CPI da Covid | D48: Congresso em Foco | E48: https://congressoemfoco.uol.com.br/area/congresso-nacional/renan-calheiros-cpi-covid/ | F48: NA | G48: Lauriberto Pompeu | H48: 44264.376 | I48: 2021-03-08_15h08 - Congresso em Foco - Renan diz que Pacheco 'enfraquece o Legislati.pdf | J48: =Tb_MateriasJornais[[#This Row],[Jor_Jornal]]&" - "&Tb_MateriasJornais[[#This Row],[Jor_Titulo]]&" - "&TEXT(Tb_MateriasJornais[[#This Row],[Jor_Data]],"dd/mm/aaaa") -> Congresso em Foco - Renan diz que Pacheco "enfraquece o Legislativo" ao não instalar CPI da Covid - 08/03/2021
A49: 1117 | B49: 44264.354 | C49: Presidentes da Câmara e do Senado cobram de Pazuello explicações sobre cronograma de vacinas | D49: FolhaSP | E49: https://www1.folha.uol.com.br/equilibrioesaude/2021/03/presidentes-da-camara-e-do-senado-cobram-de-pazuello-explicacoes-sobre-cronograma-de-vacinas.shtml | F49: Pacheco e Lira sofrem pressão para que Congresso assuma dianteira no enfrentamento à Covid | G49: Renato Machado|Danielle Brant | H49: 44264.682 | I49: 2021-03-09_08h30 - FolhaSP - Presidentes da Câmara e do Senado cobram de P.pdf | J49: =Tb_MateriasJornais[[#This Row],[Jor_Jornal]]&" - "&Tb_MateriasJornais[[#This Row],[Jor_Titulo]]&" - "&TEXT(Tb_MateriasJornais[[#This Row],[Jor_Data]],"dd/mm/aaaa") -> FolhaSP - Presidentes da Câmara e do Senado cobram de Pazuello explicações sobre cronograma de vacinas - 09/03/2021
A50: 1118 | B50: 44264.567 | C50: CPI da Pandemia já! | D50: FolhaSP | E50: https://www1.folha.uol.com.br/colunas/ilona-szabo/2021/03/cpi-da-pandemia-ja.shtml | F50: Enquanto as instituições não acabam com essa matança deliberada resta à sociedade civil agir | G50: Folha de S.Paulo | I50: 2021-03-09_13h36 - FolhaSP - CPI da Pandemia já!.pdf | J50: =Tb_MateriasJornais[[#This Row],[Jor_Jornal]]&" - "&Tb_MateriasJornais[[#This Row],[Jor_Titulo]]&" - "&TEXT(Tb_MateriasJornais[[#This Row],[Jor_Data]],"dd/mm/aaaa") -> FolhaSP - CPI da Pandemia já! - 09/03/2021
A51: 1119 | B51: 44265.84 | C51: Com estados em colapso por Covid, Pazuello diz que sistema de saúde 'não colapsou nem vai colapsar' | D51: FolhaSP | E51: https://www1.folha.uol.com.br/equilibrioesaude/2021/03/com-estados-em-colapso-por-covid-pazuello-diz-que-sistema-de-saude-nao-colapsou-nem-vai-colapsar.shtml | F51: Em vídeo gravado no dia em que mortes ultrapassam 2.300 em 24h, ministro pede apoio da população | G51: Natália Cancian|Renato Machado | I51: 2021-03-10_20h10 - FolhaSP - Com estados em colapso por Covid, Pazuello di.pdf | J51: =Tb_MateriasJornais[[#This Row],[Jor_Jornal]]&" - "&Tb_MateriasJornais[[#This Row],[Jor_Titulo]]&" - "&TEXT(Tb_MateriasJornais[[#This Row],[Jor_Data]],"dd/mm/aaaa") -> FolhaSP - Com estados em colapso por Covid, Pazuello diz que sistema de saúde 'não colapsou nem vai colapsar' - 10/03/2021
A52: 888 | B52: 44266.4 | C52: IAB se une à Ordem dos Advogados e defende investigação contra Bolsonaro e Pazuello por &#039;ações e omissões&#039; na pandemia | D52: Estadão | E52: https://politica.estadao.com.br/blogs/fausto-macedo/iab-se-une-a-ordem-dos-advogados-e-defende-investigacao-contra-bolsonaro-e-pazuello-por-acoes-e-omissoes-na-pandemia/ | F52: Centenário Instituto dos Advogados Brasileiros vê &#039;despreparo e descontrole das autoridades e agentes públicos&#039; na guerra contra a covid-19, que já matou quase 270 mil em todo o País | G52: Pepita Ortega | H52: 44266.4 | I52: 2021-03-11_09h36 - Estadão - IAB se une à Ordem dos Advogados e defende in.pdf | J52: =Tb_MateriasJornais[[#This Row],[Jor_Jornal]]&" - "&Tb_MateriasJornais[[#This Row],[Jor_Titulo]]&" - "&TEXT(Tb_MateriasJornais[[#This Row],[Jor_Data]],"dd/mm/aaaa") -> Estadão - IAB se une à Ordem dos Advogados e defende investigação contra Bolsonaro e Pazuello por &#039;ações e omissões&#039; na pandemia - 11/03/2021
A53: 39 | B53: 44266.66 | C53: Senadores pedem que STF obrigue Pacheco a instalar CPI da pandemia | D53: Congresso em Foco | E53: https://congressoemfoco.uol.com.br/area/congresso-nacional/senadores-pedem-que-stf-obrigue-pacheco-a-instalar-cpi-da-pandemia/ | F53: NA | G53: João Frey | H53: 44266.661 | I53: 2021-03-11_15h50 - Congresso em Foco - Senadores pedem que STF obrigue Pacheco a ins.pdf | J53: =Tb_MateriasJornais[[#This Row],[Jor_Jornal]]&" - "&Tb_MateriasJornais[[#This Row],[Jor_Titulo]]&" - "&TEXT(Tb_MateriasJornais[[#This Row],[Jor_Data]],"dd/mm/aaaa") -> Congresso em Foco - Senadores pedem que STF obrigue Pacheco a instalar CPI da pandemia - 11/03/2021
A54: 889 | B54: 44266.714 | C54: Alessandro Vieira e Jorge Kajuru acionam Supremo para obrigar Pacheco a instaurar CPI da Covid no Senado | D54: Estadão | E54: https://politica.estadao.com.br/blogs/fausto-macedo/alessandro-vieira-e-jorge-kajuru-acionam-supremo-para-obrigar-pacheco-a-instaurar-cpi-da-covid-no-senado/ | F54: Requerimento apresentado por parlamentares em janeiro ainda não foi avaliado pelo presidente da Casa, que já disse que abrir a comissão seria &#039;contraproducente&#039; | G54: Fausto Macedo | H54: 44266.714 | I54: 2021-03-11_17h08 - Estadão - Alessandro Vieira e Jorge Kajuru acionam Supr.pdf | J54: =Tb_MateriasJornais[[#This Row],[Jor_Jornal]]&" - "&Tb_MateriasJornais[[#This Row],[Jor_Titulo]]&" - "&TEXT(Tb_MateriasJornais[[#This Row],[Jor_Data]],"dd/mm/aaaa") -> Estadão - Alessandro Vieira e Jorge Kajuru acionam Supremo para obrigar Pacheco a instaurar CPI da Covid no Senado - 11/03/2021
A55: 38 | B55: 44267.585 | C55: Líder do DEM é contra CPI da pandemia no Senado | D55: Congresso em Foco | E55: https://congressoemfoco.uol.com.br/area/congresso-nacional/lider-do-dem-e-contra-cpi-da-pandemia-no-senado/ | F55: NA | G55: Larissa Calixto | H55: 44267.593 | I55: 2021-03-12_14h03 - Congresso em Foco - Líder do DEM é contra CPI da pandemia no Sena.pdf | J55: =Tb_MateriasJornais[[#This Row],[Jor_Jornal]]&" - "&Tb_MateriasJornais[[#This Row],[Jor_Titulo]]&" - "&TEXT(Tb_MateriasJornais[[#This Row],[Jor_Data]],"dd/mm/aaaa") -> Congresso em Foco - Líder do DEM é contra CPI da pandemia no Senado - 12/03/2021
A56: 890 | B56: 44268.292 | C56: Na miúda, a articulação para trocar Pazuello | D56: Estadão | E56: https://politica.estadao.com.br/blogs/coluna-do-estadao/na-miuda-a-articulacao-para-trocar-pazuello/ | G56: Coluna do Estadão | H56: 44268.384 | I56: 2021-03-13_07h00 - Estadão - Na miúda, a articulação para trocar Pazuello.pdf | J56: =Tb_MateriasJornais[[#This Row],[Jor_Jornal]]&" - "&Tb_MateriasJornais[[#This Row],[Jor_Titulo]]&" - "&TEXT(Tb_MateriasJornais[[#This Row],[Jor_Data]],"dd/mm/aaaa") -> Estadão - Na miúda, a articulação para trocar Pazuello - 13/03/2021
A57: 891 | B57: 44269.125 | C57: É tempo de CPI | D57: Estadão | E57: https://opiniao.estadao.com.br/noticias/notas-e-informacoes,e-tempo-de-cpi,70003646866 | F57: Uma eventual CPI em nada prejudicaria o bom andamento das ações do Legislativo | G57: Notas &amp; Informações | H57: 44269.265 | I57: 2021-03-14_03h00 - Estadão - É tempo de CPI.pdf | J57: =Tb_MateriasJornais[[#This Row],[Jor_Jornal]]&" - "&Tb_MateriasJornais[[#This Row],[Jor_Titulo]]&" - "&TEXT(Tb_MateriasJornais[[#This Row],[Jor_Data]],"dd/mm/aaaa") -> Estadão - É tempo de CPI - 14/03/2021
A58: 1120 | B58: 44270.531 | C58: Com quase 280 mil mortos, Lira e Pacheco consideram lockdown geral medida extrema e pregam pensamento positivo | D58: FolhaSP | E58: https://www1.folha.uol.com.br/equilibrioesaude/2021/03/com-quase-280-mil-mortos-lira-e-pacheco-consideram-lockdown-medida-extrema-e-pregam-positividade.shtml | F58: Presidente do Senado afirmou que negacionismo foi derrotado pelo senso comum e citou Bolsonaro como exemplo de alguém que mudou convicções | G58: Danielle Brant|Renato Machado | I58: 2021-03-15_12h45 - FolhaSP - Com quase 280 mil mortos, Lira e Pacheco cons.pdf | J58: =Tb_MateriasJornais[[#This Row],[Jor_Jornal]]&" - "&Tb_MateriasJornais[[#This Row],[Jor_Titulo]]&" - "&TEXT(Tb_MateriasJornais[[#This Row],[Jor_Data]],"dd/mm/aaaa") -> FolhaSP - Com quase 280 mil mortos, Lira e Pacheco consideram lockdown geral medida extrema e pregam pensamento positivo - 15/03/2021
A59: 892 | B59: 44270.744 | C59: Em tom de despedida, Pazuello diz que espera escolha de substituto para deixar o cargo | D59: Estadão | E59: https://politica.estadao.com.br/noticias/geral,em-tom-de-despedida-pazuello-diz-que-espera-escolha-de-substituto-para-deixar-o-cargo,70003648778 | F59: General faz balanço da sua gestão no Ministério da Saúde e admite que 'o presidente está nessa tratativa de reorganizar' a pasta | G59: Mateus Vargas | H59: 44271.516 | I59: 2021-03-15_17h51 - Estadão - Em tom de despedida, Pazuello diz que espera .pdf | J59: =Tb_MateriasJornais[[#This Row],[Jor_Jornal]]&" - "&Tb_MateriasJornais[[#This Row],[Jor_Titulo]]&" - "&TEXT(Tb_MateriasJornais[[#This Row],[Jor_Data]],"dd/mm/aaaa") -> Estadão - Em tom de despedida, Pazuello diz que espera escolha de substituto para deixar o cargo - 15/03/2021
A60: 1121 | B60: 44270.857 | C60: Pazuello deixa ministério investigado pela PF e durante pior momento da pandemia | D60: FolhaSP | E60: https://www1.folha.uol.com.br/equilibrioesaude/2021/03/pazuello-deixa-ministerio-investigado-pela-pf-e-durante-pior-momento-da-pandemia.shtml | F60: General do Exército comandou a saúde do Brasil durante a maior parte da pandemia de Covid-19 | G60: Thiago Amâncio | I60: 2021-03-15_20h34 - FolhaSP - General do Exército comandou a saúde do Brasil,pdf | J60: =Tb_MateriasJornais[[#This Row],[Jor_Jornal]]&" - "&Tb_MateriasJornais[[#This Row],[Jor_Titulo]]&" - "&TEXT(Tb_MateriasJornais[[#This Row],[Jor_Data]],"dd/mm/aaaa") -> FolhaSP - Pazuello deixa ministério investigado pela PF e durante pior momento da pandemia - 15/03/2021
A61: 893 | B61: 44271.753 | C61: Com troca de ministro, governo quer reduzir pressão por CPI da covid-19 | D61: Estadão | E61: https://politica.estadao.com.br/noticias/geral,com-troca-de-ministro-governo-quer-reduzir-pressao-por-cpi-da-covid-19,70003650020 | F61: Articuladores de Bolsonaro tentam convencer senadores de que a substituição do ministro Pazuello pelo médico Marcelo Queiroga vai sacramentar uma mudança de rumo do Executivo | G61: Daniel Weterman | H61: 44295.353 | I61: 2021-03-16_18h04 - Estadão - Com troca de ministro, governo quer reduzir p.pdf | J61: =Tb_MateriasJornais[[#This Row],[Jor_Jornal]]&" - "&Tb_MateriasJornais[[#This Row],[Jor_Titulo]]&" - "&TEXT(Tb_MateriasJornais[[#This Row],[Jor_Data]],"dd/mm/aaaa") -> Estadão - Com troca de ministro, governo quer reduzir pressão por CPI da covid-19 - 16/03/2021
A62: 894 | B62: 44273.125 | C62: A ‘linha vermelha’ | D62: Estadão | E62: https://opiniao.estadao.com.br/noticias/notas-e-informacoes,a-linha-vermelha,70003651460 | F62: Para muitos brasileiros, Jair Bolsonaro já cruzou a 'linha vermelha' há muito tempo. Para os líderes do Centrão, contudo, ainda há uma margem de tolerância | G62: Notas &amp; Informações | H62: 44273.135 | I62: 2021-03-18_03h00 - Estadão - A ‘linha vermelha’.pdf | J62: =Tb_MateriasJornais[[#This Row],[Jor_Jornal]]&" - "&Tb_MateriasJornais[[#This Row],[Jor_Titulo]]&" - "&TEXT(Tb_MateriasJornais[[#This Row],[Jor_Data]],"dd/mm/aaaa") -> Estadão - A ‘linha vermelha’ - 18/03/2021
A63: 15 | B63: 44273.793 | C63: CPI da Covid está travada. Pacheco se compromete a criar comitê nacional | D63: Congresso em Foco | E63: https://congressoemfoco.uol.com.br/area/congresso-nacional/pacheco-renan-jean-paul-covid-comite/ | F63: NA | G63: Lauriberto Pompeu | H63: 44274.362 | I63: 2021-03-18_19h02 - Congresso em Foco - CPI da Covid está travada. Pacheco se comprom.pdf | J63: =Tb_MateriasJornais[[#This Row],[Jor_Jornal]]&" - "&Tb_MateriasJornais[[#This Row],[Jor_Titulo]]&" - "&TEXT(Tb_MateriasJornais[[#This Row],[Jor_Data]],"dd/mm/aaaa") -> Congresso em Foco - CPI da Covid está travada. Pacheco se compromete a criar comitê nacional - 18/03/2021
A64: 1122 | B64: 44273.844 | C64: Senadores falam em gota d'água para Bolsonaro após Major Olímpio e elevam pressão por CPI | D64: FolhaSP | E64: https://www1.folha.uol.com.br/colunas/painel/2021/03/senadores-falam-em-gota-dagua-para-bolsonaro-apos-major-olimpio-e-elevam-pressao-por-cpi.shtml | F64: Caciques do Congresso, por outro lado, são céticos e dizem que falta mobilização nas ruas | G64: Folha de S.Paulo | I64: 2021-03-18_20h15 - FolhaSP - Senadores falam em gota d'água para Bolsonaro.pdf | J64: =Tb_MateriasJornais[[#This Row],[Jor_Jornal]]&" - "&Tb_MateriasJornais[[#This Row],[Jor_Titulo]]&" - "&TEXT(Tb_MateriasJornais[[#This Row],[Jor_Data]],"dd/mm/aaaa") -> FolhaSP - Senadores falam em gota d'água para Bolsonaro após Major Olímpio e elevam pressão por CPI - 18/03/2021
A65: 895 | B65: 44274.125 | C65: Causa e efeito: Brasil afunda na pandemia, Bolsonaro cai nas pesquisas e no Centrão | D65: Estadão | E65: https://politica.estadao.com.br/noticias/geral,causa-e-efeito-brasil-afunda-na-pandemia-bolsonaro-cai-nas-pesquisas-e-no-centrao,70003652998 | F65: Quem planta vento colhe tempestade e presidente que trata a covid-19 com sarcasmo paga com impopularidade | G65: Eliane Cantanhêde | H65: 44274.21 | I65: 2021-03-19_03h00 - Estadão - Causa e efeito: Brasil afunda na pandemia, Bo.pdf | J65: =Tb_MateriasJornais[[#This Row],[Jor_Jornal]]&" - "&Tb_MateriasJornais[[#This Row],[Jor_Titulo]]&" - "&TEXT(Tb_MateriasJornais[[#This Row],[Jor_Data]],"dd/mm/aaaa") -> Estadão - Causa e efeito: Brasil afunda na pandemia, Bolsonaro cai nas pesquisas e no Centrão - 19/03/2021
A66: 1123 | B66: 44274.189 | C66: Morte de Major Olímpio aumenta pressão pela instalação de CPI da Covid no Senado | D66: FolhaSP | E66: https://www1.folha.uol.com.br/poder/2021/03/morte-cerebral-de-major-olimpio-aumenta-pressao-pela-instalacao-de-cpi-da-covid-no-senado.shtml | F66: Outros dois senadores já morreram em decorrência da Covid-19 ou de complicações da doença | G66: Renato Machado | H66: 44274.267 | I66: 2021-03-19_04h32 - FolhaSP - Morte de Major Olímpio aumenta pressão pela i.pdf | J66: =Tb_MateriasJornais[[#This Row],[Jor_Jornal]]&" - "&Tb_MateriasJornais[[#This Row],[Jor_Titulo]]&" - "&TEXT(Tb_MateriasJornais[[#This Row],[Jor_Data]],"dd/mm/aaaa") -> FolhaSP - Morte de Major Olímpio aumenta pressão pela instalação de CPI da Covid no Senado - 19/03/2021
A67: 896 | B67: 44274.208 | C67: A tragédia do Major e a pressão sobre Pacheco | D67: Estadão | E67: https://politica.estadao.com.br/blogs/coluna-do-estadao/a-tragedia-do-major-e-a-pressao-sobre-pacheco/ | G67: Coluna do Estadão | H67: 44274.894 | I67: 2021-03-19_05h00 - Estadão - A tragédia do Major e a pressão sobre Pacheco.pdf | J67: =Tb_MateriasJornais[[#This Row],[Jor_Jornal]]&" - "&Tb_MateriasJornais[[#This Row],[Jor_Titulo]]&" - "&TEXT(Tb_MateriasJornais[[#This Row],[Jor_Data]],"dd/mm/aaaa") -> Estadão - A tragédia do Major e a pressão sobre Pacheco - 19/03/2021
A68: 897 | B68: 44274.508 | C68: Em carta aberta, Simone Tebet fala em &#039;caos&#039; e cobra ação de Bolsonaro para enfrentar pandemia | D68: Estadão | E68: https://politica.estadao.com.br/blogs/coluna-do-estadao/em-carta-aberta-simone-tebet-fala-em-caos-e-cobra-acao-de-bolsonaro-para-enfrentar-pandemia/ | G68: Coluna do Estadão | H68: 44274.51 | I68: 2021-03-19_12h11 - Estadão - Em carta aberta, Simone Tebet fala em &#039;c.pdf | J68: =Tb_MateriasJornais[[#This Row],[Jor_Jornal]]&" - "&Tb_MateriasJornais[[#This Row],[Jor_Titulo]]&" - "&TEXT(Tb_MateriasJornais[[#This Row],[Jor_Data]],"dd/mm/aaaa") -> Estadão - Em carta aberta, Simone Tebet fala em &#039;caos&#039; e cobra ação de Bolsonaro para enfrentar pandemia - 19/03/2021
A69: 37 | B69: 44274.556 | C69: Senadores aumentam pressão por CPI da Pandemia após morte de Olímpio | D69: Congresso em Foco | E69: https://congressoemfoco.uol.com.br/temas/saude/senadores-aumentam-pressao-sobre-pacheco-por-cpi-pandemia/ | F69: NA | G69: Marina Oliveira | H69: 44274.556 | I69: 2021-03-19_13h20 - Congresso em Foco - Senadores aumentam pressão por CPI da Pandemi.pdf | J69: =Tb_MateriasJornais[[#This Row],[Jor_Jornal]]&" - "&Tb_MateriasJornais[[#This Row],[Jor_Titulo]]&" - "&TEXT(Tb_MateriasJornais[[#This Row],[Jor_Data]],"dd/mm/aaaa") -> Congresso em Foco - Senadores aumentam pressão por CPI da Pandemia após morte de Olímpio - 19/03/2021
A70: 1124 | B70: 44274.689 | C70: Bolsonaro faz aceno ao Congresso para evitar CPI, mas mantém enfrentamento e fala em 'medidas duras' | D70: FolhaSP | E70: https://www1.folha.uol.com.br/poder/2021/03/bolsonaro-faz-aceno-ao-congresso-para-evitar-cpi-mas-mantem-enfrentamento-e-fala-em-medidas-duras.shtml | F70: Fux telefonou para chefe do Executivo para esclarecer declaração sobre possível decretação de estado de sítio | G70: Renato Machado|Gustavo Uribe|Ricardo Della Coletta|Danielle Brant|Matheus Teixeira | H70: 44274.774 | I70: 2021-03-19_16h32 - FolhaSP - Bolsonaro faz aceno ao Congresso para evitar .pdf | J70: =Tb_MateriasJornais[[#This Row],[Jor_Jornal]]&" - "&Tb_MateriasJornais[[#This Row],[Jor_Titulo]]&" - "&TEXT(Tb_MateriasJornais[[#This Row],[Jor_Data]],"dd/mm/aaaa") -> FolhaSP - Bolsonaro faz aceno ao Congresso para evitar CPI, mas mantém enfrentamento e fala em 'medidas duras' - 19/03/2021
A71: 1125 | B71: 44275.844 | C71: Crise da Covid, efeito Lula e auxílio desidratado ameaçam base de Bolsonaro no Congresso | D71: FolhaSP | E71: https://www1.folha.uol.com.br/poder/2021/03/crise-da-covid-efeito-lula-e-auxilio-desidratado-ameacam-base-de-bolsonaro-no-congresso.shtml | F71: Avaliação é que falta de coordenação do governo federal no combate à pandemia pode inviabilizar reeleição em 2022 | G71: Renato Machado|Danielle Brant | H71: 44276.287 | I71: 2021-03-20_20h15 - FolhaSP - Crise da Covid, efeito Lula e auxílio desidra.pdf | J71: =Tb_MateriasJornais[[#This Row],[Jor_Jornal]]&" - "&Tb_MateriasJornais[[#This Row],[Jor_Titulo]]&" - "&TEXT(Tb_MateriasJornais[[#This Row],[Jor_Data]],"dd/mm/aaaa") -> FolhaSP - Crise da Covid, efeito Lula e auxílio desidratado ameaçam base de Bolsonaro no Congresso - 20/03/2021
A72: 1044 | B72: 44276.583 | C72: Um mês depois, lua de mel de Bolsonaro com Centrão acaba | D72: Estadão | E72: https://politica.estadao.com.br/noticias/geral,um-mes-depois-lua-de-mel-de-bolsonaro-com-centrao-acaba,70003655323 | F72: Planalto recebe cobranças públicas e ameaças veladas de abertura de impeachment e de Comissão Parlamentar de Inquérito | G72: Felipe Frazão | H72: 44276.717 | I72: 2021-03-21_14h00 - Estadão - Um mês depois, lua de mel de Bolsonaro com Ce.pdf | J72: =Tb_MateriasJornais[[#This Row],[Jor_Jornal]]&" - "&Tb_MateriasJornais[[#This Row],[Jor_Titulo]]&" - "&TEXT(Tb_MateriasJornais[[#This Row],[Jor_Data]],"dd/mm/aaaa") -> Estadão - Um mês depois, lua de mel de Bolsonaro com Centrão acaba - 21/03/2021
A73: 898 | B73: 44277.125 | C73: O dever da CPI se impõe | D73: Estadão | E73: https://opiniao.estadao.com.br/noticias/notas-e-informacoes,o-dever-da-cpi-se-impoe,70003655572 | F73: Omissão na abertura da CPI da pandemia indicaria alheamento da realidade | G73: Notas&amp;Informações | H73: 44295.353 | I73: 2021-03-22_03h00 - Estadão - O dever da CPI se impõe.pdf | J73: =Tb_MateriasJornais[[#This Row],[Jor_Jornal]]&" - "&Tb_MateriasJornais[[#This Row],[Jor_Titulo]]&" - "&TEXT(Tb_MateriasJornais[[#This Row],[Jor_Data]],"dd/mm/aaaa") -> Estadão - O dever da CPI se impõe - 22/03/2021
A74: 1126 | B74: 44277.478 | C74: Sem citar Bolsonaro, Pacheco ataca 'minoria desordeira' e diz que negacionismo é brincadeira macabra | D74: FolhaSP | E74: https://www1.folha.uol.com.br/poder/2021/03/sem-citar-bolsonaro-pacheco-ataca-minoria-desordeira-e-diz-que-negacionismo-e-brincadeira-macabra.shtml | F74: Fala acontece dois dias antes de reunião entre presidente, chefes do Congresso, governadores e outros entes para tentar criar pacto contra Covid | G74: Renato Machado | H74: 44277.536 | I74: 2021-03-22_11h28 - FolhaSP - Sem citar Bolsonaro, Pacheco ataca 'minoria d.pdf | J74: =Tb_MateriasJornais[[#This Row],[Jor_Jornal]]&" - "&Tb_MateriasJornais[[#This Row],[Jor_Titulo]]&" - "&TEXT(Tb_MateriasJornais[[#This Row],[Jor_Data]],"dd/mm/aaaa") -> FolhaSP - Sem citar Bolsonaro, Pacheco ataca 'minoria desordeira' e diz que negacionismo é brincadeira macabra - 22/03/2021
A75: 1045 | B75: 44277.783 | C75: Pacheco: ‘Negacionismo passou a ser brincadeira de mau gosto, macabra e medieval’ | D75: Estadão | E75: https://politica.estadao.com.br/noticias/geral,pacheco-negacionismo-passou-a-ser-brincadeira-de-mau-gosto-macabra-e-medieval,70003656636 | F75: Presidente do Senado diz que País precisa de ‘união’ diante do avanço da pandemia da covid-19, mas evita criticar o presidente Jair Bolsonaro | G75: Bruno Ribeiro | H75: 44278.567 | I75: 2021-03-22_18h47 - Estadão - Pacheco, ‘Negacionismo passou a ser brincadei.pdf | J75: =Tb_MateriasJornais[[#This Row],[Jor_Jornal]]&" - "&Tb_MateriasJornais[[#This Row],[Jor_Titulo]]&" - "&TEXT(Tb_MateriasJornais[[#This Row],[Jor_Data]],"dd/mm/aaaa") -> Estadão - Pacheco: ‘Negacionismo passou a ser brincadeira de mau gosto, macabra e medieval’ - 22/03/2021
A76: 1127 | B76: 44277.844 | C76: Líder do centrão diz que Bolsonaro 'perdeu narrativa' na pandemia, mas descarta desembarque | D76: FolhaSP | E76: https://www1.folha.uol.com.br/colunas/painel/2021/03/lider-do-centrao-diz-que-bolsonaro-perdeu-narrativa-na-pandemia-mas-descarta-desembarque.shtml | F76: Estaremos com o presidente agora e em 2022, afirma Ciro Nogueira (PP-PI) | G76: Folha de S.Paulo | I76: 2021-03-22_20h15 - FolhaSP - Líder do centrão diz que Bolsonaro 'perdeu na.pdf | J76: =Tb_MateriasJornais[[#This Row],[Jor_Jornal]]&" - "&Tb_MateriasJornais[[#This Row],[Jor_Titulo]]&" - "&TEXT(Tb_MateriasJornais[[#This Row],[Jor_Data]],"dd/mm/aaaa") -> FolhaSP - Líder do centrão diz que Bolsonaro 'perdeu narrativa' na pandemia, mas descarta desembarque - 22/03/2021
A77: 1128 | B77: 44277.844 | C77: Congresso e Supremo veem reunião com Bolsonaro com ceticismo e chance para dar recado ao presidente | D77: FolhaSP | E77: https://www1.folha.uol.com.br/poder/2021/03/congresso-e-stf-veem-reuniao-com-bolsonaro-com-ceticismo-e-chance-para-dar-recado-a-presidente.shtml | F77: Intenção do governo é usar encontro para anunciar medidas de saúde que envolvam todo o poder público | G77: Gustavo Uribe|Danielle Brant|Renato Machado | H77: 44278.187 | I77: 2021-03-22_20h15 - FolhaSP - Congresso e Supremo veem reunião com Bolsonar.pdf | J77: =Tb_MateriasJornais[[#This Row],[Jor_Jornal]]&" - "&Tb_MateriasJornais[[#This Row],[Jor_Titulo]]&" - "&TEXT(Tb_MateriasJornais[[#This Row],[Jor_Data]],"dd/mm/aaaa") -> FolhaSP - Congresso e Supremo veem reunião com Bolsonaro com ceticismo e chance para dar recado ao presidente - 22/03/2021
A78: 1129 | B78: 44279.344 | C78: Após um ano e 300 mil mortes, Bolsonaro anuncia comitê anti-Covid, defende vacinação e prega tratamento precoce | D78: FolhaSP | E78: https://www1.folha.uol.com.br/equilibrioesaude/2021/03/apos-reuniao-com-poderes-bolsonaro-anuncia-comite-defende-vacinacao-e-prega-tratamento-precoce.shtml | F78: Segundo presidente, grupo, que reunirá governo federal, governadores e Senado Federal, vai coordenar ações anti-Covid | G78: Daniel Carvalho|Danielle Brant|Renato Machado|Gustavo Uribe|Julia Chaib|Matheus Teixeira | I78: 2021-03-24_08h16 - FolhaSP - Após um ano e 300 mil mortes, Bolsonaro anunc.pdf | J78: =Tb_MateriasJornais[[#This Row],[Jor_Jornal]]&" - "&Tb_MateriasJornais[[#This Row],[Jor_Titulo]]&" - "&TEXT(Tb_MateriasJornais[[#This Row],[Jor_Data]],"dd/mm/aaaa") -> FolhaSP - Após um ano e 300 mil mortes, Bolsonaro anuncia comitê anti-Covid, defende vacinação e prega tratamento precoce - 24/03/2021
A79: 899 | B79: 44279.468 | C79: Após um ano de pandemia, Bolsonaro anuncia comitê para coordenar ações contra covid-19 | D79: Estadão | E79: https://politica.estadao.com.br/noticias/geral,apos-reuniao-com-chefes-de-poderes-bolsonaro-anuncia-comite-para-coordenar-acoes-contra-covid-19,70003658720 | F79: Um dia após recorde de mortes diárias no País, presidente anuncia comitê para coordenar ações em conjunto com governadores, Legislativo e Judiciário | G79: Emilly Behnke, Camila Turtelli, Daniel Weterman e Marcelo de Moraes | H79: 44279.604 | I79: 2021-03-24_11h14 - Estadão - Após um ano de pandemia, Bolsonaro anuncia co.pdf | J79: =Tb_MateriasJornais[[#This Row],[Jor_Jornal]]&" - "&Tb_MateriasJornais[[#This Row],[Jor_Titulo]]&" - "&TEXT(Tb_MateriasJornais[[#This Row],[Jor_Data]],"dd/mm/aaaa") -> Estadão - Após um ano de pandemia, Bolsonaro anuncia comitê para coordenar ações contra covid-19 - 24/03/2021
A80: 1130 | B80: 44279.667 | C80: Lira cobra reação do governo Bolsonaro na crise e ameaça com 'remédios amargos' do Congresso, 'alguns fatais' | D80: FolhaSP | E80: https://www1.folha.uol.com.br/poder/2021/03/lira-sobe-o-tom-contra-governo-bolsonaro-e-diz-que-crise-pode-provocar-remedios-amargos-alguns-fatais.shtml | F80: Presidente da Câmara pede correção de rumo na pandemia, diz que 'tudo tem limite' e que apertou 'sinal amarelo para quem quiser enxergar' | G80: Danielle Brant|Julia Chaib | H80: 44280.203 | I80: 2021-03-24_16h00 - FolhaSP - Lira cobra reação do governo Bolsonaro na cri.pdf | J80: =Tb_MateriasJornais[[#This Row],[Jor_Jornal]]&" - "&Tb_MateriasJornais[[#This Row],[Jor_Titulo]]&" - "&TEXT(Tb_MateriasJornais[[#This Row],[Jor_Data]],"dd/mm/aaaa") -> FolhaSP - Lira cobra reação do governo Bolsonaro na crise e ameaça com 'remédios amargos' do Congresso, 'alguns fatais' - 24/03/2021
A81: 1131 | B81: 44281.844 | C81: O Congresso deve instalar já a CPI da Covid? SIM | D81: FolhaSP | E81: https://www1.folha.uol.com.br/opiniao/2021/03/o-congresso-deve-instalar-ja-a-cpi-da-covid-sim.shtml | F81: Trata-se de obrigação moral; requerimento ficará na prateleira fria da omissão? | G81: Simone Tebet|Simone Tebet | I81: 2021-03-26_20h15 - FolhaSP - O Congresso deve instalar já a CPI da Covid!! .pdf | J81: =Tb_MateriasJornais[[#This Row],[Jor_Jornal]]&" - "&Tb_MateriasJornais[[#This Row],[Jor_Titulo]]&" - "&TEXT(Tb_MateriasJornais[[#This Row],[Jor_Data]],"dd/mm/aaaa") -> FolhaSP - O Congresso deve instalar já a CPI da Covid? SIM - 26/03/2021
A82: 1132 | B82: 44281.844 | C82: O Congresso deve instalar já a CPI da Covid? NÃO | D82: FolhaSP | E82: https://www1.folha.uol.com.br/opiniao/2021/03/o-congresso-deve-instalar-ja-a-cpi-da-covid-nao.shtml | F82: Não seria racional desviar a atenção da preocupação maior, que é salvar vidas | G82: Eduardo Gomes|Eduardo Gomes | I82: 2021-03-26_20h15 - FolhaSP - O Congresso deve instalar já a CPI da Covid!! .pdf | J82: =Tb_MateriasJornais[[#This Row],[Jor_Jornal]]&" - "&Tb_MateriasJornais[[#This Row],[Jor_Titulo]]&" - "&TEXT(Tb_MateriasJornais[[#This Row],[Jor_Data]],"dd/mm/aaaa") -> FolhaSP - O Congresso deve instalar já a CPI da Covid? NÃO - 26/03/2021
A83: 900 | B83: 44283.208 | C83: Arthur Lira chegou a incluir impeachment no discurso na Câmara em que falou em 'sinal amarelo' | D83: Estadão | E83: https://politica.estadao.com.br/noticias/geral,arthur-lira-chegou-a-incluir-impeachment-no-discurso-na-camara-em-que-falou-em-sinal-amarelo,70003662778 | F83: Na quarta, o deputado decidiu fazer um discurso no plenário para alertar Bolsonaro de que o Congresso dispõe de 'remédios políticos amargos', alguns 'fatais', com o objetivo de impedir 'a espiral de erros de avaliação' | G83: André Shalders e Felipe Frazão | H83: 44283.208 | I83: 2021-03-28_05h00 - Estadão - Arthur Lira chegou a incluir impeachment no d.pdf | J83: =Tb_MateriasJornais[[#This Row],[Jor_Jornal]]&" - "&Tb_MateriasJornais[[#This Row],[Jor_Titulo]]&" - "&TEXT(Tb_MateriasJornais[[#This Row],[Jor_Data]],"dd/mm/aaaa") -> Estadão - Arthur Lira chegou a incluir impeachment no discurso na Câmara em que falou em 'sinal amarelo' - 28/03/2021
A84: 1133 | B84: 44283.844 | C84: Congresso tende a subir o tom contra Bolsonaro com agravamento da pandemia | D84: FolhaSP | E84: https://www1.folha.uol.com.br/poder/2021/03/apesar-de-criacao-de-comite-congresso-tende-a-subir-o-tom-com-agravamento-da-pandemia.shtml | F84: Movimento cobra correção de rumo do presidente antes da adoção de medidas mais duras pelo Legislativo | G84: Danielle Brant|Renato Machado | H84: 44284.185 | I84: 2021-03-28_20h15 - FolhaSP - Congresso tende a subir o tom contra Bolsonar.pdf | J84: =Tb_MateriasJornais[[#This Row],[Jor_Jornal]]&" - "&Tb_MateriasJornais[[#This Row],[Jor_Titulo]]&" - "&TEXT(Tb_MateriasJornais[[#This Row],[Jor_Data]],"dd/mm/aaaa") -> FolhaSP - Congresso tende a subir o tom contra Bolsonaro com agravamento da pandemia - 28/03/2021
A85: 901 | B85: 44284.208 | C85: Nove Estados já instalaram ‘CPIs da Pandemia’ | D85: Estadão | E85: https://politica.estadao.com.br/noticias/geral,9-estados-ja-instalaram-cpis-da-pandemia,70003663627 | F85: Comissões miram atuação de governadores e outros agentes públicos na crise sanitária | G85: Adriana Ferraz | H85: 44284.656 | I85: 2021-03-29_05h00 - Estadão - Nove Estados já instalaram ‘CPIs da Pandemia’.pdf | J85: =Tb_MateriasJornais[[#This Row],[Jor_Jornal]]&" - "&Tb_MateriasJornais[[#This Row],[Jor_Titulo]]&" - "&TEXT(Tb_MateriasJornais[[#This Row],[Jor_Data]],"dd/mm/aaaa") -> Estadão - Nove Estados já instalaram ‘CPIs da Pandemia’ - 29/03/2021
A86: 902 | B86: 44285.458 | C86: Uma necessária CPI no sistema presidencialista | D86: Estadão | E86: https://politica.estadao.com.br/blogs/fausto-macedo/uma-necessaria-cpi-no-sistema-presidencialista/ | G86: Fausto Macedo | H86: 44283.047 | I86: 2021-03-30_11h00 - Estadão - Uma necessária CPI no sistema presidencialist.pdf | J86: =Tb_MateriasJornais[[#This Row],[Jor_Jornal]]&" - "&Tb_MateriasJornais[[#This Row],[Jor_Titulo]]&" - "&TEXT(Tb_MateriasJornais[[#This Row],[Jor_Data]],"dd/mm/aaaa") -> Estadão - Uma necessária CPI no sistema presidencialista - 30/03/2021
A87: 1134 | B87: 44286.969 | C87: Entenda possíveis caminhos para eventual criminalização do presidente Bolsonaro | D87: FolhaSP | E87: https://www1.folha.uol.com.br/poder/2021/03/entenda-possiveis-caminhos-para-eventual-criminalizacao-do-presidente-bolsonaro.shtml | F87: No Brasil, vias de responsabilização precisam do aval da Câmara, enquanto processos internacionais demandam provas robustas | G87: Géssica Brandino | H87: 44301.683 | I87: 2021-03-31_23h15 - FolhaSP - No Brasil, vias de responsabilização precisam do aval.pdf | J87: =Tb_MateriasJornais[[#This Row],[Jor_Jornal]]&" - "&Tb_MateriasJornais[[#This Row],[Jor_Titulo]]&" - "&TEXT(Tb_MateriasJornais[[#This Row],[Jor_Data]],"dd/mm/aaaa") -> FolhaSP - Entenda possíveis caminhos para eventual criminalização do presidente Bolsonaro - 31/03/2021
A88: 1135 | B88: 44287.844 | C88: Senado reage a controle de emendas do governo Bolsonaro pelo centrão da Câmara | D88: FolhaSP | E88: https://www1.folha.uol.com.br/poder/2021/04/senado-reage-a-controle-de-emendas-do-governo-bolsonaro-pelo-centrao-da-camara.shtml | F88: Senadores sentiram-se preteridos com a escolha da deputada Flávia Arruda (PL-DF) para comandar articulação política do Planalto | G88: Julia Chaib|Renato Machado | I88: 2021-04-01_20h15 - FolhaSP - Senado reage a controle de emendas do governo.pdf | J88: =Tb_MateriasJornais[[#This Row],[Jor_Jornal]]&" - "&Tb_MateriasJornais[[#This Row],[Jor_Titulo]]&" - "&TEXT(Tb_MateriasJornais[[#This Row],[Jor_Data]],"dd/mm/aaaa") -> FolhaSP - Senado reage a controle de emendas do governo Bolsonaro pelo centrão da Câmara - 01/04/2021
A89: 903 | B89: 44291.738 | C89: Presidentes de partidos criticam Bolsonaro, mas divergem sobre CPI da covid-19 | D89: Estadão | E89: https://politica.estadao.com.br/noticias/geral,presidentes-de-partidos-criticam-bolsonaro-mas-divergem-sobre-cpi-da-covid-19,70003671371 | F89: Kassab, do PSD, é contra abrir uma investigação sobre conduta do governo na pandemia; Baleia Rossi, do MDB, e Juliano Medeiros, do PSOL, defendem abertura de comissão; dirigentes participaram de debate promovido pelo ‘Estadão’ | G89: Redação | H89: 44295.351 | I89: 2021-04-05_17h43 - Estadão - Presidentes de partidos criticam Bolsonaro, m.pdf | J89: =Tb_MateriasJornais[[#This Row],[Jor_Jornal]]&" - "&Tb_MateriasJornais[[#This Row],[Jor_Titulo]]&" - "&TEXT(Tb_MateriasJornais[[#This Row],[Jor_Data]],"dd/mm/aaaa") -> Estadão - Presidentes de partidos criticam Bolsonaro, mas divergem sobre CPI da covid-19 - 05/04/2021
A90: 1136 | B90: 44294.688 | C90: Barroso, do STF, manda Senado instalar CPI da Covid, em revés para Bolsonaro | D90: FolhaSP | E90: https://www1.folha.uol.com.br/poder/2021/04/barroso-do-stf-manda-presidente-do-senado-instalar-cpi-da-pandemia.shtml | F90: Presidente fala em 'interferência' entre Poderes e cita pedidos de impeachment de ministros da corte; Pacheco diz que cumprirá decisão, mas fala em 'palanque' de 2022 | G90: Matheus Teixeira|Renato Machado|Julia Chaib|Danielle Brant|Daniel Carvalho | H90: 44295.18 | I90: 2021-04-08_16h30 - FolhaSP - Barroso, do STF, manda Senado instalar CPI da.pdf | J90: =Tb_MateriasJornais[[#This Row],[Jor_Jornal]]&" - "&Tb_MateriasJornais[[#This Row],[Jor_Titulo]]&" - "&TEXT(Tb_MateriasJornais[[#This Row],[Jor_Data]],"dd/mm/aaaa") -> FolhaSP - Barroso, do STF, manda Senado instalar CPI da Covid, em revés para Bolsonaro - 08/04/2021
A91: 904 | B91: 44294.766 | C91: O Congresso Nacional e o governo Bolsonaro: há representantes no Brasil | D91: Estadão | E91: https://politica.estadao.com.br/blogs/legis-ativo/o-congresso-nacional-e-o-governo-bolsonaro-ha-representantes-no-brasil/ | G91: João Paulo Viana | H91: 44294.777 | I91: 2021-04-08_18h23 - Estadão - O Congresso Nacional e o governo Bolsonaro: h.pdf | J91: =Tb_MateriasJornais[[#This Row],[Jor_Jornal]]&" - "&Tb_MateriasJornais[[#This Row],[Jor_Titulo]]&" - "&TEXT(Tb_MateriasJornais[[#This Row],[Jor_Data]],"dd/mm/aaaa") -> Estadão - O Congresso Nacional e o governo Bolsonaro: há representantes no Brasil - 08/04/2021
A92: 1137 | B92: 44294.772 | C92: Pacheco diz que instalará CPI da Covid após decisão do Supremo e fala em 'palanque' de 2022 | D92: FolhaSP | E92: https://www1.folha.uol.com.br/poder/2021/04/pacheco-diz-que-cumprira-decisao-de-ministro-do-stf-e-que-cpi-da-covid-pode-ser-palanque-de-2022.shtml | F92: Determinação irritou aliados de presidente do Senado, que ficaram contrariados com ordem monocrática | G92: Renato Machado|Julia Chaib|Danielle Brant | H92: 44294.806 | I92: 2021-04-08_18h31 - FolhaSP - Pacheco diz que instalará CPI da Covid após d.pdf | J92: =Tb_MateriasJornais[[#This Row],[Jor_Jornal]]&" - "&Tb_MateriasJornais[[#This Row],[Jor_Titulo]]&" - "&TEXT(Tb_MateriasJornais[[#This Row],[Jor_Data]],"dd/mm/aaaa") -> FolhaSP - Pacheco diz que instalará CPI da Covid após decisão do Supremo e fala em 'palanque' de 2022 - 08/04/2021
A93: 905 | B93: 44294.808 | C93: Barroso determina que Senado instaure a ‘CPI da Covid’ | D93: Estadão | E93: https://politica.estadao.com.br/blogs/fausto-macedo/barroso-determina-que-senado-instaure-a-cpi-da-covid/ | F93: &#039;O perigo da demora está demonstrado em razão da urgência na apuração de fatos que podem ter agravado os efeitos decorrentes da pandemia da covid-19&#039;, observou o ministro do STF | G93: Rafael Moraes Moura | H93: 44295.636 | I93: 2021-04-08_19h24 - Estadão - Barroso determina que Senado instaure a ‘CPI .pdf | J93: =Tb_MateriasJornais[[#This Row],[Jor_Jornal]]&" - "&Tb_MateriasJornais[[#This Row],[Jor_Titulo]]&" - "&TEXT(Tb_MateriasJornais[[#This Row],[Jor_Data]],"dd/mm/aaaa") -> Estadão - Barroso determina que Senado instaure a ‘CPI da Covid’ - 08/04/2021
A94: 906 | B94: 44294.834 | C94: Brasil tem segundo dia com mais de 4 mil mortes por covid-19 em 24 horas | D94: Estadão | E94: https://saude.estadao.com.br/noticias/geral,brasil-tem-segundo-dia-com-mais-de-4-mil-mortes-por-covid-19-em-24-horas,70003675363 | F94: País registrou 4.190 novos óbitos pelo coronavírus nesta quinta-feira, segundo dados reunidos pelo consórcio de veículos de imprensa. Total chegou a 345.287 | G94: Marco Antônio Carvalho | H94: 44294.853 | I94: 2021-04-08_20h01 - Estadão - Brasil tem segundo dia com mais de 4 mil mort.pdf | J94: =Tb_MateriasJornais[[#This Row],[Jor_Jornal]]&" - "&Tb_MateriasJornais[[#This Row],[Jor_Titulo]]&" - "&TEXT(Tb_MateriasJornais[[#This Row],[Jor_Data]],"dd/mm/aaaa") -> Estadão - Brasil tem segundo dia com mais de 4 mil mortes por covid-19 em 24 horas - 08/04/2021
A95: 1138 | B95: 44294.844 | C95: Barroso teve apoio da maioria dos ministros do STF para determinar CPI da Covid | D95: FolhaSP | E95: https://www1.folha.uol.com.br/colunas/painel/2021/04/barroso-teve-apoio-da-maioria-dos-ministros-do-stf-para-determinar-cpi-da-pandemia.shtml | F95: Ele fez consulta informal a todos os colegas da Corte antes de assinar a decisão | G95: Folha de S.Paulo | I95: 2021-04-08_20h15 - FolhaSP - Barroso teve apoio da maioria dos ministros d.pdf | J95: =Tb_MateriasJornais[[#This Row],[Jor_Jornal]]&" - "&Tb_MateriasJornais[[#This Row],[Jor_Titulo]]&" - "&TEXT(Tb_MateriasJornais[[#This Row],[Jor_Data]],"dd/mm/aaaa") -> FolhaSP - Barroso teve apoio da maioria dos ministros do STF para determinar CPI da Covid - 08/04/2021
A96: 1139 | B96: 44294.844 | C96: Loucura e paranoia derrubam 25 Boeings por dia. CPI da Covid já! | D96: FolhaSP | E96: https://www1.folha.uol.com.br/colunas/reinaldoazevedo/2021/04/loucura-e-paranoia-derrubam-25-boeings-por-dia-cpi-da-covid-ja.shtml | F96: Em 2007, STF determinou por unanimidade instalação de CPI do apagão aéreo, que o governismo tentava evitar | G96: Folha de S.Paulo | I96: 2021-04-08_20h15 - FolhaSP - Loucura e paranoia derrubam 25 Boeings por di.pdf | J96: =Tb_MateriasJornais[[#This Row],[Jor_Jornal]]&" - "&Tb_MateriasJornais[[#This Row],[Jor_Titulo]]&" - "&TEXT(Tb_MateriasJornais[[#This Row],[Jor_Data]],"dd/mm/aaaa") -> FolhaSP - Loucura e paranoia derrubam 25 Boeings por dia. CPI da Covid já! - 08/04/2021
A97: 907 | B97: 44294.856 | C97: Queiroga diz que ‘CPI da Covid’ é assunto entre STF e o Senado; veja repercussão | D97: Estadão | E97: https://politica.estadao.com.br/noticias/geral,queiroga-diz-que-cpi-da-covid-e-assunto-entre-stf-e-o-senado-veja-repercussao,70003675420 | F97: ‘Eu cuido da gestão do Ministério da Saúde’, diz chefe da pasta; Barroso determina apuração de ações e omissões do governo na pandemia | G97: Lauriberto Pompeu, Mateus Vargas e André Shalders | H97: 44295.351 | I97: 2021-04-08_20h32 - Estadão - Queiroga diz que ‘CPI da Covid’ é assunto ent.pdf | J97: =Tb_MateriasJornais[[#This Row],[Jor_Jornal]]&" - "&Tb_MateriasJornais[[#This Row],[Jor_Titulo]]&" - "&TEXT(Tb_MateriasJornais[[#This Row],[Jor_Data]],"dd/mm/aaaa") -> Estadão - Queiroga diz que ‘CPI da Covid’ é assunto entre STF e o Senado; veja repercussão - 08/04/2021
A98: 296 | B98: 44294.86 | C98: Pacheco aguarda notificação do Supremo para decidir CPI da Covid | D98: Jornal do Senado | E98: https://www12.senado.leg.br/noticias/materias/2021/04/08/pacheco-aguarda-notificacao-do-supremo-para-decidir-cpi-da-covid | F98: O presidente do Senado, Rodrigo Pacheco, disse que vai aguardar ser notificado judicialmente para decidir sobre a instalação da Comissão Parlamentar de Inquérito (CPI) da Covid, destinada a investigar as ações do governo no combate à pandemia de coronavírus. O anúncio foi feito na sessão remota do Senado nesta quinta-feira (8), após Pacheco ter sido informado pelo senador Jorge Kajuru (Cidadania-GO) sobre decisão do ministro do Supremo Tribunal Federal (STF), Luís Roberto Barroso, que determinou a instalação da CPI. | G98: Da Redação | H98: 44301.485 | I98: 2021-04-08_20h39 - Jornal do Senado - Pacheco aguarda notificação do Supremo para d.pdf | J98: =Tb_MateriasJornais[[#This Row],[Jor_Jornal]]&" - "&Tb_MateriasJornais[[#This Row],[Jor_Titulo]]&" - "&TEXT(Tb_MateriasJornais[[#This Row],[Jor_Data]],"dd/mm/aaaa") -> Jornal do Senado - Pacheco aguarda notificação do Supremo para decidir CPI da Covid - 08/04/2021
A99: 1140 | B99: 44294.863 | C99: Bolsonaro diz que STF, ao mandar abrir CPI, interfere em Poderes e cita pedidos de impeachment de ministros | D99: FolhaSP | E99: https://www1.folha.uol.com.br/poder/2021/04/bolsonaro-diz-que-stf-ao-mandar-abrir-cpi-interfere-em-poderes-e-cita-pedidos-de-impeachment-de-ministros.shtml | F99: Após sucessão de derrotas no Supremo, presidente afirma que Brasil está sofrendo e que 'não precisamos de conflitos' | G99: Daniel Carvalho | H99: 44295.19 | I99: 2021-04-08_20h43 - FolhaSP - Bolsonaro diz que STF, ao mandar abrir CPI, i.pdf | J99: =Tb_MateriasJornais[[#This Row],[Jor_Jornal]]&" - "&Tb_MateriasJornais[[#This Row],[Jor_Titulo]]&" - "&TEXT(Tb_MateriasJornais[[#This Row],[Jor_Data]],"dd/mm/aaaa") -> FolhaSP - Bolsonaro diz que STF, ao mandar abrir CPI, interfere em Poderes e cita pedidos de impeachment de ministros - 08/04/2021
A100: 908 | B100: 44294.89 | C100: ‘Vou cumprir decisão do Supremo’, diz Pacheco sobre ‘CPI da Covid’ | D100: Estadão | E100: https://politica.estadao.com.br/noticias/geral,vou-cumprir-decisao-do-supremo-diz-pacheco-sobre-cpi-da-covid,70003675477 | F100: Investigação tem como objetivo investigar ações e omissões do governo Jair Bolsonaro no combate à pandemia | G100: Daniel Weterman | H100: 44295.352 | I100: 2021-04-08_21h22 - Estadão - ‘Vou cumprir decisão do Supremo’, diz Pacheco.pdf | J100: =Tb_MateriasJornais[[#This Row],[Jor_Jornal]]&" - "&Tb_MateriasJornais[[#This Row],[Jor_Titulo]]&" - "&TEXT(Tb_MateriasJornais[[#This Row],[Jor_Data]],"dd/mm/aaaa") -> Estadão - ‘Vou cumprir decisão do Supremo’, diz Pacheco sobre ‘CPI da Covid’ - 08/04/2021
...

Sheet Eventos
A1: Evento_Id | B1: Evento_Data | C1: Evento_Descricao | D1: Evento_AtorPrincipal
A2: 1 | B2: 44212 | C2: Apresentação do requerimento para criação da CPI | D2: Randolfe Rodrigues
A3: 2 | B3: 44228 | C3: Eleição para Presidência da CD | D3: Athur Lira
A4: 3 | B4: 44228 | C4: Eleição para Presidência do SF | D4: Rodrigo Pacheco
A5: 4 | B5: 44229 | C5: CPI atinge número suficiente de assinaturas | D5: Randolfe Rodrigues
A6: 5 | B6: 44230 | C6: Pacheco e Lira divulgaram carta na qual divulgam que o Congresso deve ser neste momento “sinônimo de solução, e não de problemas" | D6: Athur Lira e Rodrigo Pacheco
A7: 21 | B7: 44230 | C7: Governo exclui de MP da Vacina item que facilitava negociação com a Pfizer | D7: Governo
A8: 6 | B8: 44231 | C8: Protocolado Pedido de Abertura de CPI | D8: Randolfe Rodrigues
A9: 11 | B9: 44235 | C9: Morre Senador José Maranhão (MDB-PB) | D9: José Maranhão
A10: 8 | B10: 44238 | C10: Eduardo Pazuello participa de audiência do SF | D10: Eduardo Pazuello
A11: 9 | B11: 44242 | C11: Processo de vacinação claudica | D11: Eduardo Pazuello
A12: 10 | B12: 44245 | C12: Senado cria comissão de acompanhamento como alternativa à CPI | D12: Rodrigo Pacheco
A13: 12 | B13: 44249 | C13: A mãe de Jayme Campos (DEM-MT) morre de Covid | D13: Jayme Campos
... A24: 25 | B24: 44273 | C24: Explode o medo da pandemia | D24: .
A25: 28 | B25: 44273 | C25: Rejeição ao governo bate recorde
A26: 20 | B26: 44274 | C26: Contrato para compra de 100 milhões de doses da vacina da Pfizer e 38 milhões da Janssen | D26: Eduardo Pazuello
A27: 26 | B27: 44274 | C27: Bolsonaro entra com ação no STF contra medidas de lockdown propostas pelos governos estaduais da BA, DF e RS. | D27: Jair Bolsonaro
A28: 23 | B28: 44275 | C28: Morre Senador Major Olimpio | D28: Major Olimpio
A29: 31 | B29: 44278 | C29: Faz um pronunciamento oficial na TV dizendo que 2021 será "o ano da vacinação" | D29: Jair Bolsonaro
A30: 30 | B30: 44279 | C30: Criado um Comitê Nacional para discutir medidas de combate à pandemia do coronavírus | D30: Jair Bolsonaro
A31: 32 | B31: 44284 | C31: Flávia Arruda é nomeada para a Secretaria de Governo (marco do "orçamento secreto") | D31: Flávia Arruda
A32: 34 | B32: 44292 | C32: Brasil atinge o número de 4000 mortes por dia de Covid
A33: 33 | B33: 44294 | C33: O Ministro do STF Luís Barroso determina a abertura da CPI da Covid | D33: Luís Roberto Barroso
A34: 7 | B34: 44299 | C34: Apresentação do requerimento para CPI que apura Estados e Municípios | D34: Eduardo Girão

Sheet Eventos_Fontes
A1: Evento_Id | B1: Fonte_Tabela | C1: Fonte_Id | D1: Evento_Data | E1: Evento_Descricao | F1: Fonte_Nome | G1: Fonte_Data
A2: 1 | B2: MateriasJornais | C2: 31 | D2: =VLOOKUP(A2,Eventos!A:D,2) -> 44212 | E2: =VLOOKUP(A2,Eventos!A:D,3) -> Apresentação do requerimento para criação da CPI | F2: {=_xlfn.IFS( Tb_Eventos_Fontes[[#This Row],[Fonte_Tabela]]="MateriasJornais", _xlfn.XLOOKUP(Tb_Eventos_Fontes[[#This Row],[Fonte_Id]],Tb_MateriasJornais[Jor_Id],Tb_MateriasJornais[JorDescricao]), Tb_Eventos_Fontes[[#This Row],[Fonte_Tabela]]="DocumentosCPI", _xlfn.XLOOKUP(Tb_Eventos_Fontes[[#This Row],[Fonte_Id]],Tb_DocumentosCPI[DocCPI_Id],Tb_DocumentosCPI[DocCPI_Nome]), Tb_Eventos_Fontes[[#This Row],[Fonte_Tabela]]="Sites", _xlfn.XLOOKUP(Tb_Eventos_Fontes[[#This Row],[Fonte_Id]],Tb_Sites[Site_Id],Tb_Sites[Site_Nome]), TRUE, "Erro")} -> Congresso em Foco - Randolfe Rodrigues apresenta CPI para investigar crise do oxigênio no AM - 16/01/2021 | G2: {=_xlfn.IFS( Tb_Eventos_Fontes[[#This Row],[Fonte_Tabela]]="MateriasJornais", _xlfn.XLOOKUP(Tb_Eventos_Fontes[[#This Row],[Fonte_Id]],Tb_MateriasJornais[Jor_Id],Tb_MateriasJornais[Jor_Data]), Tb_Eventos_Fontes[[#This Row],[Fonte_Tabela]]="DocumentosCPI", _xlfn.XLOOKUP(Tb_Eventos_Fontes[[#This Row],[Fonte_Id]],Tb_DocumentosCPI[DocCPI_Id],Tb_DocumentosCPI[DocCPI_Data]), Tb_Eventos_Fontes[[#This Row],[Fonte_Tabela]]="Sites", "Não Disp", TRUE, "Erro")} -> 44212.535
A3: 1 | B3: DocumentosCPI | C3: 1 | D3: =VLOOKUP(A3,Eventos!A:D,2) -> 44212 | E3: =VLOOKUP(A3,Eventos!A:D,3) -> Apresentação do requerimento para criação da CPI | F3: {=_xlfn.IFS( Tb_Eventos_Fontes[[#This Row],[Fonte_Tabela]]="MateriasJornais", _xlfn.XLOOKUP(Tb_Eventos_Fontes[[#This Row],[Fonte_Id]],Tb_MateriasJornais[Jor_Id],Tb_MateriasJornais[JorDescricao]), Tb_Eventos_Fontes[[#This Row],[Fonte_Tabela]]="DocumentosCPI", _xlfn.XLOOKUP(Tb_Eventos_Fontes[[#This Row],[Fonte_Id]],Tb_DocumentosCPI[DocCPI_Id],Tb_DocumentosCPI[DocCPI_Nome]), Tb_Eventos_Fontes[[#This Row],[Fonte_Tabela]]="Sites", _xlfn.XLOOKUP(Tb_Eventos_Fontes[[#This Row],[Fonte_Id]],Tb_Sites[Site_Id],Tb_Sites[Site_Nome]), TRUE, "Erro")} -> Requerimento N° 1371, DE 2021 | G3: {=_xlfn.IFS( Tb_Eventos_Fontes[[#This Row],[Fonte_Tabela]]="MateriasJornais", _xlfn.XLOOKUP(Tb_Eventos_Fontes[[#This Row],[Fonte_Id]],Tb_MateriasJornais[Jor_Id],Tb_MateriasJornais[Jor_Data]), Tb_Eventos_Fontes[[#This Row],[Fonte_Tabela]]="DocumentosCPI", _xlfn.XLOOKUP(Tb_Eventos_Fontes[[#This Row],[Fonte_Id]],Tb_DocumentosCPI[DocCPI_Id],Tb_DocumentosCPI[DocCPI_Data]), Tb_Eventos_Fontes[[#This Row],[Fonte_Tabela]]="Sites", "Não Disp", TRUE, "Erro")} -> 44211
A4: 2 | B4: MateriasJornais | C4: 1111 | D4: =VLOOKUP(A4,Eventos!A:D,2) -> 44228 | E4: =VLOOKUP(A4,Eventos!A:D,3) -> Eleição para Presidência da CD | F4: {=_xlfn.IFS( Tb_Eventos_Fontes[[#This Row],[Fonte_Tabela]]="MateriasJornais", _xlfn.XLOOKUP(Tb_Eventos_Fontes[[#This Row],[Fonte_Id]],Tb_MateriasJornais[Jor_Id],Tb_MateriasJornais[JorDescricao]), Tb_Eventos_Fontes[[#This Row],[Fonte_Tabela]]="DocumentosCPI", _xlfn.XLOOKUP(Tb_Eventos_Fontes[[#This Row],[Fonte_Id]],Tb_DocumentosCPI[DocCPI_Id],Tb_DocumentosCPI[DocCPI_Nome]), Tb_Eventos_Fontes[[#This Row],[Fonte_Tabela]]="Sites", _xlfn.XLOOKUP(Tb_Eventos_Fontes[[#This Row],[Fonte_Id]],Tb_Sites[Site_Id],Tb_Sites[Site_Nome]), TRUE, "Erro")} -> FolhaSP - Líder do centrão, Lira é eleito presidente da Câmara após interferência de Bolsonaro - 01/02/2021 | G4: {=_xlfn.IFS( Tb_Eventos_Fontes[[#This Row],[Fonte_Tabela]]="MateriasJornais", _xlfn.XLOOKUP(Tb_Eventos_Fontes[[#This Row],[Fonte_Id]],Tb_MateriasJornais[Jor_Id],Tb_MateriasJornais[Jor_Data]), Tb_Eventos_Fontes[[#This Row],[Fonte_Tabela]]="DocumentosCPI", _xlfn.XLOOKUP(Tb_Eventos_Fontes[[#This Row],[Fonte_Id]],Tb_DocumentosCPI[DocCPI_Id],Tb_DocumentosCPI[DocCPI_Data]), Tb_Eventos_Fontes[[#This Row],[Fonte_Tabela]]="Sites", "Não Disp", TRUE, "Erro")} -> 44228.833
A5: 2 | B5: MateriasJornais | C5: 869 | D5: =VLOOKUP(A5,Eventos!A:D,2) -> 44228 | E5: =VLOOKUP(A5,Eventos!A:D,3) -> Eleição para Presidência da CD | F5: {=_xlfn.IFS( Tb_Eventos_Fontes[[#This Row],[Fonte_Tabela]]="MateriasJornais", _xlfn.XLOOKUP(Tb_Eventos_Fontes[[#This Row],[Fonte_Id]],Tb_MateriasJornais[Jor_Id],Tb_MateriasJornais[JorDescricao]), Tb_Eventos_Fontes[[#This Row],[Fonte_Tabela]]="DocumentosCPI", _xlfn.XLOOKUP(Tb_Eventos_Fontes[[#This Row],[Fonte_Id]],Tb_DocumentosCPI[DocCPI_Id],Tb_DocumentosCPI[DocCPI_Nome]), Tb_Eventos_Fontes[[#This Row],[Fonte_Tabela]]="Sites", _xlfn.XLOOKUP(Tb_Eventos_Fontes[[#This Row],[Fonte_Id]],Tb_Sites[Site_Id],Tb_Sites[Site_Nome]), TRUE, "Erro")} -> Estadão - Com apoio de Bolsonaro, Arthur Lira é eleito presidente da Câmara - 01/02/2021 | G5: {=_xlfn.IFS( Tb_Eventos_Fontes[[#This Row],[Fonte_Tabela]]="MateriasJornais", _xlfn.XLOOKUP(Tb_Eventos_Fontes[[#This Row],[Fonte_Id]],Tb_MateriasJornais[Jor_Id],Tb_MateriasJornais[Jor_Data]), Tb_Eventos_Fontes[[#This Row],[Fonte_Tabela]]="DocumentosCPI", _xlfn.XLOOKUP(Tb_Eventos_Fontes[[#This Row],[Fonte_Id]],Tb_DocumentosCPI[DocCPI_Id],Tb_DocumentosCPI[DocCPI_Data]), Tb_Eventos_Fontes[[#This Row],[Fonte_Tabela]]="Sites", "Não Disp", TRUE, "Erro")} -> 44228.96
A6: 3 | B6: MateriasJornais | C6: 871 | D6: =VLOOKUP(A6,Eventos!A:D,2) -> 44228 | E6: =VLOOKUP(A6,Eventos!A:D,3) -> Eleição para Presidência do SF | F6: {=_xlfn.IFS( Tb_Eventos_Fontes[[#This Row],[Fonte_Tabela]]="MateriasJornais", _xlfn.XLOOKUP(Tb_Eventos_Fontes[[#This Row],[Fonte_Id]],Tb_MateriasJornais[Jor_Id],Tb_MateriasJornais[JorDescricao]), Tb_Eventos_Fontes[[#This Row],[Fonte_Tabela]]="DocumentosCPI", _xlfn.XLOOKUP(Tb_Eventos_Fontes[[#This Row],[Fonte_Id]],Tb_DocumentosCPI[DocCPI_Id],Tb_DocumentosCPI[DocCPI_Nome]), Tb_Eventos_Fontes[[#This Row],[Fonte_Tabela]]="Sites", _xlfn.XLOOKUP(Tb_Eventos_Fontes[[#This Row],[Fonte_Id]],Tb_Sites[Site_Id],Tb_Sites[Site_Nome]), TRUE, "Erro")} -> Estadão - Apoiados por Bolsonaro, Lira e Pacheco vão comandar o Congresso - 02/02/2021 | G6: {=_xlfn.IFS( Tb_Eventos_Fontes[[#This Row],[Fonte_Tabela]]="MateriasJornais", _xlfn.XLOOKUP(Tb_Eventos_Fontes[[#This Row],[Fonte_Id]],Tb_MateriasJornais[Jor_Id],Tb_MateriasJornais[Jor_Data]), Tb_Eventos_Fontes[[#This Row],[Fonte_Tabela]]="DocumentosCPI", _xlfn.XLOOKUP(Tb_Eventos_Fontes[[#This Row],[Fonte_Id]],Tb_DocumentosCPI[DocCPI_Id],Tb_DocumentosCPI[DocCPI_Data]), Tb_Eventos_Fontes[[#This Row],[Fonte_Tabela]]="Sites", "Não Disp", TRUE, "Erro")} -> 44229.034
A7: 4 | B7: MateriasJornais | C7: 872 | D7: =VLOOKUP(A7,Eventos!A:D,2) -> 44229 | E7: =VLOOKUP(A7,Eventos!A:D,3) -> CPI atinge número suficiente de assinaturas | F7: {=_xlfn.IFS( Tb_Eventos_Fontes[[#This Row],[Fonte_Tabela]]="MateriasJornais", _xlfn.XLOOKUP(Tb_Eventos_Fontes[[#This Row],[Fonte_Id]],Tb_MateriasJornais[Jor_Id],Tb_MateriasJornais[JorDescricao]), Tb_Eventos_Fontes[[#This Row],[Fonte_Tabela]]="DocumentosCPI", _xlfn.XLOOKUP(Tb_Eventos_Fontes[[#This Row],[Fonte_Id]],Tb_DocumentosCPI[DocCPI_Id],Tb_DocumentosCPI[DocCPI_Nome]), Tb_Eventos_Fontes[[#This Row],[Fonte_Tabela]]="Sites", _xlfn.XLOOKUP(Tb_Eventos_Fontes[[#This Row],[Fonte_Id]],Tb_Sites[Site_Id],Tb_Sites[Site_Nome]), TRUE, "Erro")} -> Estadão - Senador Randolfe Rodrigues diz já ter assinaturas para criar CPI da covid-19 - 03/02/2021 | G7: {=_xlfn.IFS( Tb_Eventos_Fontes[[#This Row],[Fonte_Tabela]]="MateriasJornais", _xlfn.XLOOKUP(Tb_Eventos_Fontes[[#This Row],[Fonte_Id]],Tb_MateriasJornais[Jor_Id],Tb_MateriasJornais[Jor_Data]), Tb_Eventos_Fontes[[#This Row],[Fonte_Tabela]]="DocumentosCPI", _xlfn.XLOOKUP(Tb_Eventos_Fontes[[#This Row],[Fonte_Id]],Tb_DocumentosCPI[DocCPI_Id],Tb_DocumentosCPI[DocCPI_Data]), Tb_Eventos_Fontes[[#This Row],[Fonte_Tabela]]="Sites", "Não Disp", TRUE, "Erro")} -> 44230.595
A8: 4 | B8: MateriasJornais | C8: 288 | D8: =VLOOKUP(A8,Eventos!A:D,2) -> 44229 | E8: =VLOOKUP(A8,Eventos!A:D,3) -> CPI atinge número suficiente de assinaturas | F8: {=_xlfn.IFS( Tb_Eventos_Fontes[[#This Row],[Fonte_Tabela]]="MateriasJornais", _xlfn.XLOOKUP(Tb_Eventos_Fontes[[#This Row],[Fonte_Id]],Tb_MateriasJornais[Jor_Id],Tb_MateriasJornais[JorDescricao]), Tb_Eventos_Fontes[[#This Row],[Fonte_Tabela]]="DocumentosCPI", _xlfn.XLOOKUP(Tb_Eventos_Fontes[[#This Row],[Fonte_Id]],Tb_DocumentosCPI[DocCPI_Id],Tb_DocumentosCPI[DocCPI_Nome]), Tb_Eventos_Fontes[[#This Row],[Fonte_Tabela]]="Sites", _xlfn.XLOOKUP(Tb_Eventos_Fontes[[#This Row],[Fonte_Id]],Tb_Sites[Site_Id],Tb_Sites[Site_Nome]), TRUE, "Erro")} -> Congresso em Foco - Senadores conseguem assinaturas para pedir criação de CPI da covid-19 - 03/02/2021 | G8: {=_xlfn.IFS( Tb_Eventos_Fontes[[#This Row],[Fonte_Tabela]]="MateriasJornais", _xlfn.XLOOKUP(Tb_Eventos_Fontes[[#This Row],[Fonte_Id]],Tb_MateriasJornais[Jor_Id],Tb_MateriasJornais[Jor_Data]), Tb_Eventos_Fontes[[#This Row],[Fonte_Tabela]]="DocumentosCPI", _xlfn.XLOOKUP(Tb_Eventos_Fontes[[#This Row],[Fonte_Id]],Tb_DocumentosCPI[DocCPI_Id],Tb_DocumentosCPI[DocCPI_Data]), Tb_Eventos_Fontes[[#This Row],[Fonte_Tabela]]="Sites", "Não Disp", TRUE, "Erro")} -> 44230.678
A9: 5 | B9: MateriasJornais | C9: 1108 | D9: =VLOOKUP(A9,Eventos!A:D,2) -> 44230 | E9: =VLOOKUP(A9,Eventos!A:D,3) -> Pacheco e Lira divulgaram carta na qual divulgam que o Congresso deve ser neste momento “sinônimo de solução, e não de problemas" | F9: {=_xlfn.IFS( Tb_Eventos_Fontes[[#This Row],[Fonte_Tabela]]="MateriasJornais", _xlfn.XLOOKUP(Tb_Eventos_Fontes[[#This Row],[Fonte_Id]],Tb_MateriasJornais[Jor_Id],Tb_MateriasJornais[JorDescricao]), Tb_Eventos_Fontes[[#This Row],[Fonte_Tabela]]="DocumentosCPI", _xlfn.XLOOKUP(Tb_Eventos_Fontes[[#This Row],[Fonte_Id]],Tb_DocumentosCPI[DocCPI_Id],Tb_DocumentosCPI[DocCPI_Nome]), Tb_Eventos_Fontes[[#This Row],[Fonte_Tabela]]="Sites", _xlfn.XLOOKUP(Tb_Eventos_Fontes[[#This Row],[Fonte_Id]],Tb_Sites[Site_Id],Tb_Sites[Site_Nome]), TRUE, "Erro")} -> FolhaSP - Senadores reúnem assinaturas para criar CPI da Covid-19 - 04/02/2021 | G9: {=_xlfn.IFS( Tb_Eventos_Fontes[[#This Row],[Fonte_Tabela]]="MateriasJornais", _xlfn.XLOOKUP(Tb_Eventos_Fontes[[#This Row],[Fonte_Id]],Tb_MateriasJornais[Jor_Id],Tb_MateriasJornais[Jor_Data]), Tb_Eventos_Fontes[[#This Row],[Fonte_Tabela]]="DocumentosCPI", _xlfn.XLOOKUP(Tb_Eventos_Fontes[[#This Row],[Fonte_Id]],Tb_DocumentosCPI[DocCPI_Id],Tb_DocumentosCPI[DocCPI_Data]), Tb_Eventos_Fontes[[#This Row],[Fonte_Tabela]]="Sites", "Não Disp", TRUE, "Erro")} -> 44231.478
A10: 5 | B10: MateriasJornais | C10: 1109 | D10: =VLOOKUP(A10,Eventos!A:D,2) -> 44230 | E10: =VLOOKUP(A10,Eventos!A:D,3) -> Pacheco e Lira divulgaram carta na qual divulgam que o Congresso deve ser neste momento “sinônimo de solução, e não de problemas" | F10: {=_xlfn.IFS( Tb_Eventos_Fontes[[#This Row],[Fonte_Tabela]]="MateriasJornais", _xlfn.XLOOKUP(Tb_Eventos_Fontes[[#This Row],[Fonte_Id]],Tb_MateriasJornais[Jor_Id],Tb_MateriasJornais[JorDescricao]), Tb_Eventos_Fontes[[#This Row],[Fonte_Tabela]]="DocumentosCPI", _xlfn.XLOOKUP(Tb_Eventos_Fontes[[#This Row],[Fonte_Id]],Tb_DocumentosCPI[DocCPI_Id],Tb_DocumentosCPI[DocCPI_Nome]), Tb_Eventos_Fontes[[#This Row],[Fonte_Tabela]]="Sites", _xlfn.XLOOKUP(Tb_Eventos_Fontes[[#This Row],[Fonte_Id]],Tb_Sites[Site_Id],Tb_Sites[Site_Nome]), TRUE, "Erro")} -> FolhaSP - Lira e Pacheco definem pauta econômica como prioridade e cobram vacinação ágil; Bolsonaro fala em harmonia - 03/02/2021 | G10: {=_xlfn.IFS( Tb_Eventos_Fontes[[#This Row],[Fonte_Tabela]]="MateriasJornais", _xlfn.XLOOKUP(Tb_Eventos_Fontes[[#This Row],[Fonte_Id]],Tb_MateriasJornais[Jor_Id],Tb_MateriasJornais[Jor_Data]), Tb_Eventos_Fontes[[#This Row],[Fonte_Tabela]]="DocumentosCPI", _xlfn.XLOOKUP(Tb_Eventos_Fontes[[#This Row],[Fonte_Id]],Tb_DocumentosCPI[DocCPI_Id],Tb_DocumentosCPI[DocCPI_Data]), Tb_Eventos_Fontes[[#This Row],[Fonte_Tabela]]="Sites", "Não Disp", TRUE, "Erro")} -> 44230.312
A11: 4 | B11: MateriasJornais | C11: 873 | D11: =VLOOKUP(A11,Eventos!A:D,2) -> 44229 | E11: =VLOOKUP(A11,Eventos!A:D,3) -> CPI atinge número suficiente de assinaturas | F11: {=_xlfn.IFS( Tb_Eventos_Fontes[[#This Row],[Fonte_Tabela]]="MateriasJornais", _xlfn.XLOOKUP(Tb_Eventos_Fontes[[#This Row],[Fonte_Id]],Tb_MateriasJornais[Jor_Id],Tb_MateriasJornais[JorDescricao]), Tb_Eventos_Fontes[[#This Row],[Fonte_Tabela]]="DocumentosCPI", _xlfn.XLOOKUP(Tb_Eventos_Fontes[[#This Row],[Fonte_Id]],Tb_DocumentosCPI[DocCPI_Id],Tb_DocumentosCPI[DocCPI_Nome]), Tb_Eventos_Fontes[[#This Row],[Fonte_Tabela]]="Sites", _xlfn.XLOOKUP(Tb_Eventos_Fontes[[#This Row],[Fonte_Id]],Tb_Sites[Site_Id],Tb_Sites[Site_Nome]), TRUE, "Erro")} -> Estadão - Oposição reúne as 27 assinaturas para abrir CPI da Covid no Senado - 04/02/2021 | G11: {=_xlfn.IFS( Tb_Eventos_Fontes[[#This Row],[Fonte_Tabela]]="MateriasJornais", _xlfn.XLOOKUP(Tb_Eventos_Fontes[[#This Row],[Fonte_Id]],Tb_MateriasJornais[Jor_Id],Tb_MateriasJornais[Jor_Data]), Tb_Eventos_Fontes[[#This Row],[Fonte_Tabela]]="DocumentosCPI", _xlfn.XLOOKUP(Tb_Eventos_Fontes[[#This Row],[Fonte_Id]],Tb_DocumentosCPI[DocCPI_Id],Tb_DocumentosCPI[DocCPI_Data]), Tb_Eventos_Fontes[[#This Row],[Fonte_Tabela]]="Sites", "Não Disp", TRUE, "Erro")} -> 44231.544
A12: 6 | B12: MateriasJornais | C12: 874 | D12: =VLOOKUP(A12,Eventos!A:D,2) -> 44231 | E12: =VLOOKUP(A12,Eventos!A:D,3) -> Protocolado Pedido de Abertura de CPI | F12: {=_xlfn.IFS( Tb_Eventos_Fontes[[#This Row],[Fonte_Tabela]]="MateriasJornais", _xlfn.XLOOKUP(Tb_Eventos_Fontes[[#This Row],[Fonte_Id]],Tb_MateriasJornais[Jor_Id],Tb_MateriasJornais[JorDescricao]), Tb_Eventos_Fontes[[#This Row],[Fonte_Tabela]]="DocumentosCPI", _xlfn.XLOOKUP(Tb_Eventos_Fontes[[#This Row],[Fonte_Id]],Tb_DocumentosCPI[DocCPI_Id],Tb_DocumentosCPI[DocCPI_Nome]), Tb_Eventos_Fontes[[#This Row],[Fonte_Tabela]]="Sites", _xlfn.XLOOKUP(Tb_Eventos_Fontes[[#This Row],[Fonte_Id]],Tb_Sites[Site_Id],Tb_Sites[Site_Nome]), TRUE, "Erro")} -> Estadão - Senadores protocolam pedido de CPI da covid-19 para investigar omissão do governo - 04/02/2021 | G12: {=_xlfn.IFS( Tb_Eventos_Fontes[[#This Row],[Fonte_Tabela]]="MateriasJornais", _xlfn.XLOOKUP(Tb_Eventos_Fontes[[#This Row],[Fonte_Id]],Tb_MateriasJornais[Jor_Id],Tb_MateriasJornais[Jor_Data]), Tb_Eventos_Fontes[[#This Row],[Fonte_Tabela]]="DocumentosCPI", _xlfn.XLOOKUP(Tb_Eventos_Fontes[[#This Row],[Fonte_Id]],Tb_DocumentosCPI[DocCPI_Id],Tb_DocumentosCPI[DocCPI_Data]), Tb_Eventos_Fontes[[#This Row],[Fonte_Tabela]]="Sites", "Não Disp", TRUE, "Erro")} -> 44231.651
A13: 7 | B13: DocumentosCPI | C13: 384 | D13: =VLOOKUP(A13,Eventos!A:D,2) -> 44231 | E13: =VLOOKUP(A13,Eventos!A:D,3) -> Protocolado Pedido de Abertura de CPI | F13: {=_xlfn.IFS( Tb_Eventos_Fontes[[#This Row],[Fonte_Tabela]]="MateriasJornais", _xlfn.XLOOKUP(Tb_Eventos_Fontes[[#This Row],[Fonte_Id]],Tb_MateriasJornais[Jor_Id],Tb_MateriasJornais[JorDescricao]), Tb_Eventos_Fontes[[#This Row],[Fonte_Tabela]]="DocumentosCPI", _xlfn.XLOOKUP(Tb_Eventos_Fontes[[#This Row],[Fonte_Id]],Tb_DocumentosCPI[DocCPI_Id],Tb_DocumentosCPI[DocCPI_Nome]), Tb_Eventos_Fontes[[#This Row],[Fonte_Tabela]]="Sites", _xlfn.XLOOKUP(Tb_Eventos_Fontes[[#This Row],[Fonte_Id]],Tb_Sites[Site_Id],Tb_Sites[Site_Nome]), TRUE, "Erro")} -> Requerimento N° 1372, DE 2021 (avulso inicial da Matéria) | G13: {=_xlfn.IFS( Tb_Eventos_Fontes[[#This Row],[Fonte_Tabela]]="MateriasJornais", _xlfn.XLOOKUP(Tb_Eventos_Fontes[[#This Row],[Fonte_Id]],Tb_MateriasJornais[Jor_Id],Tb_MateriasJornais[Jor_Data]), Tb_Eventos_Fontes[[#This Row],[Fonte_Tabela]]="DocumentosCPI", _xlfn.XLOOKUP(Tb_Eventos_Fontes[[#This Row],[Fonte_Id]],Tb_DocumentosCPI[DocCPI_Id],Tb_DocumentosCPI[DocCPI_Data]), Tb_Eventos_Fontes[[#This Row],[Fonte_Tabela]]="Sites", "Não Disp", TRUE, "Erro")} -> 44299
... A57: 34 | B57: MateriasJornais | C57: 906 | D57: =VLOOKUP(A57,Eventos!A:D,2) -> 44292 | E57: =VLOOKUP(A57,Eventos!A:D,3) -> Brasil atinge o número de 4000 mortes por dia de Covid | F57: {=_xlfn.IFS( Tb_Eventos_Fontes[[#This Row],[Fonte_Tabela]]="MateriasJornais", _xlfn.XLOOKUP(Tb_Eventos_Fontes[[#This Row],[Fonte_Id]],Tb_MateriasJornais[Jor_Id],Tb_MateriasJornais[JorDescricao]), Tb_Eventos_Fontes[[#This Row],[Fonte_Tabela]]="DocumentosCPI", _xlfn.XLOOKUP(Tb_Eventos_Fontes[[#This Row],[Fonte_Id]],Tb_DocumentosCPI[DocCPI_Id],Tb_DocumentosCPI[DocCPI_Nome]), Tb_Eventos_Fontes[[#This Row],[Fonte_Tabela]]="Sites", _xlfn.XLOOKUP(Tb_Eventos_Fontes[[#This Row],[Fonte_Id]],Tb_Sites[Site_Id],Tb_Sites[Site_Nome]), TRUE, "Erro")} -> Estadão - Brasil tem segundo dia com mais de 4 mil mortes por covid-19 em 24 horas - 08/04/2021 | G57: {=_xlfn.IFS( Tb_Eventos_Fontes[[#This Row],[Fonte_Tabela]]="MateriasJornais", _xlfn.XLOOKUP(Tb_Eventos_Fontes[[#This Row],[Fonte_Id]],Tb_MateriasJornais[Jor_Id],Tb_MateriasJornais[Jor_Data]), Tb_Eventos_Fontes[[#This Row],[Fonte_Tabela]]="DocumentosCPI", _xlfn.XLOOKUP(Tb_Eventos_Fontes[[#This Row],[Fonte_Id]],Tb_DocumentosCPI[DocCPI_Id],Tb_DocumentosCPI[DocCPI_Data]), Tb_Eventos_Fontes[[#This Row],[Fonte_Tabela]]="Sites", "Não Disp", TRUE, "Erro")} -> 44294.834

Sheet Atores
A1: Ator_Id | B1: Ator_Nome | C1: Ator_Categoria | D1: Ator_ColetivoIndividual | E1: Detalhes
A2: 1 | B2: Omar Aziz | C2: Senador | D2: Individual
A3: 2 | B3: Randolfe Rodrigues | C3: Senador | D3: Individual
A4: 3 | B4: Renan Calheiros | C4: Senador | D4: Individual
A5: 4 | B5: Eduardo Braga | C5: Senador | D5: Individual
A6: 5 | B6: Luis Carlos Heinze | C6: Senador | D6: Individual
A7: 6 | B7: Eduardo Girão | C7: Senador | D7: Individual
A8: 7 | B8: Tasso Jereissati | C8: Senador | D8: Individual
A9: 8 | B9: Otto Alencar | C9: Senador | D9: Individual
A10: 9 | B10: Marcos Rogério | C10: Senador | D10: Individual
A11: 10 | B11: Jorginho Mello | C11: Senador | D11: Individual
A12: 11 | B12: Humberto Costa | C12: Senador | D12: Individual
A13: 12 | B13: Jader Barbalho | C13: Senador | D13: Individual
... A19: 18 | B19: Alessandro Vieira | C19: Senador | D19: Individual
A20: 19 | B20: Rodrigo Maia | C20: Deputado | D20: Individual | E20: Ex-presidente da CD
A21: 20 | B21: Rede | C21: Partido | D21: Coletivo
A22: 21 | B22: PSB | C22: Partido | D22: Coletivo
A23: 22 | B23: PT | C23: Partido | D23: Coletivo
A24: 23 | B24: PCdoB | C24: Partido | D24: Coletivo
A25: 24 | B25: PDT | C25: Partido | D25: Coletivo
A26: 25 | B26: MBL | C26: Movimento Civil | D26: Coletivo
A27: 26 | B27: Vem Pra Rua | C27: Movimento Civil | D27: Coletivo
A28: 27 | B28: MST | C28: Movimento Civil | D28: Coletivo
A29: 28 | B29: MTST | C29: Movimento Civil | D29: Coletivo
A30: 29 | B30: Brasil Popular | C30: Movimento Civil | D30: Coletivo
A31: 30 | B31: Brasil Sem Medo | C31: Movimento Civil | D31: Coletivo
A32: 31 | B32: Augusto Aras | C32: PGR | D32: Individual
... A35: 34 | B35: Rodrigo Pacheco | C35: Senador | D35: Individual
A36: 35 | B36: Baleia Rossi | C36: Deputado | D36: Individual | E36: Concorreu com Lira pela presidência da CD. Presidente do MDB
A37: 36 | B37: Simone Tebet | C37: Senador | D37: Individual | E37: Concorreu com Pacheco pela presidência do SF
A38: 37 | B38: Movimento Acredito | C38: Movimento Civil | D38: Coletivo
A39: 38 | B39: Alceu Moreira | C39: Deputado | D39: Individual | E39: Presidente da Frente Parlamentar da Agropecuária
A40: 39 | B40: Progressistas | C40: Partido | D40: Coletivo
A41: 40 | B41: Alexandre Frota | C41: Deputado | D41: Individual
A42: 41 | B42: Davi Alcolumbre | C42: Senador | D42: Individual | E42: Ex-presidente do SF
A43: 42 | B43: Jean Paul Prates | C43: Senador | D43: Individual
A44: 43 | B44: Jorge Kajuru | C44: Senador | D44: Individual
A45: 44 | B45: Fabiano Contarato | C45: Senador | D45: Individual
A46: 45 | B46: Álvaro Dias | C46: Senador | D46: Individual
A47: 46 | B47: Mara Gabrilli | C47: Senador | D47: Individual
A48: 47 | B48: Plínio Valério | C48: Senador | D48: Individual
A49: 48 | B49: Reguffe | C49: Senador | D49: Individual
A50: 49 | B50: Leila Barros | C50: Senador | D50: Individual
A51: 50 | B51: Cid Gomes | C51: Senador | D51: Individual
A52: 51 | B52: Eliziane Gama | C52: Senador | D52: Individual
A53: 52 | B53: Major Olímpio | C53: Senador | D53: Individual
A54: 53 | B54: Paulo Paim | C54: Senador | D54: Individual
... A95: 95 | B95: Estadão | C95: Mídia | D95: Coletivo
A96: 96 | B96: Renan Filho | C96: Governador de Estado | D96: Individual | E96: Governador do Alagoas (MDB)
A97: 97 | B97: Waldez Góes | C97: Governador de Estado | D97: Individual | E97: Governador do Amapá (PDT)
A98: 98 | B98: Camilo Santana | C98: Governador de Estado | D98: Individual | E98: Governador do Ceará (PT)
A99: 99 | B99: Renato Casagrande | C99: Governador de Estado | D99: Individual | E99: Governador do Espírito Santo (PSB)
A100: 100 | B100: Ronaldo Caiado | C100: Governador de Estado | D100: Individual | E100: Governador do Goiás (DEM)
A101: 101 | B101: Flávio Dino | C101: Governador de Estado | D101: Individual | E101: Governador do Maranhão (PCdoB)
A102: 102 | B102: Helder Barbalho | C102: Governador de Estado | D102: Individual | E102: Governador do Pará (MDB)
A103: 103 | B103: João Azevêdo | C103: Governador de Estado | D103: Individual | E103: Governador do Paraíba (Cidadania)
A104: 104 | B104: Ratinho Junior | C104: Governador de Estado | D104: Individual | E104: Governador do Paraná (PSD)
A105: 105 | B105: Paulo Câmara | C105: Governador de Estado | D105: Individual | E105: Governador do Pernambuco (PSB)
A106: 106 | B106: Wellington Dias | C106: Governador de Estado | D106: Individual | E106: Governador do Piauí (PT)
A107: 107 | B107: Cláudio Castro | C107: Governador de Estado | D107: Individual | E107: Governador do Rio de Janeiro (PSC)
... A111: 111 | B111: Belivaldo Chagas | C111: Governador de Estado | D111: Individual | E111: Governador do Sergipe (PSD)
A112: 112 | B112: Acredito | C112: Movimento Civil | D112: Coletivo
A113: 113 | B113: Agora | C113: Movimento Civil | D113: Coletivo
A114: 114 | B114: Livres | C114: Movimento Civil | D114: Coletivo
A115: 115 | B115: Ocupa Política | C115: Movimento Civil | D115: Coletivo
A116: 116 | B116: Folha de S.Paulo | C116: Mídia | D116: Coletivo
A117: 117 | B117: Kátia Abreu | C117: Senador | D117: Individual
A118: 118 | B118: Instituto dos Advogados Brasileiros (IAB) | C118: Movimento Civil | D118: Coletivo
A119: 119 | B119: Ordem dos Advogados do Brasil (OAB) | C119: Movimento Civil | D119: Coletivo
A120: 120 | B120: Major Olimpio | C120: Senador | D120: Individual
A121: 121 | B121: Luís Inácio Lula da Silva | C121: Lider Político sem Cargo | D121: Individual | E121: Ex-presidente
A122: 122 | B122: Marcelo Ramos | C122: Deputado | D122: Individual | E122: Vice-presidente da Câmara (PL-AM)
A123: 123 | B123: Luís Fux | C123: Ministro STF | D123: Individual
A124: 124 | B124: Alex Manente | C124: Deputado | D124: Individual | E124: Lider do Cidadania na Câmara (SP)
A125: 125 | B125: Fábio Trad | C125: Deputado | D125: Individual | E125: (PSD-MS)
A126: 126 | B126: Nelsinho Trad | C126: Senador | D126: Individual | E126: Lider do PSD no Senado (MS)
A127: 127 | B127: Flávia Arruda | C127: Deputado | D127: Individual | E127: (PL-DF)
A128: 128 | B128: PL | C128: Partido | D128: Coletivo
A129: 129 | B129: Gilberto Kassab | C129: Lider Político sem Cargo | D129: Individual | E129: Presidente do PSD
A130: 130 | B130: Juliano Medeiros | C130: Lider Político sem Cargo | D130: Individual | E130: Presidente PSOL
A131: 131 | B131: Luís Roberto Barroso | C131: Ministro STF | D131: Individual
A132: 132 | B132: Eduardo Bolsonaro | C132: Deputado | D132: Individual

Sheet Atores_Posicao
A1: Posicao_Id | B1: Ator_Id | C1: Ator_Nome | D1: Posicao_Data | E1: Posicao_Resumo | F1: PosicaoEvento | G1: PosicaoEvento_Desc | H1: DescricaoPosicao | I1: Posicao_Detalhes | J1: Posicao_Referência | K1: Posicao_ReferênciaDesc
A2: 1 | B2: 19 | C2: =_xlfn.XLOOKUP(Tb_AtoresPosicao[[#This Row],[Ator_Id]],Tb_Atores[Ator_Id],Tb_Atores[Ator_Nome]) -> Rodrigo Maia | D2: 44214 | E2: Criticou Executivo Federal | F2: . | G2: =_xlfn.XLOOKUP(Tb_AtoresPosicao[[#This Row],[PosicaoEvento]],Eventos!A:A,Eventos!C:C,".") -> . | H2: =Tb_AtoresPosicao[[#This Row],[Ator_Nome]]&" - "&Tb_AtoresPosicao[[#This Row],[Posicao_Resumo]]&" - "&TEXT(DAY(Tb_AtoresPosicao[[#This Row],[Posicao_Data]]),"00")&"/"&TEXT(MONTH(Tb_AtoresPosicao[[#This Row],[Posicao_Data]]),"00")&"/"&YEAR(Tb_AtoresPosicao[[#This Row],[Posicao_Data]]) -> Rodrigo Maia - Criticou Executivo Federal - 18/01/2021 | J2: . | K2: =_xlfn.XLOOKUP(Tb_AtoresPosicao[[#This Row],[Posicao_Referência]],Tb_AtoresPosicao[Posicao_Id],Tb_AtoresPosicao[DescricaoPosicao],".") -> .
A3: 6 | B3: 20 | C3: =_xlfn.XLOOKUP(Tb_AtoresPosicao[[#This Row],[Ator_Id]],Tb_Atores[Ator_Id],Tb_Atores[Ator_Nome]) -> Rede | D3: 44215 | E3: Apoiou a criação da CPI da Covid | F3: 1 | G3: =_xlfn.XLOOKUP(Tb_AtoresPosicao[[#This Row],[PosicaoEvento]],Eventos!A:A,Eventos!C:C,".") -> Apresentação do requerimento para criação da CPI | H3: =Tb_AtoresPosicao[[#This Row],[Ator_Nome]]&" - "&Tb_AtoresPosicao[[#This Row],[Posicao_Resumo]]&" - "&TEXT(DAY(Tb_AtoresPosicao[[#This Row],[Posicao_Data]]),"00")&"/"&TEXT(MONTH(Tb_AtoresPosicao[[#This Row],[Posicao_Data]]),"00")&"/"&YEAR(Tb_AtoresPosicao[[#This Row],[Posicao_Data]]) -> Rede - Apoiou a criação da CPI da Covid - 19/01/2021 | J3: . | K3: =_xlfn.XLOOKUP(Tb_AtoresPosicao[[#This Row],[Posicao_Referência]],Tb_AtoresPosicao[Posicao_Id],Tb_AtoresPosicao[DescricaoPosicao],".") -> .
A4: 7 | B4: 21 | C4: =_xlfn.XLOOKUP(Tb_AtoresPosicao[[#This Row],[Ator_Id]],Tb_Atores[Ator_Id],Tb_Atores[Ator_Nome]) -> PSB | D4: 44215 | E4: Apoiou a criação da CPI da Covid | F4: 1 | G4: =_xlfn.XLOOKUP(Tb_AtoresPosicao[[#This Row],[PosicaoEvento]],Eventos!A:A,Eventos!C:C,".") -> Apresentação do requerimento para criação da CPI | H4: =Tb_AtoresPosicao[[#This Row],[Ator_Nome]]&" - "&Tb_AtoresPosicao[[#This Row],[Posicao_Resumo]]&" - "&TEXT(DAY(Tb_AtoresPosicao[[#This Row],[Posicao_Data]]),"00")&"/"&TEXT(MONTH(Tb_AtoresPosicao[[#This Row],[Posicao_Data]]),"00")&"/"&YEAR(Tb_AtoresPosicao[[#This Row],[Posicao_Data]]) -> PSB - Apoiou a criação da CPI da Covid - 19/01/2021 | J4: . | K4: =_xlfn.XLOOKUP(Tb_AtoresPosicao[[#This Row],[Posicao_Referência]],Tb_AtoresPosicao[Posicao_Id],Tb_AtoresPosicao[DescricaoPosicao],".") -> .
A5: 8 | B5: 22 | C5: =_xlfn.XLOOKUP(Tb_AtoresPosicao[[#This Row],[Ator_Id]],Tb_Atores[Ator_Id],Tb_Atores[Ator_Nome]) -> PT | D5: 44215 | E5: Apoiou a criação da CPI da Covid | F5: 1 | G5: =_xlfn.XLOOKUP(Tb_AtoresPosicao[[#This Row],[PosicaoEvento]],Eventos!A:A,Eventos!C:C,".") -> Apresentação do requerimento para criação da CPI | H5: =Tb_AtoresPosicao[[#This Row],[Ator_Nome]]&" - "&Tb_AtoresPosicao[[#This Row],[Posicao_Resumo]]&" - "&TEXT(DAY(Tb_AtoresPosicao[[#This Row],[Posicao_Data]]),"00")&"/"&TEXT(MONTH(Tb_AtoresPosicao[[#This Row],[Posicao_Data]]),"00")&"/"&YEAR(Tb_AtoresPosicao[[#This Row],[Posicao_Data]]) -> PT - Apoiou a criação da CPI da Covid - 19/01/2021 | J5: . | K5: =_xlfn.XLOOKUP(Tb_AtoresPosicao[[#This Row],[Posicao_Referência]],Tb_AtoresPosicao[Posicao_Id],Tb_AtoresPosicao[DescricaoPosicao],".") -> .
A6: 9 | B6: 23 | C6: =_xlfn.XLOOKUP(Tb_AtoresPosicao[[#This Row],[Ator_Id]],Tb_Atores[Ator_Id],Tb_Atores[Ator_Nome]) -> PCdoB | D6: 44215 | E6: Apoiou a criação da CPI da Covid | F6: 1 | G6: =_xlfn.XLOOKUP(Tb_AtoresPosicao[[#This Row],[PosicaoEvento]],Eventos!A:A,Eventos!C:C,".") -> Apresentação do requerimento para criação da CPI | H6: =Tb_AtoresPosicao[[#This Row],[Ator_Nome]]&" - "&Tb_AtoresPosicao[[#This Row],[Posicao_Resumo]]&" - "&TEXT(DAY(Tb_AtoresPosicao[[#This Row],[Posicao_Data]]),"00")&"/"&TEXT(MONTH(Tb_AtoresPosicao[[#This Row],[Posicao_Data]]),"00")&"/"&YEAR(Tb_AtoresPosicao[[#This Row],[Posicao_Data]]) -> PCdoB - Apoiou a criação da CPI da Covid - 19/01/2021 | J6: . | K6: =_xlfn.XLOOKUP(Tb_AtoresPosicao[[#This Row],[Posicao_Referência]],Tb_AtoresPosicao[Posicao_Id],Tb_AtoresPosicao[DescricaoPosicao],".") -> .
A7: 10 | B7: 24 | C7: =_xlfn.XLOOKUP(Tb_AtoresPosicao[[#This Row],[Ator_Id]],Tb_Atores[Ator_Id],Tb_Atores[Ator_Nome]) -> PDT | D7: 44215 | E7: Apoiou a criação da CPI da Covid | F7: 1 | G7: =_xlfn.XLOOKUP(Tb_AtoresPosicao[[#This Row],[PosicaoEvento]],Eventos!A:A,Eventos!C:C,".") -> Apresentação do requerimento para criação da CPI | H7: =Tb_AtoresPosicao[[#This Row],[Ator_Nome]]&" - "&Tb_AtoresPosicao[[#This Row],[Posicao_Resumo]]&" - "&TEXT(DAY(Tb_AtoresPosicao[[#This Row],[Posicao_Data]]),"00")&"/"&TEXT(MONTH(Tb_AtoresPosicao[[#This Row],[Posicao_Data]]),"00")&"/"&YEAR(Tb_AtoresPosicao[[#This Row],[Posicao_Data]]) -> PDT - Apoiou a criação da CPI da Covid - 19/01/2021 | J7: . | K7: =_xlfn.XLOOKUP(Tb_AtoresPosicao[[#This Row],[Posicao_Referência]],Tb_AtoresPosicao[Posicao_Id],Tb_AtoresPosicao[DescricaoPosicao],".") -> .
A8: 12 | B8: 25 | C8: =_xlfn.XLOOKUP(Tb_AtoresPosicao[[#This Row],[Ator_Id]],Tb_Atores[Ator_Id],Tb_Atores[Ator_Nome]) -> MBL | D8: 44215 | E8: Apoiou a criação da CPI da Covid | F8: 1 | G8: =_xlfn.XLOOKUP(Tb_AtoresPosicao[[#This Row],[PosicaoEvento]],Eventos!A:A,Eventos!C:C,".") -> Apresentação do requerimento para criação da CPI | H8: =Tb_AtoresPosicao[[#This Row],[Ator_Nome]]&" - "&Tb_AtoresPosicao[[#This Row],[Posicao_Resumo]]&" - "&TEXT(DAY(Tb_AtoresPosicao[[#This Row],[Posicao_Data]]),"00")&"/"&TEXT(MONTH(Tb_AtoresPosicao[[#This Row],[Posicao_Data]]),"00")&"/"&YEAR(Tb_AtoresPosicao[[#This Row],[Posicao_Data]]) -> MBL - Apoiou a criação da CPI da Covid - 19/01/2021 | J8: . | K8: =_xlfn.XLOOKUP(Tb_AtoresPosicao[[#This Row],[Posicao_Referência]],Tb_AtoresPosicao[Posicao_Id],Tb_AtoresPosicao[DescricaoPosicao],".") -> .
A9: 13 | B9: 26 | C9: =_xlfn.XLOOKUP(Tb_AtoresPosicao[[#This Row],[Ator_Id]],Tb_Atores[Ator_Id],Tb_Atores[Ator_Nome]) -> Vem Pra Rua | D9: 44215 | E9: Apoiou a criação da CPI da Covid | F9: 1 | G9: =_xlfn.XLOOKUP(Tb_AtoresPosicao[[#This Row],[PosicaoEvento]],Eventos!A:A,Eventos!C:C,".") -> Apresentação do requerimento para criação da CPI | H9: =Tb_AtoresPosicao[[#This Row],[Ator_Nome]]&" - "&Tb_AtoresPosicao[[#This Row],[Posicao_Resumo]]&" - "&TEXT(DAY(Tb_AtoresPosicao[[#This Row],[Posicao_Data]]),"00")&"/"&TEXT(MONTH(Tb_AtoresPosicao[[#This Row],[Posicao_Data]]),"00")&"/"&YEAR(Tb_AtoresPosicao[[#This Row],[Posicao_Data]]) -> Vem Pra Rua - Apoiou a criação da CPI da Covid - 19/01/2021 | J9: . | K9: =_xlfn.XLOOKUP(Tb_AtoresPosicao[[#This Row],[Posicao_Referência]],Tb_AtoresPosicao[Posicao_Id],Tb_AtoresPosicao[DescricaoPosicao],".") -> .
A10: 14 | B10: 27 | C10: =_xlfn.XLOOKUP(Tb_AtoresPosicao[[#This Row],[Ator_Id]],Tb_Atores[Ator_Id],Tb_Atores[Ator_Nome]) -> MST | D10: 44215 | E10: Apoiou a criação da CPI da Covid | F10: 1 | G10: =_xlfn.XLOOKUP(Tb_AtoresPosicao[[#This Row],[PosicaoEvento]],Eventos!A:A,Eventos!C:C,".") -> Apresentação do requerimento para criação da CPI | H10: =Tb_AtoresPosicao[[#This Row],[Ator_Nome]]&" - "&Tb_AtoresPosicao[[#This Row],[Posicao_Resumo]]&" - "&TEXT(DAY(Tb_AtoresPosicao[[#This Row],[Posicao_Data]]),"00")&"/"&TEXT(MONTH(Tb_AtoresPosicao[[#This Row],[Posicao_Data]]),"00")&"/"&YEAR(Tb_AtoresPosicao[[#This Row],[Posicao_Data]]) -> MST - Apoiou a criação da CPI da Covid - 19/01/2021 | J10: . | K10: =_xlfn.XLOOKUP(Tb_AtoresPosicao[[#This Row],[Posicao_Referência]],Tb_AtoresPosicao[Posicao_Id],Tb_AtoresPosicao[DescricaoPosicao],".") -> .
A11: 15 | B11: 28 | C11: =_xlfn.XLOOKUP(Tb_AtoresPosicao[[#This Row],[Ator_Id]],Tb_Atores[Ator_Id],Tb_Atores[Ator_Nome]) -> MTST | D11: 44215 | E11: Apoiou a criação da CPI da Covid | F11: 1 | G11: =_xlfn.XLOOKUP(Tb_AtoresPosicao[[#This Row],[PosicaoEvento]],Eventos!A:A,Eventos!C:C,".") -> Apresentação do requerimento para criação da CPI | H11: =Tb_AtoresPosicao[[#This Row],[Ator_Nome]]&" - "&Tb_AtoresPosicao[[#This Row],[Posicao_Resumo]]&" - "&TEXT(DAY(Tb_AtoresPosicao[[#This Row],[Posicao_Data]]),"00")&"/"&TEXT(MONTH(Tb_AtoresPosicao[[#This Row],[Posicao_Data]]),"00")&"/"&YEAR(Tb_AtoresPosicao[[#This Row],[Posicao_Data]]) -> MTST - Apoiou a criação da CPI da Covid - 19/01/2021 | J11: . | K11: =_xlfn.XLOOKUP(Tb_AtoresPosicao[[#This Row],[Posicao_Referência]],Tb_AtoresPosicao[Posicao_Id],Tb_AtoresPosicao[DescricaoPosicao],".") -> .
A12: 16 | B12: 29 | C12: =_xlfn.XLOOKUP(Tb_AtoresPosicao[[#This Row],[Ator_Id]],Tb_Atores[Ator_Id],Tb_Atores[Ator_Nome]) -> Brasil Popular | D12: 44215 | E12: Apoiou a criação da CPI da Covid | F12: 1 | G12: =_xlfn.XLOOKUP(Tb_AtoresPosicao[[#This Row],[PosicaoEvento]],Eventos!A:A,Eventos!C:C,".") -> Apresentação do requerimento para criação da CPI | H12: =Tb_AtoresPosicao[[#This Row],[Ator_Nome]]&" - "&Tb_AtoresPosicao[[#This Row],[Posicao_Resumo]]&" - "&TEXT(DAY(Tb_AtoresPosicao[[#This Row],[Posicao_Data]]),"00")&"/"&TEXT(MONTH(Tb_AtoresPosicao[[#This Row],[Posicao_Data]]),"00")&"/"&YEAR(Tb_AtoresPosicao[[#This Row],[Posicao_Data]]) -> Brasil Popular - Apoiou a criação da CPI da Covid - 19/01/2021 | J12: . | K12: =_xlfn.XLOOKUP(Tb_AtoresPosicao[[#This Row],[Posicao_Referência]],Tb_AtoresPosicao[Posicao_Id],Tb_AtoresPosicao[DescricaoPosicao],".") -> .
A13: 17 | B13: 30 | C13: =_xlfn.XLOOKUP(Tb_AtoresPosicao[[#This Row],[Ator_Id]],Tb_Atores[Ator_Id],Tb_Atores[Ator_Nome]) -> Brasil Sem Medo | D13: 44215 | E13: Apoiou a criação da CPI da Covid | F13: 1 | G13: =_xlfn.XLOOKUP(Tb_AtoresPosicao[[#This Row],[PosicaoEvento]],Eventos!A:A,Eventos!C:C,".") -> Apresentação do requerimento para criação da CPI | H13: =Tb_AtoresPosicao[[#This Row],[Ator_Nome]]&" - "&Tb_AtoresPosicao[[#This Row],[Posicao_Resumo]]&" - "&TEXT(DAY(Tb_AtoresPosicao[[#This Row],[Posicao_Data]]),"00")&"/"&TEXT(MONTH(Tb_AtoresPosicao[[#This Row],[Posicao_Data]]),"00")&"/"&YEAR(Tb_AtoresPosicao[[#This Row],[Posicao_Data]]) -> Brasil Sem Medo - Apoiou a criação da CPI da Covid - 19/01/2021 | J13: . | K13: =_xlfn.XLOOKUP(Tb_AtoresPosicao[[#This Row],[Posicao_Referência]],Tb_AtoresPosicao[Posicao_Id],Tb_AtoresPosicao[DescricaoPosicao],".") -> .
A14: 22 | B14: 37 | C14: =_xlfn.XLOOKUP(Tb_AtoresPosicao[[#This Row],[Ator_Id]],Tb_Atores[Ator_Id],Tb_Atores[Ator_Nome]) -> Movimento Acredito | D14: 44215 | E14: Apoiou a criação da CPI da Covid | F14: . | G14: =_xlfn.XLOOKUP(Tb_AtoresPosicao[[#This Row],[PosicaoEvento]],Eventos!A:A,Eventos!C:C,".") -> . | H14: =Tb_AtoresPosicao[[#This Row],[Ator_Nome]]&" - "&Tb_AtoresPosicao[[#This Row],[Posicao_Resumo]]&" - "&TEXT(DAY(Tb_AtoresPosicao[[#This Row],[Posicao_Data]]),"00")&"/"&TEXT(MONTH(Tb_AtoresPosicao[[#This Row],[Posicao_Data]]),"00")&"/"&YEAR(Tb_AtoresPosicao[[#This Row],[Posicao_Data]]) -> Movimento Acredito - Apoiou a criação da CPI da Covid - 19/01/2021 | J14: . | K14: =_xlfn.XLOOKUP(Tb_AtoresPosicao[[#This Row],[Posicao_Referência]],Tb_AtoresPosicao[Posicao_Id],Tb_AtoresPosicao[DescricaoPosicao],".") -> .
A15: 23 | B15: 20 | C15: =_xlfn.XLOOKUP(Tb_AtoresPosicao[[#This Row],[Ator_Id]],Tb_Atores[Ator_Id],Tb_Atores[Ator_Nome]) -> Rede | D15: 44215 | E15: Apoiou Impeachmente de Bolsonaro | F15: . | G15: =_xlfn.XLOOKUP(Tb_AtoresPosicao[[#This Row],[PosicaoEvento]],Eventos!A:A,Eventos!C:C,".") -> . | H15: =Tb_AtoresPosicao[[#This Row],[Ator_Nome]]&" - "&Tb_AtoresPosicao[[#This Row],[Posicao_Resumo]]&" - "&TEXT(DAY(Tb_AtoresPosicao[[#This Row],[Posicao_Data]]),"00")&"/"&TEXT(MONTH(Tb_AtoresPosicao[[#This Row],[Posicao_Data]]),"00")&"/"&YEAR(Tb_AtoresPosicao[[#This Row],[Posicao_Data]]) -> Rede - Apoiou Impeachmente de Bolsonaro - 19/01/2021 | J15: . | K15: =_xlfn.XLOOKUP(Tb_AtoresPosicao[[#This Row],[Posicao_Referência]],Tb_AtoresPosicao[Posicao_Id],Tb_AtoresPosicao[DescricaoPosicao],".") -> .
A16: 24 | B16: 21 | C16: =_xlfn.XLOOKUP(Tb_AtoresPosicao[[#This Row],[Ator_Id]],Tb_Atores[Ator_Id],Tb_Atores[Ator_Nome]) -> PSB | D16: 44215 | E16: Apoiou Impeachmente de Bolsonaro | F16: . | G16: =_xlfn.XLOOKUP(Tb_AtoresPosicao[[#This Row],[PosicaoEvento]],Eventos!A:A,Eventos!C:C,".") -> . | H16: =Tb_AtoresPosicao[[#This Row],[Ator_Nome]]&" - "&Tb_AtoresPosicao[[#This Row],[Posicao_Resumo]]&" - "&TEXT(DAY(Tb_AtoresPosicao[[#This Row],[Posicao_Data]]),"00")&"/"&TEXT(MONTH(Tb_AtoresPosicao[[#This Row],[Posicao_Data]]),"00")&"/"&YEAR(Tb_AtoresPosicao[[#This Row],[Posicao_Data]]) -> PSB - Apoiou Impeachmente de Bolsonaro - 19/01/2021 | J16: . | K16: =_xlfn.XLOOKUP(Tb_AtoresPosicao[[#This Row],[Posicao_Referência]],Tb_AtoresPosicao[Posicao_Id],Tb_AtoresPosicao[DescricaoPosicao],".") -> .
A17: 25 | B17: 22 | C17: =_xlfn.XLOOKUP(Tb_AtoresPosicao[[#This Row],[Ator_Id]],Tb_Atores[Ator_Id],Tb_Atores[Ator_Nome]) -> PT | D17: 44215 | E17: Apoiou Impeachmente de Bolsonaro | F17: . | G17: =_xlfn.XLOOKUP(Tb_AtoresPosicao[[#This Row],[PosicaoEvento]],Eventos!A:A,Eventos!C:C,".") -> . | H17: =Tb_AtoresPosicao[[#This Row],[Ator_Nome]]&" - "&Tb_AtoresPosicao[[#This Row],[Posicao_Resumo]]&" - "&TEXT(DAY(Tb_AtoresPosicao[[#This Row],[Posicao_Data]]),"00")&"/"&TEXT(MONTH(Tb_AtoresPosicao[[#This Row],[Posicao_Data]]),"00")&"/"&YEAR(Tb_AtoresPosicao[[#This Row],[Posicao_Data]]) -> PT - Apoiou Impeachmente de Bolsonaro - 19/01/2021 | J17: . | K17: =_xlfn.XLOOKUP(Tb_AtoresPosicao[[#This Row],[Posicao_Referência]],Tb_AtoresPosicao[Posicao_Id],Tb_AtoresPosicao[DescricaoPosicao],".") -> .
A18: 26 | B18: 23 | C18: =_xlfn.XLOOKUP(Tb_AtoresPosicao[[#This Row],[Ator_Id]],Tb_Atores[Ator_Id],Tb_Atores[Ator_Nome]) -> PCdoB | D18: 44215 | E18: Apoiou Impeachmente de Bolsonaro | F18: . | G18: =_xlfn.XLOOKUP(Tb_AtoresPosicao[[#This Row],[PosicaoEvento]],Eventos!A:A,Eventos!C:C,".") -> . | H18: =Tb_AtoresPosicao[[#This Row],[Ator_Nome]]&" - "&Tb_AtoresPosicao[[#This Row],[Posicao_Resumo]]&" - "&TEXT(DAY(Tb_AtoresPosicao[[#This Row],[Posicao_Data]]),"00")&"/"&TEXT(MONTH(Tb_AtoresPosicao[[#This Row],[Posicao_Data]]),"00")&"/"&YEAR(Tb_AtoresPosicao[[#This Row],[Posicao_Data]]) -> PCdoB - Apoiou Impeachmente de Bolsonaro - 19/01/2021 | J18: . | K18: =_xlfn.XLOOKUP(Tb_AtoresPosicao[[#This Row],[Posicao_Referência]],Tb_AtoresPosicao[Posicao_Id],Tb_AtoresPosicao[DescricaoPosicao],".") -> .
A19: 27 | B19: 24 | C19: =_xlfn.XLOOKUP(Tb_AtoresPosicao[[#This Row],[Ator_Id]],Tb_Atores[Ator_Id],Tb_Atores[Ator_Nome]) -> PDT | D19: 44215 | E19: Apoiou Impeachmente de Bolsonaro | F19: . | G19: =_xlfn.XLOOKUP(Tb_AtoresPosicao[[#This Row],[PosicaoEvento]],Eventos!A:A,Eventos!C:C,".") -> . | H19: =Tb_AtoresPosicao[[#This Row],[Ator_Nome]]&" - "&Tb_AtoresPosicao[[#This Row],[Posicao_Resumo]]&" - "&TEXT(DAY(Tb_AtoresPosicao[[#This Row],[Posicao_Data]]),"00")&"/"&TEXT(MONTH(Tb_AtoresPosicao[[#This Row],[Posicao_Data]]),"00")&"/"&YEAR(Tb_AtoresPosicao[[#This Row],[Posicao_Data]]) -> PDT - Apoiou Impeachmente de Bolsonaro - 19/01/2021 | J19: . | K19: =_xlfn.XLOOKUP(Tb_AtoresPosicao[[#This Row],[Posicao_Referência]],Tb_AtoresPosicao[Posicao_Id],Tb_AtoresPosicao[DescricaoPosicao],".") -> .
A20: 28 | B20: 25 | C20: =_xlfn.XLOOKUP(Tb_AtoresPosicao[[#This Row],[Ator_Id]],Tb_Atores[Ator_Id],Tb_Atores[Ator_Nome]) -> MBL | D20: 44215 | E20: Apoiou Impeachmente de Bolsonaro | F20: . | G20: =_xlfn.XLOOKUP(Tb_AtoresPosicao[[#This Row],[PosicaoEvento]],Eventos!A:A,Eventos!C:C,".") -> . | H20: =Tb_AtoresPosicao[[#This Row],[Ator_Nome]]&" - "&Tb_AtoresPosicao[[#This Row],[Posicao_Resumo]]&" - "&TEXT(DAY(Tb_AtoresPosicao[[#This Row],[Posicao_Data]]),"00")&"/"&TEXT(MONTH(Tb_AtoresPosicao[[#This Row],[Posicao_Data]]),"00")&"/"&YEAR(Tb_AtoresPosicao[[#This Row],[Posicao_Data]]) -> MBL - Apoiou Impeachmente de Bolsonaro - 19/01/2021 | J20: . | K20: =_xlfn.XLOOKUP(Tb_AtoresPosicao[[#This Row],[Posicao_Referência]],Tb_AtoresPosicao[Posicao_Id],Tb_AtoresPosicao[DescricaoPosicao],".") -> .
A21: 29 | B21: 26 | C21: =_xlfn.XLOOKUP(Tb_AtoresPosicao[[#This Row],[Ator_Id]],Tb_Atores[Ator_Id],Tb_Atores[Ator_Nome]) -> Vem Pra Rua | D21: 44215 | E21: Apoiou Impeachmente de Bolsonaro | F21: . | G21: =_xlfn.XLOOKUP(Tb_AtoresPosicao[[#This Row],[PosicaoEvento]],Eventos!A:A,Eventos!C:C,".") -> . | H21: =Tb_AtoresPosicao[[#This Row],[Ator_Nome]]&" - "&Tb_AtoresPosicao[[#This Row],[Posicao_Resumo]]&" - "&TEXT(DAY(Tb_AtoresPosicao[[#This Row],[Posicao_Data]]),"00")&"/"&TEXT(MONTH(Tb_AtoresPosicao[[#This Row],[Posicao_Data]]),"00")&"/"&YEAR(Tb_AtoresPosicao[[#This Row],[Posicao_Data]]) -> Vem Pra Rua - Apoiou Impeachmente de Bolsonaro - 19/01/2021 | J21: . | K21: =_xlfn.XLOOKUP(Tb_AtoresPosicao[[#This Row],[Posicao_Referência]],Tb_AtoresPosicao[Posicao_Id],Tb_AtoresPosicao[DescricaoPosicao],".") -> .
A22: 30 | B22: 27 | C22: =_xlfn.XLOOKUP(Tb_AtoresPosicao[[#This Row],[Ator_Id]],Tb_Atores[Ator_Id],Tb_Atores[Ator_Nome]) -> MST | D22: 44215 | E22: Apoiou Impeachmente de Bolsonaro | F22: . | G22: =_xlfn.XLOOKUP(Tb_AtoresPosicao[[#This Row],[PosicaoEvento]],Eventos!A:A,Eventos!C:C,".") -> . | H22: =Tb_AtoresPosicao[[#This Row],[Ator_Nome]]&" - "&Tb_AtoresPosicao[[#This Row],[Posicao_Resumo]]&" - "&TEXT(DAY(Tb_AtoresPosicao[[#This Row],[Posicao_Data]]),"00")&"/"&TEXT(MONTH(Tb_AtoresPosicao[[#This Row],[Posicao_Data]]),"00")&"/"&YEAR(Tb_AtoresPosicao[[#This Row],[Posicao_Data]]) -> MST - Apoiou Impeachmente de Bolsonaro - 19/01/2021 | J22: . | K22: =_xlfn.XLOOKUP(Tb_AtoresPosicao[[#This Row],[Posicao_Referência]],Tb_AtoresPosicao[Posicao_Id],Tb_AtoresPosicao[DescricaoPosicao],".") -> .
A23: 31 | B23: 28 | C23: =_xlfn.XLOOKUP(Tb_AtoresPosicao[[#This Row],[Ator_Id]],Tb_Atores[Ator_Id],Tb_Atores[Ator_Nome]) -> MTST | D23: 44215 | E23: Apoiou Impeachmente de Bolsonaro | F23: . | G23: =_xlfn.XLOOKUP(Tb_AtoresPosicao[[#This Row],[PosicaoEvento]],Eventos!A:A,Eventos!C:C,".") -> . | H23: =Tb_AtoresPosicao[[#This Row],[Ator_Nome]]&" - "&Tb_AtoresPosicao[[#This Row],[Posicao_Resumo]]&" - "&TEXT(DAY(Tb_AtoresPosicao[[#This Row],[Posicao_Data]]),"00")&"/"&TEXT(MONTH(Tb_AtoresPosicao[[#This Row],[Posicao_Data]]),"00")&"/"&YEAR(Tb_AtoresPosicao[[#This Row],[Posicao_Data]]) -> MTST - Apoiou Impeachmente de Bolsonaro - 19/01/2021 | J23: . | K23: =_xlfn.XLOOKUP(Tb_AtoresPosicao[[#This Row],[Posicao_Referência]],Tb_AtoresPosicao[Posicao_Id],Tb_AtoresPosicao[DescricaoPosicao],".") -> .
A24: 32 | B24: 29 | C24: =_xlfn.XLOOKUP(Tb_AtoresPosicao[[#This Row],[Ator_Id]],Tb_Atores[Ator_Id],Tb_Atores[Ator_Nome]) -> Brasil Popular | D24: 44215 | E24: Apoiou Impeachmente de Bolsonaro | F24: . | G24: =_xlfn.XLOOKUP(Tb_AtoresPosicao[[#This Row],[PosicaoEvento]],Eventos!A:A,Eventos!C:C,".") -> . | H24: =Tb_AtoresPosicao[[#This Row],[Ator_Nome]]&" - "&Tb_AtoresPosicao[[#This Row],[Posicao_Resumo]]&" - "&TEXT(DAY(Tb_AtoresPosicao[[#This Row],[Posicao_Data]]),"00")&"/"&TEXT(MONTH(Tb_AtoresPosicao[[#This Row],[Posicao_Data]]),"00")&"/"&YEAR(Tb_AtoresPosicao[[#This Row],[Posicao_Data]]) -> Brasil Popular - Apoiou Impeachmente de Bolsonaro - 19/01/2021 | J24: . | K24: =_xlfn.XLOOKUP(Tb_AtoresPosicao[[#This Row],[Posicao_Referência]],Tb_AtoresPosicao[Posicao_Id],Tb_AtoresPosicao[DescricaoPosicao],".") -> .
A25: 33 | B25: 30 | C25: =_xlfn.XLOOKUP(Tb_AtoresPosicao[[#This Row],[Ator_Id]],Tb_Atores[Ator_Id],Tb_Atores[Ator_Nome]) -> Brasil Sem Medo | D25: 44215 | E25: Apoiou Impeachmente de Bolsonaro | F25: . | G25: =_xlfn.XLOOKUP(Tb_AtoresPosicao[[#This Row],[PosicaoEvento]],Eventos!A:A,Eventos!C:C,".") -> . | H25: =Tb_AtoresPosicao[[#This Row],[Ator_Nome]]&" - "&Tb_AtoresPosicao[[#This Row],[Posicao_Resumo]]&" - "&TEXT(DAY(Tb_AtoresPosicao[[#This Row],[Posicao_Data]]),"00")&"/"&TEXT(MONTH(Tb_AtoresPosicao[[#This Row],[Posicao_Data]]),"00")&"/"&YEAR(Tb_AtoresPosicao[[#This Row],[Posicao_Data]]) -> Brasil Sem Medo - Apoiou Impeachmente de Bolsonaro - 19/01/2021 | J25: . | K25: =_xlfn.XLOOKUP(Tb_AtoresPosicao[[#This Row],[Posicao_Referência]],Tb_AtoresPosicao[Posicao_Id],Tb_AtoresPosicao[DescricaoPosicao],".") -> .
A26: 2 | B26: 31 | C26: =_xlfn.XLOOKUP(Tb_AtoresPosicao[[#This Row],[Ator_Id]],Tb_Atores[Ator_Id],Tb_Atores[Ator_Nome]) -> Augusto Aras | D26: 44222 | E26: Disse que o Ministro Pazuello pode ser responsabilizado pela crise em Manaus | F26: . | G26: =_xlfn.XLOOKUP(Tb_AtoresPosicao[[#This Row],[PosicaoEvento]],Eventos!A:A,Eventos!C:C,".") -> . | H26: =Tb_AtoresPosicao[[#This Row],[Ator_Nome]]&" - "&Tb_AtoresPosicao[[#This Row],[Posicao_Resumo]]&" - "&TEXT(DAY(Tb_AtoresPosicao[[#This Row],[Posicao_Data]]),"00")&"/"&TEXT(MONTH(Tb_AtoresPosicao[[#This Row],[Posicao_Data]]),"00")&"/"&YEAR(Tb_AtoresPosicao[[#This Row],[Posicao_Data]]) -> Augusto Aras - Disse que o Ministro Pazuello pode ser responsabilizado pela crise em Manaus - 26/01/2021 | J26: . | K26: =_xlfn.XLOOKUP(Tb_AtoresPosicao[[#This Row],[Posicao_Referência]],Tb_AtoresPosicao[Posicao_Id],Tb_AtoresPosicao[DescricaoPosicao],".") -> .
A27: 3 | B27: 32 | C27: =_xlfn.XLOOKUP(Tb_AtoresPosicao[[#This Row],[Ator_Id]],Tb_Atores[Ator_Id],Tb_Atores[Ator_Nome]) -> Jair Bolsonaro | D27: 44222 | E27: Apoiou Lira para presidência da CD | F27: 2 | G27: =_xlfn.XLOOKUP(Tb_AtoresPosicao[[#This Row],[PosicaoEvento]],Eventos!A:A,Eventos!C:C,".") -> Eleição para Presidência da CD | H27: =Tb_AtoresPosicao[[#This Row],[Ator_Nome]]&" - "&Tb_AtoresPosicao[[#This Row],[Posicao_Resumo]]&" - "&TEXT(DAY(Tb_AtoresPosicao[[#This Row],[Posicao_Data]]),"00")&"/"&TEXT(MONTH(Tb_AtoresPosicao[[#This Row],[Posicao_Data]]),"00")&"/"&YEAR(Tb_AtoresPosicao[[#This Row],[Posicao_Data]]) -> Jair Bolsonaro - Apoiou Lira para presidência da CD - 26/01/2021 | J27: . | K27: =_xlfn.XLOOKUP(Tb_AtoresPosicao[[#This Row],[Posicao_Referência]],Tb_AtoresPosicao[Posicao_Id],Tb_AtoresPosicao[DescricaoPosicao],".") -> .
A28: 4 | B28: 19 | C28: =_xlfn.XLOOKUP(Tb_AtoresPosicao[[#This Row],[Ator_Id]],Tb_Atores[Ator_Id],Tb_Atores[Ator_Nome]) -> Rodrigo Maia | D28: 44223 | E28: Apoiou a criação da CPI da Covid | F28: 1 | G28: =_xlfn.XLOOKUP(Tb_AtoresPosicao[[#This Row],[PosicaoEvento]],Eventos!A:A,Eventos!C:C,".") -> Apresentação do requerimento para criação da CPI | H28: =Tb_AtoresPosicao[[#This Row],[Ator_Nome]]&" - "&Tb_AtoresPosicao[[#This Row],[Posicao_Resumo]]&" - "&TEXT(DAY(Tb_AtoresPosicao[[#This Row],[Posicao_Data]]),"00")&"/"&TEXT(MONTH(Tb_AtoresPosicao[[#This Row],[Posicao_Data]]),"00")&"/"&YEAR(Tb_AtoresPosicao[[#This Row],[Posicao_Data]]) -> Rodrigo Maia - Apoiou a criação da CPI da Covid - 27/01/2021 | J28: . | K28: =_xlfn.XLOOKUP(Tb_AtoresPosicao[[#This Row],[Posicao_Referência]],Tb_AtoresPosicao[Posicao_Id],Tb_AtoresPosicao[DescricaoPosicao],".") -> .
A29: 5 | B29: 33 | C29: =_xlfn.XLOOKUP(Tb_AtoresPosicao[[#This Row],[Ator_Id]],Tb_Atores[Ator_Id],Tb_Atores[Ator_Nome]) -> Arthur Lira | D29: 44223 | E29: Criticou a criação da CPI da Covid | F29: 1 | G29: =_xlfn.XLOOKUP(Tb_AtoresPosicao[[#This Row],[PosicaoEvento]],Eventos!A:A,Eventos!C:C,".") -> Apresentação do requerimento para criação da CPI | H29: =Tb_AtoresPosicao[[#This Row],[Ator_Nome]]&" - "&Tb_AtoresPosicao[[#This Row],[Posicao_Resumo]]&" - "&TEXT(DAY(Tb_AtoresPosicao[[#This Row],[Posicao_Data]]),"00")&"/"&TEXT(MONTH(Tb_AtoresPosicao[[#This Row],[Posicao_Data]]),"00")&"/"&YEAR(Tb_AtoresPosicao[[#This Row],[Posicao_Data]]) -> Arthur Lira - Criticou a criação da CPI da Covid - 27/01/2021 | J29: . | K29: =_xlfn.XLOOKUP(Tb_AtoresPosicao[[#This Row],[Posicao_Referência]],Tb_AtoresPosicao[Posicao_Id],Tb_AtoresPosicao[DescricaoPosicao],".") -> .
A30: 18 | B30: 34 | C30: =_xlfn.XLOOKUP(Tb_AtoresPosicao[[#This Row],[Ator_Id]],Tb_Atores[Ator_Id],Tb_Atores[Ator_Nome]) -> Rodrigo Pacheco | D30: 44224 | E30: Evitou se posicionar sobre a CPI Covid, mas com viés contra | F30: 1 | G30: =_xlfn.XLOOKUP(Tb_AtoresPosicao[[#This Row],[PosicaoEvento]],Eventos!A:A,Eventos!C:C,".") -> Apresentação do requerimento para criação da CPI | H30: =Tb_AtoresPosicao[[#This Row],[Ator_Nome]]&" - "&Tb_AtoresPosicao[[#This Row],[Posicao_Resumo]]&" - "&TEXT(DAY(Tb_AtoresPosicao[[#This Row],[Posicao_Data]]),"00")&"/"&TEXT(MONTH(Tb_AtoresPosicao[[#This Row],[Posicao_Data]]),"00")&"/"&YEAR(Tb_AtoresPosicao[[#This Row],[Posicao_Data]]) -> Rodrigo Pacheco - Evitou se posicionar sobre a CPI Covid, mas com viés contra - 28/01/2021 | J30: . | K30: =_xlfn.XLOOKUP(Tb_AtoresPosicao[[#This Row],[Posicao_Referência]],Tb_AtoresPosicao[Posicao_Id],Tb_AtoresPosicao[DescricaoPosicao],".") -> .
A31: 19 | B31: 32 | C31: =_xlfn.XLOOKUP(Tb_AtoresPosicao[[#This Row],[Ator_Id]],Tb_Atores[Ator_Id],Tb_Atores[Ator_Nome]) -> Jair Bolsonaro | D31: 44224 | E31: Apoiou Rodrigo Pacheco para a presidência do SF | F31: 3 | G31: =_xlfn.XLOOKUP(Tb_AtoresPosicao[[#This Row],[PosicaoEvento]],Eventos!A:A,Eventos!C:C,".") -> Eleição para Presidência do SF | H31: =Tb_AtoresPosicao[[#This Row],[Ator_Nome]]&" - "&Tb_AtoresPosicao[[#This Row],[Posicao_Resumo]]&" - "&TEXT(DAY(Tb_AtoresPosicao[[#This Row],[Posicao_Data]]),"00")&"/"&TEXT(MONTH(Tb_AtoresPosicao[[#This Row],[Posicao_Data]]),"00")&"/"&YEAR(Tb_AtoresPosicao[[#This Row],[Posicao_Data]]) -> Jair Bolsonaro - Apoiou Rodrigo Pacheco para a presidência do SF - 28/01/2021 | J31: . | K31: =_xlfn.XLOOKUP(Tb_AtoresPosicao[[#This Row],[Posicao_Referência]],Tb_AtoresPosicao[Posicao_Id],Tb_AtoresPosicao[DescricaoPosicao],".") -> .
A32: 20 | B32: 35 | C32: =_xlfn.XLOOKUP(Tb_AtoresPosicao[[#This Row],[Ator_Id]],Tb_Atores[Ator_Id],Tb_Atores[Ator_Nome]) -> Baleia Rossi | D32: 44224 | E32: Apoiou a criação da CPI da Covid | F32: 1 | G32: =_xlfn.XLOOKUP(Tb_AtoresPosicao[[#This Row],[PosicaoEvento]],Eventos!A:A,Eventos!C:C,".") -> Apresentação do requerimento para criação da CPI | H32: =Tb_AtoresPosicao[[#This Row],[Ator_Nome]]&" - "&Tb_AtoresPosicao[[#This Row],[Posicao_Resumo]]&" - "&TEXT(DAY(Tb_AtoresPosicao[[#This Row],[Posicao_Data]]),"00")&"/"&TEXT(MONTH(Tb_AtoresPosicao[[#This Row],[Posicao_Data]]),"00")&"/"&YEAR(Tb_AtoresPosicao[[#This Row],[Posicao_Data]]) -> Baleia Rossi - Apoiou a criação da CPI da Covid - 28/01/2021 | J32: . | K32: =_xlfn.XLOOKUP(Tb_AtoresPosicao[[#This Row],[Posicao_Referência]],Tb_AtoresPosicao[Posicao_Id],Tb_AtoresPosicao[DescricaoPosicao],".") -> .
A33: 21 | B33: 36 | C33: =_xlfn.XLOOKUP(Tb_AtoresPosicao[[#This Row],[Ator_Id]],Tb_Atores[Ator_Id],Tb_Atores[Ator_Nome]) -> Simone Tebet | D33: 44224 | E33: Apoiou a criação da CPI da Covid | F33: 1 | G33: =_xlfn.XLOOKUP(Tb_AtoresPosicao[[#This Row],[PosicaoEvento]],Eventos!A:A,Eventos!C:C,".") -> Apresentação do requerimento para criação da CPI | H33: =Tb_AtoresPosicao[[#This Row],[Ator_Nome]]&" - "&Tb_AtoresPosicao[[#This Row],[Posicao_Resumo]]&" - "&TEXT(DAY(Tb_AtoresPosicao[[#This Row],[Posicao_Data]]),"00")&"/"&TEXT(MONTH(Tb_AtoresPosicao[[#This Row],[Posicao_Data]]),"00")&"/"&YEAR(Tb_AtoresPosicao[[#This Row],[Posicao_Data]]) -> Simone Tebet - Apoiou a criação da CPI da Covid - 28/01/2021 | J33: . | K33: =_xlfn.XLOOKUP(Tb_AtoresPosicao[[#This Row],[Posicao_Referência]],Tb_AtoresPosicao[Posicao_Id],Tb_AtoresPosicao[DescricaoPosicao],".") -> .
A34: 34 | B34: 38 | C34: =_xlfn.XLOOKUP(Tb_AtoresPosicao[[#This Row],[Ator_Id]],Tb_Atores[Ator_Id],Tb_Atores[Ator_Nome]) -> Alceu Moreira | D34: 44225 | E34: Criticou a criação da CPI da Covid | F34: 1 | G34: =_xlfn.XLOOKUP(Tb_AtoresPosicao[[#This Row],[PosicaoEvento]],Eventos!A:A,Eventos!C:C,".") -> Apresentação do requerimento para criação da CPI | H34: =Tb_AtoresPosicao[[#This Row],[Ator_Nome]]&" - "&Tb_AtoresPosicao[[#This Row],[Posicao_Resumo]]&" - "&TEXT(DAY(Tb_AtoresPosicao[[#This Row],[Posicao_Data]]),"00")&"/"&TEXT(MONTH(Tb_AtoresPosicao[[#This Row],[Posicao_Data]]),"00")&"/"&YEAR(Tb_AtoresPosicao[[#This Row],[Posicao_Data]]) -> Alceu Moreira - Criticou a criação da CPI da Covid - 29/01/2021 | J34: . | K34: =_xlfn.XLOOKUP(Tb_AtoresPosicao[[#This Row],[Posicao_Referência]],Tb_AtoresPosicao[Posicao_Id],Tb_AtoresPosicao[DescricaoPosicao],".") -> .
A35: 35 | B35: 39 | C35: =_xlfn.XLOOKUP(Tb_AtoresPosicao[[#This Row],[Ator_Id]],Tb_Atores[Ator_Id],Tb_Atores[Ator_Nome]) -> Progressistas | D35: 44225 | E35: Criticou a criação da CPI da Covid | F35: 1 | G35: =_xlfn.XLOOKUP(Tb_AtoresPosicao[[#This Row],[PosicaoEvento]],Eventos!A:A,Eventos!C:C,".") -> Apresentação do requerimento para criação da CPI | H35: =Tb_AtoresPosicao[[#This Row],[Ator_Nome]]&" - "&Tb_AtoresPosicao[[#This Row],[Posicao_Resumo]]&" - "&TEXT(DAY(Tb_AtoresPosicao[[#This Row],[Posicao_Data]]),"00")&"/"&TEXT(MONTH(Tb_AtoresPosicao[[#This Row],[Posicao_Data]]),"00")&"/"&YEAR(Tb_AtoresPosicao[[#This Row],[Posicao_Data]]) -> Progressistas - Criticou a criação da CPI da Covid - 29/01/2021 | J35: . | K35: =_xlfn.XLOOKUP(Tb_AtoresPosicao[[#This Row],[Posicao_Referência]],Tb_AtoresPosicao[Posicao_Id],Tb_AtoresPosicao[DescricaoPosicao],".") -> .
A36: 36 | B36: 40 | C36: =_xlfn.XLOOKUP(Tb_AtoresPosicao[[#This Row],[Ator_Id]],Tb_Atores[Ator_Id],Tb_Atores[Ator_Nome]) -> Alexandre Frota | D36: 44225 | E36: Apoiou a criação da CPI da Covid | F36: 1 | G36: =_xlfn.XLOOKUP(Tb_AtoresPosicao[[#This Row],[PosicaoEvento]],Eventos!A:A,Eventos!C:C,".") -> Apresentação do requerimento para criação da CPI | H36: =Tb_AtoresPosicao[[#This Row],[Ator_Nome]]&" - "&Tb_AtoresPosicao[[#This Row],[Posicao_Resumo]]&" - "&TEXT(DAY(Tb_AtoresPosicao[[#This Row],[Posicao_Data]]),"00")&"/"&TEXT(MONTH(Tb_AtoresPosicao[[#This Row],[Posicao_Data]]),"00")&"/"&YEAR(Tb_AtoresPosicao[[#This Row],[Posicao_Data]]) -> Alexandre Frota - Apoiou a criação da CPI da Covid - 29/01/2021 | J36: . | K36: =_xlfn.XLOOKUP(Tb_AtoresPosicao[[#This Row],[Posicao_Referência]],Tb_AtoresPosicao[Posicao_Id],Tb_AtoresPosicao[DescricaoPosicao],".") -> .
A37: 37 | B37: 41 | C37: =_xlfn.XLOOKUP(Tb_AtoresPosicao[[#This Row],[Ator_Id]],Tb_Atores[Ator_Id],Tb_Atores[Ator_Nome]) -> Davi Alcolumbre | D37: 44228 | E37: Apoiou a eleição de Rodrigo Pacheco para o SF | F37: 3 | G37: =_xlfn.XLOOKUP(Tb_AtoresPosicao[[#This Row],[PosicaoEvento]],Eventos!A:A,Eventos!C:C,".") -> Eleição para Presidência do SF | H37: =Tb_AtoresPosicao[[#This Row],[Ator_Nome]]&" - "&Tb_AtoresPosicao[[#This Row],[Posicao_Resumo]]&" - "&TEXT(DAY(Tb_AtoresPosicao[[#This Row],[Posicao_Data]]),"00")&"/"&TEXT(MONTH(Tb_AtoresPosicao[[#This Row],[Posicao_Data]]),"00")&"/"&YEAR(Tb_AtoresPosicao[[#This Row],[Posicao_Data]]) -> Davi Alcolumbre - Apoiou a eleição de Rodrigo Pacheco para o SF - 01/02/2021 | J37: . | K37: =_xlfn.XLOOKUP(Tb_AtoresPosicao[[#This Row],[Posicao_Referência]],Tb_AtoresPosicao[Posicao_Id],Tb_AtoresPosicao[DescricaoPosicao],".") -> .
A38: 38 | B38: 3 | C38: =_xlfn.XLOOKUP(Tb_AtoresPosicao[[#This Row],[Ator_Id]],Tb_Atores[Ator_Id],Tb_Atores[Ator_Nome]) -> Renan Calheiros | D38: 44229 | E38: Apoiou a criação da CPI da Covid | F38: 1 | G38: =_xlfn.XLOOKUP(Tb_AtoresPosicao[[#This Row],[PosicaoEvento]],Eventos!A:A,Eventos!C:C,".") -> Apresentação do requerimento para criação da CPI | H38: =Tb_AtoresPosicao[[#This Row],[Ator_Nome]]&" - "&Tb_AtoresPosicao[[#This Row],[Posicao_Resumo]]&" - "&TEXT(DAY(Tb_AtoresPosicao[[#This Row],[Posicao_Data]]),"00")&"/"&TEXT(MONTH(Tb_AtoresPosicao[[#This Row],[Posicao_Data]]),"00")&"/"&YEAR(Tb_AtoresPosicao[[#This Row],[Posicao_Data]]) -> Renan Calheiros - Apoiou a criação da CPI da Covid - 02/02/2021 | J38: . | K38: =_xlfn.XLOOKUP(Tb_AtoresPosicao[[#This Row],[Posicao_Referência]],Tb_AtoresPosicao[Posicao_Id],Tb_AtoresPosicao[DescricaoPosicao],".") -> .
... A40: 40 | B40: 92 | C40: =_xlfn.XLOOKUP(Tb_AtoresPosicao[[#This Row],[Ator_Id]],Tb_Atores[Ator_Id],Tb_Atores[Ator_Nome]) -> Governo | D40: 44232 | E40: Buscou impedira instalação da CPI | F40: 1 | G40: =_xlfn.XLOOKUP(Tb_AtoresPosicao[[#This Row],[PosicaoEvento]],Eventos!A:A,Eventos!C:C,".") -> Apresentação do requerimento para criação da CPI | H40: =Tb_AtoresPosicao[[#This Row],[Ator_Nome]]&" - "&Tb_AtoresPosicao[[#This Row],[Posicao_Resumo]]&" - "&TEXT(DAY(Tb_AtoresPosicao[[#This Row],[Posicao_Data]]),"00")&"/"&TEXT(MONTH(Tb_AtoresPosicao[[#This Row],[Posicao_Data]]),"00")&"/"&YEAR(Tb_AtoresPosicao[[#This Row],[Posicao_Data]]) -> Governo - Buscou impedira instalação da CPI - 05/02/2021 | J40: . | K40: =_xlfn.XLOOKUP(Tb_AtoresPosicao[[#This Row],[Posicao_Referência]],Tb_AtoresPosicao[Posicao_Id],Tb_AtoresPosicao[DescricaoPosicao],".") -> .
A41: 41 | B41: 33 | C41: =_xlfn.XLOOKUP(Tb_AtoresPosicao[[#This Row],[Ator_Id]],Tb_Atores[Ator_Id],Tb_Atores[Ator_Nome]) -> Arthur Lira | D41: 44233 | E41: Se posicionou contra impeachment de Bolsonaro | F41: . | G41: =_xlfn.XLOOKUP(Tb_AtoresPosicao[[#This Row],[PosicaoEvento]],Eventos!A:A,Eventos!C:C,".") -> . | H41: =Tb_AtoresPosicao[[#This Row],[Ator_Nome]]&" - "&Tb_AtoresPosicao[[#This Row],[Posicao_Resumo]]&" - "&TEXT(DAY(Tb_AtoresPosicao[[#This Row],[Posicao_Data]]),"00")&"/"&TEXT(MONTH(Tb_AtoresPosicao[[#This Row],[Posicao_Data]]),"00")&"/"&YEAR(Tb_AtoresPosicao[[#This Row],[Posicao_Data]]) -> Arthur Lira - Se posicionou contra impeachment de Bolsonaro - 06/02/2021 | J41: . | K41: =_xlfn.XLOOKUP(Tb_AtoresPosicao[[#This Row],[Posicao_Referência]],Tb_AtoresPosicao[Posicao_Id],Tb_AtoresPosicao[DescricaoPosicao],".") -> .
A42: 42 | B42: 34 | C42: =_xlfn.XLOOKUP(Tb_AtoresPosicao[[#This Row],[Ator_Id]],Tb_Atores[Ator_Id],Tb_Atores[Ator_Nome]) -> Rodrigo Pacheco | D42: 44233 | E42: Se posicionou contra impeachment de Bolsonaro | F42: . | G42: =_xlfn.XLOOKUP(Tb_AtoresPosicao[[#This Row],[PosicaoEvento]],Eventos!A:A,Eventos!C:C,".") -> . | H42: =Tb_AtoresPosicao[[#This Row],[Ator_Nome]]&" - "&Tb_AtoresPosicao[[#This Row],[Posicao_Resumo]]&" - "&TEXT(DAY(Tb_AtoresPosicao[[#This Row],[Posicao_Data]]),"00")&"/"&TEXT(MONTH(Tb_AtoresPosicao[[#This Row],[Posicao_Data]]),"00")&"/"&YEAR(Tb_AtoresPosicao[[#This Row],[Posicao_Data]]) -> Rodrigo Pacheco - Se posicionou contra impeachment de Bolsonaro - 06/02/2021 | J42: . | K42: =_xlfn.XLOOKUP(Tb_AtoresPosicao[[#This Row],[Posicao_Referência]],Tb_AtoresPosicao[Posicao_Id],Tb_AtoresPosicao[DescricaoPosicao],".") -> .
A43: 43 | B43: 34 | C43: =_xlfn.XLOOKUP(Tb_AtoresPosicao[[#This Row],[Ator_Id]],Tb_Atores[Ator_Id],Tb_Atores[Ator_Nome]) -> Rodrigo Pacheco | D43: 44238 | E43: Afirma que desempenho de Pazuello na audiência no SF dia 11/02/2021 será decisivo para a instalação da CPI. A audência é vista como uma forma de evitar a CPI. | F43: 8 | G43: =_xlfn.XLOOKUP(Tb_AtoresPosicao[[#This Row],[PosicaoEvento]],Eventos!A:A,Eventos!C:C,".") -> Eduardo Pazuello participa de audiência do SF | H43: =Tb_AtoresPosicao[[#This Row],[Ator_Nome]]&" - "&Tb_AtoresPosicao[[#This Row],[Posicao_Resumo]]&" - "&TEXT(DAY(Tb_AtoresPosicao[[#This Row],[Posicao_Data]]),"00")&"/"&TEXT(MONTH(Tb_AtoresPosicao[[#This Row],[Posicao_Data]]),"00")&"/"&YEAR(Tb_AtoresPosicao[[#This Row],[Posicao_Data]]) -> Rodrigo Pacheco - Afirma que desempenho de Pazuello na audiência no SF dia 11/02/2021 será decisivo para a instalação da CPI. A audência é vista como uma forma de evitar a CPI. - 11/02/2021 | J43: 18 | K43: =_xlfn.XLOOKUP(Tb_AtoresPosicao[[#This Row],[Posicao_Referência]],Tb_AtoresPosicao[Posicao_Id],Tb_AtoresPosicao[DescricaoPosicao],".") -> Rodrigo Pacheco - Evitou se posicionar sobre a CPI Covid, mas com viés contra - 28/01/2021
A44: 44 | B44: 93 | C44: =_xlfn.XLOOKUP(Tb_AtoresPosicao[[#This Row],[Ator_Id]],Tb_Atores[Ator_Id],Tb_Atores[Ator_Nome]) -> Eduardo Pazuello | D44: 44238 | E44: Promete imunização geral contra Covid em 2021 | F44: 8 | G44: =_xlfn.XLOOKUP(Tb_AtoresPosicao[[#This Row],[PosicaoEvento]],Eventos!A:A,Eventos!C:C,".") -> Eduardo Pazuello participa de audiência do SF | H44: =Tb_AtoresPosicao[[#This Row],[Ator_Nome]]&" - "&Tb_AtoresPosicao[[#This Row],[Posicao_Resumo]]&" - "&TEXT(DAY(Tb_AtoresPosicao[[#This Row],[Posicao_Data]]),"00")&"/"&TEXT(MONTH(Tb_AtoresPosicao[[#This Row],[Posicao_Data]]),"00")&"/"&YEAR(Tb_AtoresPosicao[[#This Row],[Posicao_Data]]) -> Eduardo Pazuello - Promete imunização geral contra Covid em 2021 - 11/02/2021 | J44: . | K44: =_xlfn.XLOOKUP(Tb_AtoresPosicao[[#This Row],[Posicao_Referência]],Tb_AtoresPosicao[Posicao_Id],Tb_AtoresPosicao[DescricaoPosicao],".") -> .
A45: 45 | B45: 93 | C45: =_xlfn.XLOOKUP(Tb_AtoresPosicao[[#This Row],[Ator_Id]],Tb_Atores[Ator_Id],Tb_Atores[Ator_Nome]) -> Eduardo Pazuello | D45: 44238 | E45: Clama para o Congresso não abrir a CPI (de forma velada) | F45: 8 | G45: =_xlfn.XLOOKUP(Tb_AtoresPosicao[[#This Row],[PosicaoEvento]],Eventos!A:A,Eventos!C:C,".") -> Eduardo Pazuello participa de audiência do SF | H45: =Tb_AtoresPosicao[[#This Row],[Ator_Nome]]&" - "&Tb_AtoresPosicao[[#This Row],[Posicao_Resumo]]&" - "&TEXT(DAY(Tb_AtoresPosicao[[#This Row],[Posicao_Data]]),"00")&"/"&TEXT(MONTH(Tb_AtoresPosicao[[#This Row],[Posicao_Data]]),"00")&"/"&YEAR(Tb_AtoresPosicao[[#This Row],[Posicao_Data]]) -> Eduardo Pazuello - Clama para o Congresso não abrir a CPI (de forma velada) - 11/02/2021 | J45: . | K45: =_xlfn.XLOOKUP(Tb_AtoresPosicao[[#This Row],[Posicao_Referência]],Tb_AtoresPosicao[Posicao_Id],Tb_AtoresPosicao[DescricaoPosicao],".") -> .
A46: 46 | B46: 1 | C46: =_xlfn.XLOOKUP(Tb_AtoresPosicao[[#This Row],[Ator_Id]],Tb_Atores[Ator_Id],Tb_Atores[Ator_Nome]) -> Omar Aziz | D46: 44238 | E46: Cobra Pazuello por atuação na Covid | F46: 8 | G46: =_xlfn.XLOOKUP(Tb_AtoresPosicao[[#This Row],[PosicaoEvento]],Eventos!A:A,Eventos!C:C,".") -> Eduardo Pazuello participa de audiência do SF | H46: =Tb_AtoresPosicao[[#This Row],[Ator_Nome]]&" - "&Tb_AtoresPosicao[[#This Row],[Posicao_Resumo]]&" - "&TEXT(DAY(Tb_AtoresPosicao[[#This Row],[Posicao_Data]]),"00")&"/"&TEXT(MONTH(Tb_AtoresPosicao[[#This Row],[Posicao_Data]]),"00")&"/"&YEAR(Tb_AtoresPosicao[[#This Row],[Posicao_Data]]) -> Omar Aziz - Cobra Pazuello por atuação na Covid - 11/02/2021 | J46: . | K46: =_xlfn.XLOOKUP(Tb_AtoresPosicao[[#This Row],[Posicao_Referência]],Tb_AtoresPosicao[Posicao_Id],Tb_AtoresPosicao[DescricaoPosicao],".") -> .
A47: 47 | B47: 44 | C47: =_xlfn.XLOOKUP(Tb_AtoresPosicao[[#This Row],[Ator_Id]],Tb_Atores[Ator_Id],Tb_Atores[Ator_Nome]) -> Fabiano Contarato | D47: 44238 | E47: Cobra Pazuello por atuação na Covid | F47: 8 | G47: =_xlfn.XLOOKUP(Tb_AtoresPosicao[[#This Row],[PosicaoEvento]],Eventos!A:A,Eventos!C:C,".") -> Eduardo Pazuello participa de audiência do SF | H47: =Tb_AtoresPosicao[[#This Row],[Ator_Nome]]&" - "&Tb_AtoresPosicao[[#This Row],[Posicao_Resumo]]&" - "&TEXT(DAY(Tb_AtoresPosicao[[#This Row],[Posicao_Data]]),"00")&"/"&TEXT(MONTH(Tb_AtoresPosicao[[#This Row],[Posicao_Data]]),"00")&"/"&YEAR(Tb_AtoresPosicao[[#This Row],[Posicao_Data]]) -> Fabiano Contarato - Cobra Pazuello por atuação na Covid - 11/02/2021 | J47: . | K47: =_xlfn.XLOOKUP(Tb_AtoresPosicao[[#This Row],[Posicao_Referência]],Tb_AtoresPosicao[Posicao_Id],Tb_AtoresPosicao[DescricaoPosicao],".") -> .
A48: 48 | B48: 16 | C48: =_xlfn.XLOOKUP(Tb_AtoresPosicao[[#This Row],[Ator_Id]],Tb_Atores[Ator_Id],Tb_Atores[Ator_Nome]) -> Fernando Bezerra Coelho | D48: 44238 | E48: Elogia atuação do governo | F48: 8 | G48: =_xlfn.XLOOKUP(Tb_AtoresPosicao[[#This Row],[PosicaoEvento]],Eventos!A:A,Eventos!C:C,".") -> Eduardo Pazuello participa de audiência do SF | H48: =Tb_AtoresPosicao[[#This Row],[Ator_Nome]]&" - "&Tb_AtoresPosicao[[#This Row],[Posicao_Resumo]]&" - "&TEXT(DAY(Tb_AtoresPosicao[[#This Row],[Posicao_Data]]),"00")&"/"&TEXT(MONTH(Tb_AtoresPosicao[[#This Row],[Posicao_Data]]),"00")&"/"&YEAR(Tb_AtoresPosicao[[#This Row],[Posicao_Data]]) -> Fernando Bezerra Coelho - Elogia atuação do governo - 11/02/2021 | J48: . | K48: =_xlfn.XLOOKUP(Tb_AtoresPosicao[[#This Row],[Posicao_Referência]],Tb_AtoresPosicao[Posicao_Id],Tb_AtoresPosicao[DescricaoPosicao],".") -> .
A49: 49 | B49: 93 | C49: =_xlfn.XLOOKUP(Tb_AtoresPosicao[[#This Row],[Ator_Id]],Tb_Atores[Ator_Id],Tb_Atores[Ator_Nome]) -> Eduardo Pazuello | D49: 44238 | E49: Critica vacina Pfizer | F49: 8 | G49: =_xlfn.XLOOKUP(Tb_AtoresPosicao[[#This Row],[PosicaoEvento]],Eventos!A:A,Eventos!C:C,".") -> Eduardo Pazuello participa de audiência do SF | H49: =Tb_AtoresPosicao[[#This Row],[Ator_Nome]]&" - "&Tb_AtoresPosicao[[#This Row],[Posicao_Resumo]]&" - "&TEXT(DAY(Tb_AtoresPosicao[[#This Row],[Posicao_Data]]),"00")&"/"&TEXT(MONTH(Tb_AtoresPosicao[[#This Row],[Posicao_Data]]),"00")&"/"&YEAR(Tb_AtoresPosicao[[#This Row],[Posicao_Data]]) -> Eduardo Pazuello - Critica vacina Pfizer - 11/02/2021 | J49: . | K49: =_xlfn.XLOOKUP(Tb_AtoresPosicao[[#This Row],[Posicao_Referência]],Tb_AtoresPosicao[Posicao_Id],Tb_AtoresPosicao[DescricaoPosicao],".") -> .
A50: 50 | B50: 93 | C50: =_xlfn.XLOOKUP(Tb_AtoresPosicao[[#This Row],[Ator_Id]],Tb_Atores[Ator_Id],Tb_Atores[Ator_Nome]) -> Eduardo Pazuello | D50: 44238 | E50: Indica compra de vacina Covaxin | F50: 8 | G50: =_xlfn.XLOOKUP(Tb_AtoresPosicao[[#This Row],[PosicaoEvento]],Eventos!A:A,Eventos!C:C,".") -> Eduardo Pazuello participa de audiência do SF | H50: =Tb_AtoresPosicao[[#This Row],[Ator_Nome]]&" - "&Tb_AtoresPosicao[[#This Row],[Posicao_Resumo]]&" - "&TEXT(DAY(Tb_AtoresPosicao[[#This Row],[Posicao_Data]]),"00")&"/"&TEXT(MONTH(Tb_AtoresPosicao[[#This Row],[Posicao_Data]]),"00")&"/"&YEAR(Tb_AtoresPosicao[[#This Row],[Posicao_Data]]) -> Eduardo Pazuello - Indica compra de vacina Covaxin - 11/02/2021 | J50: . | K50: =_xlfn.XLOOKUP(Tb_AtoresPosicao[[#This Row],[Posicao_Referência]],Tb_AtoresPosicao[Posicao_Id],Tb_AtoresPosicao[DescricaoPosicao],".") -> .
A51: 51 | B51: 34 | C51: =_xlfn.XLOOKUP(Tb_AtoresPosicao[[#This Row],[Ator_Id]],Tb_Atores[Ator_Id],Tb_Atores[Ator_Nome]) -> Rodrigo Pacheco | D51: 44238 | E51: Avalia o desempenho de Pazuello na audiência dia 11/02/2021 como ruim | F51: 8 | G51: =_xlfn.XLOOKUP(Tb_AtoresPosicao[[#This Row],[PosicaoEvento]],Eventos!A:A,Eventos!C:C,".") -> Eduardo Pazuello participa de audiência do SF | H51: =Tb_AtoresPosicao[[#This Row],[Ator_Nome]]&" - "&Tb_AtoresPosicao[[#This Row],[Posicao_Resumo]]&" - "&TEXT(DAY(Tb_AtoresPosicao[[#This Row],[Posicao_Data]]),"00")&"/"&TEXT(MONTH(Tb_AtoresPosicao[[#This Row],[Posicao_Data]]),"00")&"/"&YEAR(Tb_AtoresPosicao[[#This Row],[Posicao_Data]]) -> Rodrigo Pacheco - Avalia o desempenho de Pazuello na audiência dia 11/02/2021 como ruim - 11/02/2021 | J51: 51 | K51: =_xlfn.XLOOKUP(Tb_AtoresPosicao[[#This Row],[Posicao_Referência]],Tb_AtoresPosicao[Posicao_Id],Tb_AtoresPosicao[DescricaoPosicao],".") -> Rodrigo Pacheco - Avalia o desempenho de Pazuello na audiência dia 11/02/2021 como ruim - 11/02/2021
A52: 54 | B52: 4 | C52: =_xlfn.XLOOKUP(Tb_AtoresPosicao[[#This Row],[Ator_Id]],Tb_Atores[Ator_Id],Tb_Atores[Ator_Nome]) -> Eduardo Braga | D52: 44249 | E52: Declara ter perdido vários amigos para a COVID | F52: . | G52: =_xlfn.XLOOKUP(Tb_AtoresPosicao[[#This Row],[PosicaoEvento]],Eventos!A:A,Eventos!C:C,".") -> . | H52: =Tb_AtoresPosicao[[#This Row],[Ator_Nome]]&" - "&Tb_AtoresPosicao[[#This Row],[Posicao_Resumo]]&" - "&TEXT(DAY(Tb_AtoresPosicao[[#This Row],[Posicao_Data]]),"00")&"/"&TEXT(MONTH(Tb_AtoresPosicao[[#This Row],[Posicao_Data]]),"00")&"/"&YEAR(Tb_AtoresPosicao[[#This Row],[Posicao_Data]]) -> Eduardo Braga - Declara ter perdido vários amigos para a COVID - 22/02/2021 | J52: . | K52: =_xlfn.XLOOKUP(Tb_AtoresPosicao[[#This Row],[Posicao_Referência]],Tb_AtoresPosicao[Posicao_Id],Tb_AtoresPosicao[DescricaoPosicao],".") -> .
A53: 55 | B53: 4 | C53: =_xlfn.XLOOKUP(Tb_AtoresPosicao[[#This Row],[Ator_Id]],Tb_Atores[Ator_Id],Tb_Atores[Ator_Nome]) -> Eduardo Braga | D53: 44249 | E53: Apoiou a criação da CPI da Covid | F53: 1 | G53: =_xlfn.XLOOKUP(Tb_AtoresPosicao[[#This Row],[PosicaoEvento]],Eventos!A:A,Eventos!C:C,".") -> Apresentação do requerimento para criação da CPI | H53: =Tb_AtoresPosicao[[#This Row],[Ator_Nome]]&" - "&Tb_AtoresPosicao[[#This Row],[Posicao_Resumo]]&" - "&TEXT(DAY(Tb_AtoresPosicao[[#This Row],[Posicao_Data]]),"00")&"/"&TEXT(MONTH(Tb_AtoresPosicao[[#This Row],[Posicao_Data]]),"00")&"/"&YEAR(Tb_AtoresPosicao[[#This Row],[Posicao_Data]]) -> Eduardo Braga - Apoiou a criação da CPI da Covid - 22/02/2021 | J53: . | K53: =_xlfn.XLOOKUP(Tb_AtoresPosicao[[#This Row],[Posicao_Referência]],Tb_AtoresPosicao[Posicao_Id],Tb_AtoresPosicao[DescricaoPosicao],".") -> .
A54: 65 | B54: 34 | C54: =_xlfn.XLOOKUP(Tb_AtoresPosicao[[#This Row],[Ator_Id]],Tb_Atores[Ator_Id],Tb_Atores[Ator_Nome]) -> Rodrigo Pacheco | D54: 44249 | E54: Defendeu Lei que facilita compra de Vacinas pela Pfzer e Janson | F54: . | G54: =_xlfn.XLOOKUP(Tb_AtoresPosicao[[#This Row],[PosicaoEvento]],Eventos!A:A,Eventos!C:C,".") -> . | H54: =Tb_AtoresPosicao[[#This Row],[Ator_Nome]]&" - "&Tb_AtoresPosicao[[#This Row],[Posicao_Resumo]]&" - "&TEXT(DAY(Tb_AtoresPosicao[[#This Row],[Posicao_Data]]),"00")&"/"&TEXT(MONTH(Tb_AtoresPosicao[[#This Row],[Posicao_Data]]),"00")&"/"&YEAR(Tb_AtoresPosicao[[#This Row],[Posicao_Data]]) -> Rodrigo Pacheco - Defendeu Lei que facilita compra de Vacinas pela Pfzer e Janson - 22/02/2021 | I54: O projeto foi aprovado: PL 534/21. Ver: https://congressoemfoco.uol.com.br/temas/saude/camara-aprova-compra-de-vacinas-por-estados-municipios-e-setor-privado-texto-vai-a-sancao/ | J54: . | K54: =_xlfn.XLOOKUP(Tb_AtoresPosicao[[#This Row],[Posicao_Referência]],Tb_AtoresPosicao[Posicao_Id],Tb_AtoresPosicao[DescricaoPosicao],".") -> .
A55: 56 | B55: 19 | C55: =_xlfn.XLOOKUP(Tb_AtoresPosicao[[#This Row],[Ator_Id]],Tb_Atores[Ator_Id],Tb_Atores[Ator_Nome]) -> Rodrigo Maia | D55: 44250 | E55: Apoiou a criação da CPI da Covid | F55: 1 | G55: =_xlfn.XLOOKUP(Tb_AtoresPosicao[[#This Row],[PosicaoEvento]],Eventos!A:A,Eventos!C:C,".") -> Apresentação do requerimento para criação da CPI | H55: =Tb_AtoresPosicao[[#This Row],[Ator_Nome]]&" - "&Tb_AtoresPosicao[[#This Row],[Posicao_Resumo]]&" - "&TEXT(DAY(Tb_AtoresPosicao[[#This Row],[Posicao_Data]]),"00")&"/"&TEXT(MONTH(Tb_AtoresPosicao[[#This Row],[Posicao_Data]]),"00")&"/"&YEAR(Tb_AtoresPosicao[[#This Row],[Posicao_Data]]) -> Rodrigo Maia - Apoiou a criação da CPI da Covid - 23/02/2021 | J55: 4 | K55: =_xlfn.XLOOKUP(Tb_AtoresPosicao[[#This Row],[Posicao_Referência]],Tb_AtoresPosicao[Posicao_Id],Tb_AtoresPosicao[DescricaoPosicao],".") -> Rodrigo Maia - Apoiou a criação da CPI da Covid - 27/01/2021
A56: 58 | B56: 19 | C56: =_xlfn.XLOOKUP(Tb_AtoresPosicao[[#This Row],[Ator_Id]],Tb_Atores[Ator_Id],Tb_Atores[Ator_Nome]) -> Rodrigo Maia | D56: 44250 | E56: Se posicionou contra impeachment de Bolsonaro | G56: =_xlfn.XLOOKUP(Tb_AtoresPosicao[[#This Row],[PosicaoEvento]],Eventos!A:A,Eventos!C:C,".") -> . | H56: =Tb_AtoresPosicao[[#This Row],[Ator_Nome]]&" - "&Tb_AtoresPosicao[[#This Row],[Posicao_Resumo]]&" - "&TEXT(DAY(Tb_AtoresPosicao[[#This Row],[Posicao_Data]]),"00")&"/"&TEXT(MONTH(Tb_AtoresPosicao[[#This Row],[Posicao_Data]]),"00")&"/"&YEAR(Tb_AtoresPosicao[[#This Row],[Posicao_Data]]) -> Rodrigo Maia - Se posicionou contra impeachment de Bolsonaro - 23/02/2021 | J56: . | K56: =_xlfn.XLOOKUP(Tb_AtoresPosicao[[#This Row],[Posicao_Referência]],Tb_AtoresPosicao[Posicao_Id],Tb_AtoresPosicao[DescricaoPosicao],".") -> .
A57: 52 | B57: 7 | C57: =_xlfn.XLOOKUP(Tb_AtoresPosicao[[#This Row],[Ator_Id]],Tb_Atores[Ator_Id],Tb_Atores[Ator_Nome]) -> Tasso Jereissati | D57: 44256 | E57: Apoiou a criação da CPI da Covid | F57: 1 | G57: =_xlfn.XLOOKUP(Tb_AtoresPosicao[[#This Row],[PosicaoEvento]],Eventos!A:A,Eventos!C:C,".") -> Apresentação do requerimento para criação da CPI | H57: =Tb_AtoresPosicao[[#This Row],[Ator_Nome]]&" - "&Tb_AtoresPosicao[[#This Row],[Posicao_Resumo]]&" - "&TEXT(DAY(Tb_AtoresPosicao[[#This Row],[Posicao_Data]]),"00")&"/"&TEXT(MONTH(Tb_AtoresPosicao[[#This Row],[Posicao_Data]]),"00")&"/"&YEAR(Tb_AtoresPosicao[[#This Row],[Posicao_Data]]) -> Tasso Jereissati - Apoiou a criação da CPI da Covid - 01/03/2021 | J57: . | K57: =_xlfn.XLOOKUP(Tb_AtoresPosicao[[#This Row],[Posicao_Referência]],Tb_AtoresPosicao[Posicao_Id],Tb_AtoresPosicao[DescricaoPosicao],".") -> .
A58: 53 | B58: 7 | C58: =_xlfn.XLOOKUP(Tb_AtoresPosicao[[#This Row],[Ator_Id]],Tb_Atores[Ator_Id],Tb_Atores[Ator_Nome]) -> Tasso Jereissati | D58: 44256 | E58: Avalia o desempenho de Pazuello na audiência dia 11/02/2021 como ruim | F58: 8 | G58: =_xlfn.XLOOKUP(Tb_AtoresPosicao[[#This Row],[PosicaoEvento]],Eventos!A:A,Eventos!C:C,".") -> Eduardo Pazuello participa de audiência do SF | H58: =Tb_AtoresPosicao[[#This Row],[Ator_Nome]]&" - "&Tb_AtoresPosicao[[#This Row],[Posicao_Resumo]]&" - "&TEXT(DAY(Tb_AtoresPosicao[[#This Row],[Posicao_Data]]),"00")&"/"&TEXT(MONTH(Tb_AtoresPosicao[[#This Row],[Posicao_Data]]),"00")&"/"&YEAR(Tb_AtoresPosicao[[#This Row],[Posicao_Data]]) -> Tasso Jereissati - Avalia o desempenho de Pazuello na audiência dia 11/02/2021 como ruim - 01/03/2021 | J58: . | K58: =_xlfn.XLOOKUP(Tb_AtoresPosicao[[#This Row],[Posicao_Referência]],Tb_AtoresPosicao[Posicao_Id],Tb_AtoresPosicao[DescricaoPosicao],".") -> .
A59: 59 | B59: 33 | C59: =_xlfn.XLOOKUP(Tb_AtoresPosicao[[#This Row],[Ator_Id]],Tb_Atores[Ator_Id],Tb_Atores[Ator_Nome]) -> Arthur Lira | D59: 44256 | E59: Criticou a criação da CPI da Covid | F59: 1 | G59: =_xlfn.XLOOKUP(Tb_AtoresPosicao[[#This Row],[PosicaoEvento]],Eventos!A:A,Eventos!C:C,".") -> Apresentação do requerimento para criação da CPI | H59: =Tb_AtoresPosicao[[#This Row],[Ator_Nome]]&" - "&Tb_AtoresPosicao[[#This Row],[Posicao_Resumo]]&" - "&TEXT(DAY(Tb_AtoresPosicao[[#This Row],[Posicao_Data]]),"00")&"/"&TEXT(MONTH(Tb_AtoresPosicao[[#This Row],[Posicao_Data]]),"00")&"/"&YEAR(Tb_AtoresPosicao[[#This Row],[Posicao_Data]]) -> Arthur Lira - Criticou a criação da CPI da Covid - 01/03/2021 | J59: 5 | K59: =_xlfn.XLOOKUP(Tb_AtoresPosicao[[#This Row],[Posicao_Referência]],Tb_AtoresPosicao[Posicao_Id],Tb_AtoresPosicao[DescricaoPosicao],".") -> Arthur Lira - Criticou a criação da CPI da Covid - 27/01/2021
A60: 60 | B60: 34 | C60: =_xlfn.XLOOKUP(Tb_AtoresPosicao[[#This Row],[Ator_Id]],Tb_Atores[Ator_Id],Tb_Atores[Ator_Nome]) -> Rodrigo Pacheco | D60: 44256 | E60: Evitou se posicionar sobre a CPI Covid, mas com viés contra | F60: 1 | G60: =_xlfn.XLOOKUP(Tb_AtoresPosicao[[#This Row],[PosicaoEvento]],Eventos!A:A,Eventos!C:C,".") -> Apresentação do requerimento para criação da CPI | H60: =Tb_AtoresPosicao[[#This Row],[Ator_Nome]]&" - "&Tb_AtoresPosicao[[#This Row],[Posicao_Resumo]]&" - "&TEXT(DAY(Tb_AtoresPosicao[[#This Row],[Posicao_Data]]),"00")&"/"&TEXT(MONTH(Tb_AtoresPosicao[[#This Row],[Posicao_Data]]),"00")&"/"&YEAR(Tb_AtoresPosicao[[#This Row],[Posicao_Data]]) -> Rodrigo Pacheco - Evitou se posicionar sobre a CPI Covid, mas com viés contra - 01/03/2021 | J60: 18 | K60: =_xlfn.XLOOKUP(Tb_AtoresPosicao[[#This Row],[Posicao_Referência]],Tb_AtoresPosicao[Posicao_Id],Tb_AtoresPosicao[DescricaoPosicao],".") -> Rodrigo Pacheco - Evitou se posicionar sobre a CPI Covid, mas com viés contra - 28/01/2021
A61: 61 | B61: 26 | C61: =_xlfn.XLOOKUP(Tb_AtoresPosicao[[#This Row],[Ator_Id]],Tb_Atores[Ator_Id],Tb_Atores[Ator_Nome]) -> Vem Pra Rua | D61: 44258 | E61: Apoiou a criação da CPI da Covid | F61: 1 | G61: =_xlfn.XLOOKUP(Tb_AtoresPosicao[[#This Row],[PosicaoEvento]],Eventos!A:A,Eventos!C:C,".") -> Apresentação do requerimento para criação da CPI | H61: =Tb_AtoresPosicao[[#This Row],[Ator_Nome]]&" - "&Tb_AtoresPosicao[[#This Row],[Posicao_Resumo]]&" - "&TEXT(DAY(Tb_AtoresPosicao[[#This Row],[Posicao_Data]]),"00")&"/"&TEXT(MONTH(Tb_AtoresPosicao[[#This Row],[Posicao_Data]]),"00")&"/"&YEAR(Tb_AtoresPosicao[[#This Row],[Posicao_Data]]) -> Vem Pra Rua - Apoiou a criação da CPI da Covid - 03/03/2021 | I61: Criou site para pressionar pela CPI: https://www.cpidapandemia.org/ | J61: 13 | K61: =_xlfn.XLOOKUP(Tb_AtoresPosicao[[#This Row],[Posicao_Referência]],Tb_AtoresPosicao[Posicao_Id],Tb_AtoresPosicao[DescricaoPosicao],".") -> Vem Pra Rua - Apoiou a criação da CPI da Covid - 19/01/2021
A62: 62 | B62: 34 | C62: =_xlfn.XLOOKUP(Tb_AtoresPosicao[[#This Row],[Ator_Id]],Tb_Atores[Ator_Id],Tb_Atores[Ator_Nome]) -> Rodrigo Pacheco | D62: 44259 | E62: Cobra uma postura mais enérgica do governo sobre a pandemia | F62: . | G62: =_xlfn.XLOOKUP(Tb_AtoresPosicao[[#This Row],[PosicaoEvento]],Eventos!A:A,Eventos!C:C,".") -> . | H62: =Tb_AtoresPosicao[[#This Row],[Ator_Nome]]&" - "&Tb_AtoresPosicao[[#This Row],[Posicao_Resumo]]&" - "&TEXT(DAY(Tb_AtoresPosicao[[#This Row],[Posicao_Data]]),"00")&"/"&TEXT(MONTH(Tb_AtoresPosicao[[#This Row],[Posicao_Data]]),"00")&"/"&YEAR(Tb_AtoresPosicao[[#This Row],[Posicao_Data]]) -> Rodrigo Pacheco - Cobra uma postura mais enérgica do governo sobre a pandemia - 04/03/2021 | J62: . | K62: =_xlfn.XLOOKUP(Tb_AtoresPosicao[[#This Row],[Posicao_Referência]],Tb_AtoresPosicao[Posicao_Id],Tb_AtoresPosicao[DescricaoPosicao],".") -> .
A63: 69 | B63: 32 | C63: =_xlfn.XLOOKUP(Tb_AtoresPosicao[[#This Row],[Ator_Id]],Tb_Atores[Ator_Id],Tb_Atores[Ator_Nome]) -> Jair Bolsonaro | D63: 44259 | E63: Diz 'Chega de frescura e mimimi, vão chorar até quando?' | F63: . | G63: =_xlfn.XLOOKUP(Tb_AtoresPosicao[[#This Row],[PosicaoEvento]],Eventos!A:A,Eventos!C:C,".") -> . | H63: =Tb_AtoresPosicao[[#This Row],[Ator_Nome]]&" - "&Tb_AtoresPosicao[[#This Row],[Posicao_Resumo]]&" - "&TEXT(DAY(Tb_AtoresPosicao[[#This Row],[Posicao_Data]]),"00")&"/"&TEXT(MONTH(Tb_AtoresPosicao[[#This Row],[Posicao_Data]]),"00")&"/"&YEAR(Tb_AtoresPosicao[[#This Row],[Posicao_Data]]) -> Jair Bolsonaro - Diz 'Chega de frescura e mimimi, vão chorar até quando?' - 04/03/2021 | J63: . | K63: =_xlfn.XLOOKUP(Tb_AtoresPosicao[[#This Row],[Posicao_Referência]],Tb_AtoresPosicao[Posicao_Id],Tb_AtoresPosicao[DescricaoPosicao],".") -> .
A64: 70 | B64: 34 | C64: =_xlfn.XLOOKUP(Tb_AtoresPosicao[[#This Row],[Ator_Id]],Tb_Atores[Ator_Id],Tb_Atores[Ator_Nome]) -> Rodrigo Pacheco | D64: 44259 | E64: Criticou veladamente fala de Bolsonaro "Chega de frescura e mimimi" | F64: . | G64: =_xlfn.XLOOKUP(Tb_AtoresPosicao[[#This Row],[PosicaoEvento]],Eventos!A:A,Eventos!C:C,".") -> . | H64: =Tb_AtoresPosicao[[#This Row],[Ator_Nome]]&" - "&Tb_AtoresPosicao[[#This Row],[Posicao_Resumo]]&" - "&TEXT(DAY(Tb_AtoresPosicao[[#This Row],[Posicao_Data]]),"00")&"/"&TEXT(MONTH(Tb_AtoresPosicao[[#This Row],[Posicao_Data]]),"00")&"/"&YEAR(Tb_AtoresPosicao[[#This Row],[Posicao_Data]]) -> Rodrigo Pacheco - Criticou veladamente fala de Bolsonaro "Chega de frescura e mimimi" - 04/03/2021 | J64: 69 | K64: =_xlfn.XLOOKUP(Tb_AtoresPosicao[[#This Row],[Posicao_Referência]],Tb_AtoresPosicao[Posicao_Id],Tb_AtoresPosicao[DescricaoPosicao],".") -> Jair Bolsonaro - Diz 'Chega de frescura e mimimi, vão chorar até quando?' - 04/03/2021
A65: 63 | B65: 116 | C65: =_xlfn.XLOOKUP(Tb_AtoresPosicao[[#This Row],[Ator_Id]],Tb_Atores[Ator_Id],Tb_Atores[Ator_Nome]) -> Folha de S.Paulo | D65: 44261 | E65: Cobra uma postura mais enérgica do governo sobre a pandemia, mas acredita que CPI não é oportuna. | F65: 1 | G65: =_xlfn.XLOOKUP(Tb_AtoresPosicao[[#This Row],[PosicaoEvento]],Eventos!A:A,Eventos!C:C,".") -> Apresentação do requerimento para criação da CPI | H65: =Tb_AtoresPosicao[[#This Row],[Ator_Nome]]&" - "&Tb_AtoresPosicao[[#This Row],[Posicao_Resumo]]&" - "&TEXT(DAY(Tb_AtoresPosicao[[#This Row],[Posicao_Data]]),"00")&"/"&TEXT(MONTH(Tb_AtoresPosicao[[#This Row],[Posicao_Data]]),"00")&"/"&YEAR(Tb_AtoresPosicao[[#This Row],[Posicao_Data]]) -> Folha de S.Paulo - Cobra uma postura mais enérgica do governo sobre a pandemia, mas acredita que CPI não é oportuna. - 06/03/2021 | J65: . | K65: =_xlfn.XLOOKUP(Tb_AtoresPosicao[[#This Row],[Posicao_Referência]],Tb_AtoresPosicao[Posicao_Id],Tb_AtoresPosicao[DescricaoPosicao],".") -> .
A66: 64 | B66: 13 | C66: =_xlfn.XLOOKUP(Tb_AtoresPosicao[[#This Row],[Ator_Id]],Tb_Atores[Ator_Id],Tb_Atores[Ator_Nome]) -> Flávio Bolsonaro | D66: 44261 | E66: Buscou impedira instalação da CPI | F66: 1 | G66: =_xlfn.XLOOKUP(Tb_AtoresPosicao[[#This Row],[PosicaoEvento]],Eventos!A:A,Eventos!C:C,".") -> Apresentação do requerimento para criação da CPI | H66: =Tb_AtoresPosicao[[#This Row],[Ator_Nome]]&" - "&Tb_AtoresPosicao[[#This Row],[Posicao_Resumo]]&" - "&TEXT(DAY(Tb_AtoresPosicao[[#This Row],[Posicao_Data]]),"00")&"/"&TEXT(MONTH(Tb_AtoresPosicao[[#This Row],[Posicao_Data]]),"00")&"/"&YEAR(Tb_AtoresPosicao[[#This Row],[Posicao_Data]]) -> Flávio Bolsonaro - Buscou impedira instalação da CPI - 06/03/2021 | J66: . | K66: =_xlfn.XLOOKUP(Tb_AtoresPosicao[[#This Row],[Posicao_Referência]],Tb_AtoresPosicao[Posicao_Id],Tb_AtoresPosicao[DescricaoPosicao],".") -> .
A67: 66 | B67: 3 | C67: =_xlfn.XLOOKUP(Tb_AtoresPosicao[[#This Row],[Ator_Id]],Tb_Atores[Ator_Id],Tb_Atores[Ator_Nome]) -> Renan Calheiros | D67: 44263 | E67: Apoiou a criação da CPI da Covid | F67: 1 | G67: =_xlfn.XLOOKUP(Tb_AtoresPosicao[[#This Row],[PosicaoEvento]],Eventos!A:A,Eventos!C:C,".") -> Apresentação do requerimento para criação da CPI | H67: =Tb_AtoresPosicao[[#This Row],[Ator_Nome]]&" - "&Tb_AtoresPosicao[[#This Row],[Posicao_Resumo]]&" - "&TEXT(DAY(Tb_AtoresPosicao[[#This Row],[Posicao_Data]]),"00")&"/"&TEXT(MONTH(Tb_AtoresPosicao[[#This Row],[Posicao_Data]]),"00")&"/"&YEAR(Tb_AtoresPosicao[[#This Row],[Posicao_Data]]) -> Renan Calheiros - Apoiou a criação da CPI da Covid - 08/03/2021 | J67: . | K67: =_xlfn.XLOOKUP(Tb_AtoresPosicao[[#This Row],[Posicao_Referência]],Tb_AtoresPosicao[Posicao_Id],Tb_AtoresPosicao[DescricaoPosicao],".") -> .
A68: 67 | B68: 3 | C68: =_xlfn.XLOOKUP(Tb_AtoresPosicao[[#This Row],[Ator_Id]],Tb_Atores[Ator_Id],Tb_Atores[Ator_Nome]) -> Renan Calheiros | D68: 44263 | E68: Apoiou mobilização dos governadores | F68: 13 | G68: =_xlfn.XLOOKUP(Tb_AtoresPosicao[[#This Row],[PosicaoEvento]],Eventos!A:A,Eventos!C:C,".") -> Governadores de 18 Estados divulgam uma carta contra a condução do governo federal | H68: =Tb_AtoresPosicao[[#This Row],[Ator_Nome]]&" - "&Tb_AtoresPosicao[[#This Row],[Posicao_Resumo]]&" - "&TEXT(DAY(Tb_AtoresPosicao[[#This Row],[Posicao_Data]]),"00")&"/"&TEXT(MONTH(Tb_AtoresPosicao[[#This Row],[Posicao_Data]]),"00")&"/"&YEAR(Tb_AtoresPosicao[[#This Row],[Posicao_Data]]) -> Renan Calheiros - Apoiou mobilização dos governadores - 08/03/2021 | J68: . | K68: =_xlfn.XLOOKUP(Tb_AtoresPosicao[[#This Row],[Posicao_Referência]],Tb_AtoresPosicao[Posicao_Id],Tb_AtoresPosicao[DescricaoPosicao],".") -> .
A69: 71 | B69: 32 | C69: =_xlfn.XLOOKUP(Tb_AtoresPosicao[[#This Row],[Ator_Id]],Tb_Atores[Ator_Id],Tb_Atores[Ator_Nome]) -> Jair Bolsonaro | D69: 44263 | E69: Muda postura em relação à vacina e passa a buscar ativamente as empresas farmaceutiscas | F69: . | G69: =_xlfn.XLOOKUP(Tb_AtoresPosicao[[#This Row],[PosicaoEvento]],Eventos!A:A,Eventos!C:C,".") -> . | H69: =Tb_AtoresPosicao[[#This Row],[Ator_Nome]]&" - "&Tb_AtoresPosicao[[#This Row],[Posicao_Resumo]]&" - "&TEXT(DAY(Tb_AtoresPosicao[[#This Row],[Posicao_Data]]),"00")&"/"&TEXT(MONTH(Tb_AtoresPosicao[[#This Row],[Posicao_Data]]),"00")&"/"&YEAR(Tb_AtoresPosicao[[#This Row],[Posicao_Data]]) -> Jair Bolsonaro - Muda postura em relação à vacina e passa a buscar ativamente as empresas farmaceutiscas - 08/03/2021 | J69: . | K69: =_xlfn.XLOOKUP(Tb_AtoresPosicao[[#This Row],[Posicao_Referência]],Tb_AtoresPosicao[Posicao_Id],Tb_AtoresPosicao[DescricaoPosicao],".") -> .
A70: 68 | B70: 117 | C70: =_xlfn.XLOOKUP(Tb_AtoresPosicao[[#This Row],[Ator_Id]],Tb_Atores[Ator_Id],Tb_Atores[Ator_Nome]) -> Kátia Abreu | D70: 44264 | E70: Defendeu o uso do Exército para garantir o Lockdown | F70: . | G70: =_xlfn.XLOOKUP(Tb_AtoresPosicao[[#This Row],[PosicaoEvento]],Eventos!A:A,Eventos!C:C,".") -> . | H70: =Tb_AtoresPosicao[[#This Row],[Ator_Nome]]&" - "&Tb_AtoresPosicao[[#This Row],[Posicao_Resumo]]&" - "&TEXT(DAY(Tb_AtoresPosicao[[#This Row],[Posicao_Data]]),"00")&"/"&TEXT(MONTH(Tb_AtoresPosicao[[#This Row],[Posicao_Data]]),"00")&"/"&YEAR(Tb_AtoresPosicao[[#This Row],[Posicao_Data]]) -> Kátia Abreu - Defendeu o uso do Exército para garantir o Lockdown - 09/03/2021 | J70: . | K70: =_xlfn.XLOOKUP(Tb_AtoresPosicao[[#This Row],[Posicao_Referência]],Tb_AtoresPosicao[Posicao_Id],Tb_AtoresPosicao[DescricaoPosicao],".") -> .
A71: 72 | B71: 34 | C71: =_xlfn.XLOOKUP(Tb_AtoresPosicao[[#This Row],[Ator_Id]],Tb_Atores[Ator_Id],Tb_Atores[Ator_Nome]) -> Rodrigo Pacheco | D71: 44265 | E71: Evitou se posicionar sobre a CPI Covid, mas com viés contra | F71: . | G71: =_xlfn.XLOOKUP(Tb_AtoresPosicao[[#This Row],[PosicaoEvento]],Eventos!A:A,Eventos!C:C,".") -> . | H71: =Tb_AtoresPosicao[[#This Row],[Ator_Nome]]&" - "&Tb_AtoresPosicao[[#This Row],[Posicao_Resumo]]&" - "&TEXT(DAY(Tb_AtoresPosicao[[#This Row],[Posicao_Data]]),"00")&"/"&TEXT(MONTH(Tb_AtoresPosicao[[#This Row],[Posicao_Data]]),"00")&"/"&YEAR(Tb_AtoresPosicao[[#This Row],[Posicao_Data]]) -> Rodrigo Pacheco - Evitou se posicionar sobre a CPI Covid, mas com viés contra - 10/03/2021 | J71: 18 | K71: =_xlfn.XLOOKUP(Tb_AtoresPosicao[[#This Row],[Posicao_Referência]],Tb_AtoresPosicao[Posicao_Id],Tb_AtoresPosicao[DescricaoPosicao],".") -> Rodrigo Pacheco - Evitou se posicionar sobre a CPI Covid, mas com viés contra - 28/01/2021
A72: 73 | B72: 118 | C72: =_xlfn.XLOOKUP(Tb_AtoresPosicao[[#This Row],[Ator_Id]],Tb_Atores[Ator_Id],Tb_Atores[Ator_Nome]) -> Instituto dos Advogados Brasileiros (IAB) | D72: 44266 | E72: Apoiou ação da OAB junto à PGR | F72: 18 | G72: =_xlfn.XLOOKUP(Tb_AtoresPosicao[[#This Row],[PosicaoEvento]],Eventos!A:A,Eventos!C:C,".") -> OAB entra com pedido de investigação na PGR contra governo por ações e omissões na pandemia | H72: =Tb_AtoresPosicao[[#This Row],[Ator_Nome]]&" - "&Tb_AtoresPosicao[[#This Row],[Posicao_Resumo]]&" - "&TEXT(DAY(Tb_AtoresPosicao[[#This Row],[Posicao_Data]]),"00")&"/"&TEXT(MONTH(Tb_AtoresPosicao[[#This Row],[Posicao_Data]]),"00")&"/"&YEAR(Tb_AtoresPosicao[[#This Row],[Posicao_Data]]) -> Instituto dos Advogados Brasileiros (IAB) - Apoiou ação da OAB junto à PGR - 11/03/2021 | J72: . | K72: =_xlfn.XLOOKUP(Tb_AtoresPosicao[[#This Row],[Posicao_Referência]],Tb_AtoresPosicao[Posicao_Id],Tb_AtoresPosicao[DescricaoPosicao],".") -> .
A73: 74 | B73: 118 | C73: =_xlfn.XLOOKUP(Tb_AtoresPosicao[[#This Row],[Ator_Id]],Tb_Atores[Ator_Id],Tb_Atores[Ator_Nome]) -> Instituto dos Advogados Brasileiros (IAB) | D73: 44266 | E73: Apoiou a criação da CPI da Covid | F73: 1 | G73: =_xlfn.XLOOKUP(Tb_AtoresPosicao[[#This Row],[PosicaoEvento]],Eventos!A:A,Eventos!C:C,".") -> Apresentação do requerimento para criação da CPI | H73: =Tb_AtoresPosicao[[#This Row],[Ator_Nome]]&" - "&Tb_AtoresPosicao[[#This Row],[Posicao_Resumo]]&" - "&TEXT(DAY(Tb_AtoresPosicao[[#This Row],[Posicao_Data]]),"00")&"/"&TEXT(MONTH(Tb_AtoresPosicao[[#This Row],[Posicao_Data]]),"00")&"/"&YEAR(Tb_AtoresPosicao[[#This Row],[Posicao_Data]]) -> Instituto dos Advogados Brasileiros (IAB) - Apoiou a criação da CPI da Covid - 11/03/2021 | J73: . | K73: =_xlfn.XLOOKUP(Tb_AtoresPosicao[[#This Row],[Posicao_Referência]],Tb_AtoresPosicao[Posicao_Id],Tb_AtoresPosicao[DescricaoPosicao],".") -> .
A74: 75 | B74: 9 | C74: =_xlfn.XLOOKUP(Tb_AtoresPosicao[[#This Row],[Ator_Id]],Tb_Atores[Ator_Id],Tb_Atores[Ator_Nome]) -> Marcos Rogério | D74: 44267 | E74: Criticou a criação da CPI da Covid, preferindo como alternativa a criação de um "comitê nacional" | F74: 1 | G74: =_xlfn.XLOOKUP(Tb_AtoresPosicao[[#This Row],[PosicaoEvento]],Eventos!A:A,Eventos!C:C,".") -> Apresentação do requerimento para criação da CPI | H74: =Tb_AtoresPosicao[[#This Row],[Ator_Nome]]&" - "&Tb_AtoresPosicao[[#This Row],[Posicao_Resumo]]&" - "&TEXT(DAY(Tb_AtoresPosicao[[#This Row],[Posicao_Data]]),"00")&"/"&TEXT(MONTH(Tb_AtoresPosicao[[#This Row],[Posicao_Data]]),"00")&"/"&YEAR(Tb_AtoresPosicao[[#This Row],[Posicao_Data]]) -> Marcos Rogério - Criticou a criação da CPI da Covid, preferindo como alternativa a criação de um "comitê nacional" - 12/03/2021 | J74: . | K74: =_xlfn.XLOOKUP(Tb_AtoresPosicao[[#This Row],[Posicao_Referência]],Tb_AtoresPosicao[Posicao_Id],Tb_AtoresPosicao[DescricaoPosicao],".") -> .
A75: 76 | B75: 54 | C75: =_xlfn.XLOOKUP(Tb_AtoresPosicao[[#This Row],[Ator_Id]],Tb_Atores[Ator_Id],Tb_Atores[Ator_Nome]) -> José Serra | D75: 44268 | E75: Apoiou a criação da CPI da Covid | F75: 1 | G75: =_xlfn.XLOOKUP(Tb_AtoresPosicao[[#This Row],[PosicaoEvento]],Eventos!A:A,Eventos!C:C,".") -> Apresentação do requerimento para criação da CPI | H75: =Tb_AtoresPosicao[[#This Row],[Ator_Nome]]&" - "&Tb_AtoresPosicao[[#This Row],[Posicao_Resumo]]&" - "&TEXT(DAY(Tb_AtoresPosicao[[#This Row],[Posicao_Data]]),"00")&"/"&TEXT(MONTH(Tb_AtoresPosicao[[#This Row],[Posicao_Data]]),"00")&"/"&YEAR(Tb_AtoresPosicao[[#This Row],[Posicao_Data]]) -> José Serra - Apoiou a criação da CPI da Covid - 13/03/2021 | J75: . | K75: =_xlfn.XLOOKUP(Tb_AtoresPosicao[[#This Row],[Posicao_Referência]],Tb_AtoresPosicao[Posicao_Id],Tb_AtoresPosicao[DescricaoPosicao],".") -> .
A76: 77 | B76: 95 | C76: =_xlfn.XLOOKUP(Tb_AtoresPosicao[[#This Row],[Ator_Id]],Tb_Atores[Ator_Id],Tb_Atores[Ator_Nome]) -> Estadão | D76: 44269 | E76: Apoiou a criação da CPI da Covid | F76: 1 | G76: =_xlfn.XLOOKUP(Tb_AtoresPosicao[[#This Row],[PosicaoEvento]],Eventos!A:A,Eventos!C:C,".") -> Apresentação do requerimento para criação da CPI | H76: =Tb_AtoresPosicao[[#This Row],[Ator_Nome]]&" - "&Tb_AtoresPosicao[[#This Row],[Posicao_Resumo]]&" - "&TEXT(DAY(Tb_AtoresPosicao[[#This Row],[Posicao_Data]]),"00")&"/"&TEXT(MONTH(Tb_AtoresPosicao[[#This Row],[Posicao_Data]]),"00")&"/"&YEAR(Tb_AtoresPosicao[[#This Row],[Posicao_Data]]) -> Estadão - Apoiou a criação da CPI da Covid - 14/03/2021 | J76: 57 | K76: =_xlfn.XLOOKUP(Tb_AtoresPosicao[[#This Row],[Posicao_Referência]],Tb_AtoresPosicao[Posicao_Id],Tb_AtoresPosicao[DescricaoPosicao],".") -> Estadão - Apoiou a criação da CPI da Covid - 27/03/2021
A77: 78 | B77: 33 | C77: =_xlfn.XLOOKUP(Tb_AtoresPosicao[[#This Row],[Ator_Id]],Tb_Atores[Ator_Id],Tb_Atores[Ator_Nome]) -> Arthur Lira | D77: 44270 | E77: Criticou a criação da CPI da Covid | F77: 1 | G77: =_xlfn.XLOOKUP(Tb_AtoresPosicao[[#This Row],[PosicaoEvento]],Eventos!A:A,Eventos!C:C,".") -> Apresentação do requerimento para criação da CPI | H77: =Tb_AtoresPosicao[[#This Row],[Ator_Nome]]&" - "&Tb_AtoresPosicao[[#This Row],[Posicao_Resumo]]&" - "&TEXT(DAY(Tb_AtoresPosicao[[#This Row],[Posicao_Data]]),"00")&"/"&TEXT(MONTH(Tb_AtoresPosicao[[#This Row],[Posicao_Data]]),"00")&"/"&YEAR(Tb_AtoresPosicao[[#This Row],[Posicao_Data]]) -> Arthur Lira - Criticou a criação da CPI da Covid - 15/03/2021 | K77: =_xlfn.XLOOKUP(Tb_AtoresPosicao[[#This Row],[Posicao_Referência]],Tb_AtoresPosicao[Posicao_Id],Tb_AtoresPosicao[DescricaoPosicao],".") -> .
A78: 79 | B78: 34 | C78: =_xlfn.XLOOKUP(Tb_AtoresPosicao[[#This Row],[Ator_Id]],Tb_Atores[Ator_Id],Tb_Atores[Ator_Nome]) -> Rodrigo Pacheco | D78: 44270 | E78: Criticou a criação da CPI da Covid | F78: 1 | G78: =_xlfn.XLOOKUP(Tb_AtoresPosicao[[#This Row],[PosicaoEvento]],Eventos!A:A,Eventos!C:C,".") -> Apresentação do requerimento para criação da CPI | H78: =Tb_AtoresPosicao[[#This Row],[Ator_Nome]]&" - "&Tb_AtoresPosicao[[#This Row],[Posicao_Resumo]]&" - "&TEXT(DAY(Tb_AtoresPosicao[[#This Row],[Posicao_Data]]),"00")&"/"&TEXT(MONTH(Tb_AtoresPosicao[[#This Row],[Posicao_Data]]),"00")&"/"&YEAR(Tb_AtoresPosicao[[#This Row],[Posicao_Data]]) -> Rodrigo Pacheco - Criticou a criação da CPI da Covid - 15/03/2021 | J78: 18 | K78: =_xlfn.XLOOKUP(Tb_AtoresPosicao[[#This Row],[Posicao_Referência]],Tb_AtoresPosicao[Posicao_Id],Tb_AtoresPosicao[DescricaoPosicao],".") -> Rodrigo Pacheco - Evitou se posicionar sobre a CPI Covid, mas com viés contra - 28/01/2021
A79: 80 | B79: 92 | C79: =_xlfn.XLOOKUP(Tb_AtoresPosicao[[#This Row],[Ator_Id]],Tb_Atores[Ator_Id],Tb_Atores[Ator_Nome]) -> Governo | D79: 44270 | E79: Propôes a troca de Pazuello como forma de evitar a CPI Covid | F79: 1 | G79: =_xlfn.XLOOKUP(Tb_AtoresPosicao[[#This Row],[PosicaoEvento]],Eventos!A:A,Eventos!C:C,".") -> Apresentação do requerimento para criação da CPI | H79: =Tb_AtoresPosicao[[#This Row],[Ator_Nome]]&" - "&Tb_AtoresPosicao[[#This Row],[Posicao_Resumo]]&" - "&TEXT(DAY(Tb_AtoresPosicao[[#This Row],[Posicao_Data]]),"00")&"/"&TEXT(MONTH(Tb_AtoresPosicao[[#This Row],[Posicao_Data]]),"00")&"/"&YEAR(Tb_AtoresPosicao[[#This Row],[Posicao_Data]]) -> Governo - Propôes a troca de Pazuello como forma de evitar a CPI Covid - 15/03/2021 | K79: =_xlfn.XLOOKUP(Tb_AtoresPosicao[[#This Row],[Posicao_Referência]],Tb_AtoresPosicao[Posicao_Id],Tb_AtoresPosicao[DescricaoPosicao],".") -> .
A80: 86 | B80: 32 | C80: =_xlfn.XLOOKUP(Tb_AtoresPosicao[[#This Row],[Ator_Id]],Tb_Atores[Ator_Id],Tb_Atores[Ator_Nome]) -> Jair Bolsonaro | D80: 44270 | E80: Rejeita indicada do "centrão", Ludhmila Hajjar, para o MS | G80: =_xlfn.XLOOKUP(Tb_AtoresPosicao[[#This Row],[PosicaoEvento]],Eventos!A:A,Eventos!C:C,".") -> 0 | H80: =Tb_AtoresPosicao[[#This Row],[Ator_Nome]]&" - "&Tb_AtoresPosicao[[#This Row],[Posicao_Resumo]]&" - "&TEXT(DAY(Tb_AtoresPosicao[[#This Row],[Posicao_Data]]),"00")&"/"&TEXT(MONTH(Tb_AtoresPosicao[[#This Row],[Posicao_Data]]),"00")&"/"&YEAR(Tb_AtoresPosicao[[#This Row],[Posicao_Data]]) -> Jair Bolsonaro - Rejeita indicada do "centrão", Ludhmila Hajjar, para o MS - 15/03/2021 | K80: =_xlfn.XLOOKUP(Tb_AtoresPosicao[[#This Row],[Posicao_Referência]],Tb_AtoresPosicao[Posicao_Id],Tb_AtoresPosicao[DescricaoPosicao],".") -> .
A81: 81 | B81: 16 | C81: =_xlfn.XLOOKUP(Tb_AtoresPosicao[[#This Row],[Ator_Id]],Tb_Atores[Ator_Id],Tb_Atores[Ator_Nome]) -> Fernando Bezerra Coelho | D81: 44271 | E81: Disse que com a troca de Pazuello, não há motivo para CPI | F81: 22 | G81: =_xlfn.XLOOKUP(Tb_AtoresPosicao[[#This Row],[PosicaoEvento]],Eventos!A:A,Eventos!C:C,".") -> Eduardo Pazuello deixa Ministério da Saúde | H81: =Tb_AtoresPosicao[[#This Row],[Ator_Nome]]&" - "&Tb_AtoresPosicao[[#This Row],[Posicao_Resumo]]&" - "&TEXT(DAY(Tb_AtoresPosicao[[#This Row],[Posicao_Data]]),"00")&"/"&TEXT(MONTH(Tb_AtoresPosicao[[#This Row],[Posicao_Data]]),"00")&"/"&YEAR(Tb_AtoresPosicao[[#This Row],[Posicao_Data]]) -> Fernando Bezerra Coelho - Disse que com a troca de Pazuello, não há motivo para CPI - 16/03/2021 | J81: 80 | K81: =_xlfn.XLOOKUP(Tb_AtoresPosicao[[#This Row],[Posicao_Referência]],Tb_AtoresPosicao[Posicao_Id],Tb_AtoresPosicao[DescricaoPosicao],".") -> Governo - Propôes a troca de Pazuello como forma de evitar a CPI Covid - 15/03/2021
A82: 82 | B82: 34 | C82: =_xlfn.XLOOKUP(Tb_AtoresPosicao[[#This Row],[Ator_Id]],Tb_Atores[Ator_Id],Tb_Atores[Ator_Nome]) -> Rodrigo Pacheco | D82: 44273 | E82: Criticou a criação da CPI da Covid, preferindo como alternativa a criação de um "comitê nacional" | F82: 1 | G82: =_xlfn.XLOOKUP(Tb_AtoresPosicao[[#This Row],[PosicaoEvento]],Eventos!A:A,Eventos!C:C,".") -> Apresentação do requerimento para criação da CPI | H82: =Tb_AtoresPosicao[[#This Row],[Ator_Nome]]&" - "&Tb_AtoresPosicao[[#This Row],[Posicao_Resumo]]&" - "&TEXT(DAY(Tb_AtoresPosicao[[#This Row],[Posicao_Data]]),"00")&"/"&TEXT(MONTH(Tb_AtoresPosicao[[#This Row],[Posicao_Data]]),"00")&"/"&YEAR(Tb_AtoresPosicao[[#This Row],[Posicao_Data]]) -> Rodrigo Pacheco - Criticou a criação da CPI da Covid, preferindo como alternativa a criação de um "comitê nacional" - 18/03/2021 | J82: 18 | K82: =_xlfn.XLOOKUP(Tb_AtoresPosicao[[#This Row],[Posicao_Referência]],Tb_AtoresPosicao[Posicao_Id],Tb_AtoresPosicao[DescricaoPosicao],".") -> Rodrigo Pacheco - Evitou se posicionar sobre a CPI Covid, mas com viés contra - 28/01/2021
A83: 83 | B83: 36 | C83: =_xlfn.XLOOKUP(Tb_AtoresPosicao[[#This Row],[Ator_Id]],Tb_Atores[Ator_Id],Tb_Atores[Ator_Nome]) -> Simone Tebet | D83: 44274 | E83: Publicou carta defendendo a instalação da CPI da Covid | F83: 1 | G83: =_xlfn.XLOOKUP(Tb_AtoresPosicao[[#This Row],[PosicaoEvento]],Eventos!A:A,Eventos!C:C,".") -> Apresentação do requerimento para criação da CPI | H83: =Tb_AtoresPosicao[[#This Row],[Ator_Nome]]&" - "&Tb_AtoresPosicao[[#This Row],[Posicao_Resumo]]&" - "&TEXT(DAY(Tb_AtoresPosicao[[#This Row],[Posicao_Data]]),"00")&"/"&TEXT(MONTH(Tb_AtoresPosicao[[#This Row],[Posicao_Data]]),"00")&"/"&YEAR(Tb_AtoresPosicao[[#This Row],[Posicao_Data]]) -> Simone Tebet - Publicou carta defendendo a instalação da CPI da Covid - 19/03/2021 | K83: =_xlfn.XLOOKUP(Tb_AtoresPosicao[[#This Row],[Posicao_Referência]],Tb_AtoresPosicao[Posicao_Id],Tb_AtoresPosicao[DescricaoPosicao],".") -> .
A84: 84 | B84: 32 | C84: =_xlfn.XLOOKUP(Tb_AtoresPosicao[[#This Row],[Ator_Id]],Tb_Atores[Ator_Id],Tb_Atores[Ator_Nome]) -> Jair Bolsonaro | D84: 44274 | E84: Defendeu Estado de Sítio contra as medidas de Lockdown | F84: . | G84: =_xlfn.XLOOKUP(Tb_AtoresPosicao[[#This Row],[PosicaoEvento]],Eventos!A:A,Eventos!C:C,".") -> . | H84: =Tb_AtoresPosicao[[#This Row],[Ator_Nome]]&" - "&Tb_AtoresPosicao[[#This Row],[Posicao_Resumo]]&" - "&TEXT(DAY(Tb_AtoresPosicao[[#This Row],[Posicao_Data]]),"00")&"/"&TEXT(MONTH(Tb_AtoresPosicao[[#This Row],[Posicao_Data]]),"00")&"/"&YEAR(Tb_AtoresPosicao[[#This Row],[Posicao_Data]]) -> Jair Bolsonaro - Defendeu Estado de Sítio contra as medidas de Lockdown - 19/03/2021 | K84: =_xlfn.XLOOKUP(Tb_AtoresPosicao[[#This Row],[Posicao_Referência]],Tb_AtoresPosicao[Posicao_Id],Tb_AtoresPosicao[DescricaoPosicao],".") -> .
A85: 85 | B85: 34 | C85: =_xlfn.XLOOKUP(Tb_AtoresPosicao[[#This Row],[Ator_Id]],Tb_Atores[Ator_Id],Tb_Atores[Ator_Nome]) -> Rodrigo Pacheco | D85: 44274 | E85: Criticou Estado de Sítio | F85: . | G85: =_xlfn.XLOOKUP(Tb_AtoresPosicao[[#This Row],[PosicaoEvento]],Eventos!A:A,Eventos!C:C,".") -> . | H85: =Tb_AtoresPosicao[[#This Row],[Ator_Nome]]&" - "&Tb_AtoresPosicao[[#This Row],[Posicao_Resumo]]&" - "&TEXT(DAY(Tb_AtoresPosicao[[#This Row],[Posicao_Data]]),"00")&"/"&TEXT(MONTH(Tb_AtoresPosicao[[#This Row],[Posicao_Data]]),"00")&"/"&YEAR(Tb_AtoresPosicao[[#This Row],[Posicao_Data]]) -> Rodrigo Pacheco - Criticou Estado de Sítio - 19/03/2021 | J85: 84 | K85: =_xlfn.XLOOKUP(Tb_AtoresPosicao[[#This Row],[Posicao_Referência]],Tb_AtoresPosicao[Posicao_Id],Tb_AtoresPosicao[DescricaoPosicao],".") -> Jair Bolsonaro - Defendeu Estado de Sítio contra as medidas de Lockdown - 19/03/2021
A86: 87 | B86: 122 | C86: =_xlfn.XLOOKUP(Tb_AtoresPosicao[[#This Row],[Ator_Id]],Tb_Atores[Ator_Id],Tb_Atores[Ator_Nome]) -> Marcelo Ramos | D86: 44276 | E86: Representando o Centrão, disse que o novo ministro da saúde não seria tratado com indulgência | F86: 27 | G86: =_xlfn.XLOOKUP(Tb_AtoresPosicao[[#This Row],[PosicaoEvento]],Eventos!A:A,Eventos!C:C,".") -> Governo anuncia Marcelo Queiroga como novo ministro da Saúde | H86: =Tb_AtoresPosicao[[#This Row],[Ator_Nome]]&" - "&Tb_AtoresPosicao[[#This Row],[Posicao_Resumo]]&" - "&TEXT(DAY(Tb_AtoresPosicao[[#This Row],[Posicao_Data]]),"00")&"/"&TEXT(MONTH(Tb_AtoresPosicao[[#This Row],[Posicao_Data]]),"00")&"/"&YEAR(Tb_AtoresPosicao[[#This Row],[Posicao_Data]]) -> Marcelo Ramos - Representando o Centrão, disse que o novo ministro da saúde não seria tratado com indulgência - 21/03/2021 | K86: =_xlfn.XLOOKUP(Tb_AtoresPosicao[[#This Row],[Posicao_Referência]],Tb_AtoresPosicao[Posicao_Id],Tb_AtoresPosicao[DescricaoPosicao],".") -> .
